Workbook
Name AsistenciaSocial: 'NORMAS SUSTANTIVAS'!$C$4
Name OSC: 'NORMAS TRANSVERSALES'!$F$15

Sheet NORMAS TRANSVERSALES
A1: Nombre del Sujeto Obligado: | B1: DIF Chihuahua
A2: Normativa: | B2: Ley de Transparencia y Acceso a la Información Pública del Estado de Chihuahua
A3: Formato: | B3: Normatividad aplicable
A4: Periodos: | B4: 1er trimestre
A6: ID | B6: Ejercicio | C6: Fecha de Inicio Del Periodo Que Se Informa | D6: Fecha de Término Del Periodo Que Se Informa | E6: Tipo de Normatividad (catálogo) | F6: DENOMINACIÓN DE LA NORMA QUE SE REPORTA | G6: ARTICULOS | H6: Fecha de Publicación en Dof U Otro Medio Oficial O Institucional | I6: Fecha de Última Modificación, en su Caso | J6: Hipervínculo Al Documento de La Norma | K6: Área(s) Responsable(s) Que Genera(n), Posee(n), Publica(n) Y Actualizan La Información | L6: Fecha de Validación | M6: Fecha de Actualización
A7: 23969153 | B7: 2019 | C7: 43466 | D7: 43555 | E7: CONSTITUCIÓN POLÍTICA DE LOS ESTADOS UNIDOS MEXICANOS | F7: CONSTITUCIÓN POLÍTICA DE LOS ESTADOS UNIDOS MEXICANOS | G7: ARTICULO 6,73,79 | H7: 43339 | I7: 43567 | J7: http://www.diputados.gob.mx/LeyesBiblio/pdf/1_120419.pdf | K7: JURIDICO | L7: 43581 | M7: 43555
A8: 23969154 | B8: 2019 | C8: 43466 | D8: 43555 | E8: CONSTITUCIÓN POLÍTICA DE LA ENTIDAD FEDERATIVA | F8: CONSTITUCIÓN POLÍTICA DEL ESTADO LIBRE Y SOBERANO DE CHIHUAHUA | G8: ARTICULO 4,83,132,165 | H8: 43428 | I8: 43540 | J8: http://www.congresochihuahua2.gob.mx/biblioteca/constitucion/archivosConstitucion/actual.pdf | K8: JURIDICO | L8: 43581 | M8: 43555
A9: 23969155 | B9: 2019 | C9: 43466 | D9: 43555 | E9: TRATADO INTERNACIONAL | F9: CONVENCIÓN AMERICANA SOBRE DERECHOS HUMANOS | H9: 25529 | I9: 25529 | J9: https://www.gob.mx/cms/uploads/attachment/file/119351/Americana_sobre_Derechos_Humanos.pdf | K9: JURIDICO | L9: 43581 | M9: 43555
A10: 23969156 | B10: 2019 | C10: 43466 | D10: 43555 | E10: CODIGO | F10: CÓDIGO ADMINISTRATIVO DEL ESTADO DE CHIHUAHUA | G10: ARTICULO 689,1284,1286,1634,1637, 1655(VI), 1649,1666,1696,1706,1707 | H10: 27262 | I10: 43239 | J10: http://www.congresochihuahua2.gob.mx/biblioteca/codigos/archivosCodigos/9.pdf | K10: JURIDICO | L10: 43581 | M10: 43555
A11: 23969157 | B11: 2019 | C11: 43466 | D11: 43555 | E11: CODIGO | F11: CÓDIGO CIVIL DEL ESTADO DE CHIHUAHUA | G11: ARTICULO 39,42,78,240,1475 | H11: 27111 | I11: 43250 | J11: http://www.congresochihuahua2.gob.mx/biblioteca/codigos/archivosCodigos/13.pdf | K11: JURIDICO | L11: 43581 | M11: 43555
A12: 23969158 | B12: 2019 | C12: 43466 | D12: 43555 | E12: CODIGO | F12: CÓDIGO DE PROCEDIMIENTOS CIVILES DEL ESTADO CHIHUAHUA. | G12: ARTICULO 97,244,296,299,302,304,306 | H12: 41843 | I12: 42788 | J12: http://www.congresochihuahua2.gob.mx/biblioteca/codigos/archivosCodigos/62.pdf | K12: JURIDICO | L12: 43581 | M12: 43555
A13: 23969159 | B13: 2019 | C13: 43466 | D13: 43555 | E13: CODIGO | F13: CÓDIGO FISCAL DE LA FEDERACIÓN | G13: ARTICULO 6,15,17,18,28,30,41A,45,46,48,53,59,61,63,67,69B,70,103,105,111,130,134,143,156,182, | J13: http://www.ordenjuridico.gob.mx/Documentos/Federal/pdf/wo56.pdf | K13: JURIDICO | L13: 43581 | M13: 43555
A14: 23969160 | B14: 2019 | C14: 43466 | D14: 43555 | E14: CODIGO | F14: CÓDIGO MUNICIPAL PARA EL ESTADO DE CHIHUAHUA | G14: ARTICULO 25,28,36,50,60,63,64,110,168 | H14: 35021 | I14: 43540 | J14: http://www.congresochihuahua2.gob.mx/biblioteca/codigos/archivosCodigos/19.pdf | K14: JURIDICO | L14: 43581 | M14: 43555
A15: 23969162 | B15: 2019 | C15: 43466 | D15: 43555 | E15: LEY FEDERAL | F15: LEY FEDERAL DE FOMENTO A LAS ACTIVIDADES REALIZADAS POR ORGANIZACIONES DE LA SOCIEDAD CIVIL | G15: ARTICULO 7,14,16,19,20,23,30, | H15: 38026 | I15: 43214 | J15: http://www.ordenjuridico.gob.mx/Documentos/Federal/pdf/wo5435.pdf | K15: JURIDICO | L15: 43581 | M15: 43555
A16: 23969163 | B16: 2019 | C16: 43466 | D16: 43555 | E16: LEY FEDERAL | F16: LEY DE INGRESOS DE LA FEDERACIÓN PARA EL EJERCICIO FISCAL DE 2019 | G16: ARTICULO 25,31, | H16: 43462 | I16: 43462 | J16: http://www.ordenjuridico.gob.mx/Documentos/Federal/pdf/wo120924.pdf | K16: JURIDICO | L16: 43581 | M16: 43555
A17: 23969164 | B17: 2019 | C17: 43466 | D17: 43555 | E17: LEY FEDERAL | F17: LEY ORGÁNICA DE LA ADMINISTRACIÓN PÚBLICA FEDERAL | G17: ARTICULO 19,20,27 | H17: 28123 | I17: 43696 | J17: http://www.ordenjuridico.gob.mx/Documentos/Federal/pdf/wo13235.pdf | K17: JURIDICO | L17: 43581 | M17: 43555
A18: 23969165 | B18: 2019 | C18: 43466 | D18: 43555 | E18: LEY FEDERAL | F18: LEY DEL IMPUESTO SOBRE LA RENTA | G18: ARTICULO 7,17,27,28,36,29,82,91,93,126,147,151,154,161,174, | H18: 41619 | I18: 42704 | J18: http://www.ordenjuridico.gob.mx/Documentos/Federal/pdf/wo25.pdf | K18: JURIDICO | L18: 43581 | M18: 43555
A19: 23969166 | B19: 2019 | C19: 43466 | D19: 43555 | E19: LEY FEDERAL | F19: LEY FEDERAL DEL TRABAJO | G19: ARTICULO 365,373,377,385,391,415,684,701,720 | H19: 25659 | I19: 43648 | J19: http://www.ordenjuridico.gob.mx/Documentos/Federal/pdf/wo9059.pdf | K19: JURIDICO | L19: 43581 | M19: 43555
A20: 23969167 | B20: 2019 | C20: 43466 | D20: 43555 | E20: LEY FEDERAL | F20: LEY FEDERAL DE RESPONSABILIDADES DE LOS SERVIDORES PÚBLICOS | G20: ARTICULO 15,37 (23 ESTATAL) | H20: 30316 | I20: 42569 | J20: http://www.ordenjuridico.gob.mx/Documentos/Federal/pdf/wo9058.pdf | K20: JURIDICO | L20: 43581 | M20: 43555
A21: 23969168 | B21: 2019 | C21: 43466 | D21: 43555 | E21: LEY FEDERAL | F21: LEY DEL IMPUESTO AL VALOR AGREGADO | G21: ARTICULO 1B,1C,5,7,9,15 | H21: 28853 | I21: 42704 | J21: http://www.ordenjuridico.gob.mx/Documentos/Federal/pdf/wo22.pdf | K21: JURIDICO | L21: 43581 | M21: 43555
A22: 23969169 | B22: 2019 | C22: 43466 | D22: 43555 | E22: LEY FEDERAL | F22: LEY DEL SEGURO SOCIAL | G22: ARTICULO 8,15,18,22,74,165,251,286L,254,304,113 | H22: 35054 | I22: 43648 | J22: http://www.ordenjuridico.gob.mx/Documentos/Federal/pdf/wo9056.pdf | K22: JURIDICO | L22: 43581 | M22: 43555
A23: 23969170 | B23: 2019 | C23: 43466 | D23: 43555 | E23: LEY FEDERAL | F23: LEY DE FISCALIZACIÓN Y RENDICIÓN DE CUENTAS DE LA FEDERACIÓN | G23: ARTICULO 2,9,10,17,20,22,23,30,42,60,75,84,107 | H23: 42569 | I23: 42539 | J23: http://www.diputados.gob.mx/LeyesBiblio/pdf/LFRCF.pdf | K23: JURIDICO | L23: 43581 | M23: 43555
A24: 23969171 | B24: 2019 | C24: 43466 | D24: 43555 | E24: LEY GENERAL | F24: LEY GENERAL DE COMUNICACION SOCIAL | G24: ARTICULO 25,5,33 | H24: 43231 | I24: 43231 | J24: http://www.ordenjuridico.gob.mx/Documentos/Federal/pdf/wo120890.pdf | K24: JURIDICO | L24: 43581 | M24: 43555
A25: 23969172 | B25: 2019 | C25: 43466 | D25: 43555 | E25: LEY GENERAL | F25: LEY GENERAL DE ARCHIVOS | G25: COMPLETO | H25: 06/15/2018 | I25: 06/15/2018 | J25: http://www.ordenjuridico.gob.mx/Documentos/Federal/pdf/wo120902.pdf | K25: JURIDICO | L25: 43581 | M25: 43555 | Y25: ='NORMAS TRANSVERSALES'!F537 -> 0
A26: 23969173 | B26: 2019 | C26: 43466 | D26: 43555 | E26: LEY GENERAL | F26: LEY GENERAL DE CONTABILIDAD GUBERNAMENTAL | G26: ARTUCULO 11,42,43,58,60,61,62,63,64,67,70,85 | H26: 43130 | I26: 43130 | J26: http://www.diputados.gob.mx/LeyesBiblio/pdf/LGCG_300118.pdf | K26: JURIDICO | L26: 43581 | M26: 43555
A27: 23969174 | B27: 2019 | C27: 43466 | D27: 43555 | E27: LEY GENERAL | F27: LEY GENERAL DE PROTECCIÓN DE DATOS PERSONALES EN POSESIÓN DE SUJETOS OBLIGADOS | G27: COMPLETO | H27: 42761 | I27: 42761 | J27: http://www.ordenjuridico.gob.mx/Documentos/Federal/pdf/wo119547.pdf | K27: JURIDICO | L27: 43581 | M27: 43555
A28: 23969175 | B28: 2019 | C28: 43466 | D28: 43555 | E28: LEY LOCAL | F28: LEY ESTATAL DE EDUCACIÓN | G28: ARTICULO 170,193,231 | H28: 35791 | I28: 43708 | J28: http://www.congresochihuahua2.gob.mx/biblioteca/leyes/archivosLeyes/1259.pdf | K28: JURIDICO | L28: 43581 | M28: 43555
A29: 23969176 | B29: 2019 | C29: 43466 | D29: 43555 | E29: LEY LOCAL | F29: LEY DE PROTECCIÓN CIVIL DEL ESTADO DE CHIHUAHUA | G29: ARTICULO 12,22,28,73,81,114 | H29: 42242 | I29: 43099 | J29: http://www.congresochihuahua2.gob.mx/biblioteca/leyes/archivosLeyes/1174.pdf | K29: JURIDICO | L29: 43581 | M29: 43555
A30: 23969177 | B30: 2019 | C30: 43466 | D30: 43555 | E30: LEY LOCAL | F30: LEY DE PLANEACION DEL ESTADO DE CHIHUAHUA | G30: ARTICULO 11, 25, | H30: 32512 | I30: 43229 | J30: http://www.congresochihuahua2.gob.mx/biblioteca/leyes/archivosLeyes/106.pdf | K30: JURIDICO | L30: 43581 | M30: 43555
A31: 23969179 | B31: 2019 | C31: 43466 | D31: 43555 | E31: LEY LOCAL | F31: LEY DE PRESUPUESTO DE EGRESOS, CONTABILIDAD GUBERNAMENTAL Y GASTO PÚBLICO DEL ESTADO DE CHIHUAHUA | G31: ARTICULO 165, 166,168,169,170,36,110,127,170 | H31: 41636 | I31: 43540 | J31: http://www.congresochihuahua2.gob.mx/biblioteca/leyes/archivosLeyes/1011.pdf | K31: JURIDICO | L31: 43581 | M31: 43555
A32: 23969180 | B32: 2019 | C32: 43466 | D32: 43555 | E32: LEY LOCAL | F32: LEY DE TRANSPARENCIA Y ACCESO A LA INFORMACIÓN PÚBLICA DEL ESTADO DE CHIHUAHUA | G32: COMPLETO | H32: 42245 | I32: 43537 | J32: http://www.congresochihuahua2.gob.mx/biblioteca/leyes/archivosLeyes/1175.pdf | K32: JURIDICO | L32: 43581 | M32: 43555
A33: 23969181 | B33: 2019 | C33: 43466 | D33: 43555 | E33: LEY LOCAL | F33: LEY DE PROTECCIÓN DE DATOS PERSONALES DEL ESTADO DE CHIHUAHUA | G33: COMPLETO | H33: 41451 | I33: 43050 | J33: http://www.congresochihuahua2.gob.mx/biblioteca/leyes/archivosLeyes/1342.pdf | K33: JURIDICO | L33: 43581 | M33: 43555 | Z33: ='NORMAS TRANSVERSALES'!F354 -> 0
A34: 23969182 | B34: 2019 | C34: 43466 | D34: 43555 | E34: LEY LOCAL | F34: LEY DE ENTREGA RECEPCION PARA EL ESTADO DE CHIHUAHUA | G34: ARTICULO 12,13,18,19,29 | H34: 42312 | I34: 42646 | J34: http://www.congresochihuahua2.gob.mx/biblioteca/leyes/archivosLeyes/1161.pdf | K34: JURIDICO | L34: 43581 | M34: 43555
A35: 23969183 | B35: 2019 | C35: 43466 | D35: 43555 | E35: LEY LOCAL | F35: LEY ESTATAL DE SALUD | G35: ARTICULO 10 | H35: 32036 | I35: 42646 | J35: http://www.congresochihuahua2.gob.mx/biblioteca/leyes/archivosLeyes/132.pdf | K35: JURIDICO | L35: 43581 | M35: 43555
A36: 23969184 | B36: 2019 | C36: 43466 | D36: 43555 | E36: LEY LOCAL | F36: LEY DE VIALIDAD Y TRANSITO DEL ESTADO DE CHIHUAHUA | H36: 38980 | I36: 43763 | J36: http://www.congresochihuahua2.gob.mx/biblioteca/leyes/archivosLeyes/117.pdf | K36: JURIDICO | L36: 43581 | M36: 43555
A37: 23969184 | B37: 2019 | C37: 43466 | D37: 43555 | E37: LEY LOCAL | F37: LEY DE AUDITORIA SUPERIOR DEL ESTADO DE CHIHUAHUA | G37: ARTICULO 7,11,17,19,36 | H37: 39425 | I37: 6/13/2018 | J37: http://www.congresochihuahua2.gob.mx/biblioteca/leyes/archivosLeyes/334.pdf | K37: JURIDICO | L37: 43581 | M37: 43555
A38: 23969185 | B38: 2019 | C38: 43466 | D38: 43555 | E38: LEY LOCAL | F38: LEY DE FISCALIZACION SUPERIOR DEL ESTADO DE CHIHUAHUA | H38: 43715 | I38: 43715 | J38: http://www.congresochihuahua2.gob.mx/biblioteca/leyes/archivosLeyes/1519.pdf | K38: JURIDICO | L38: 43581 | M38: 43555
A39: 23969186 | B39: 2019 | C39: 43466 | D39: 43555 | E39: LEY LOCAL | F39: LEY DEL INSTITUTO MUNICIPAL DE PENSIONES | G39: ARTICULO 6,14,19,57,72,79 | H39: 42364 | I39: 43763 | J39: http://www.congresochihuahua2.gob.mx/biblioteca/leyes/archivosLeyes/1242.pdf | K39: JURIDICO | L39: 43581 | M39: 43555
A40: 23969187 | B40: 2019 | C40: 43466 | D40: 43555 | E40: LEY LOCAL | F40: LEY DE ADQUISICIONES, ARRENDAMIENTOS Y CONTRATACIÓN DE SERVICIOS DEL ESTADO DE CHIHUAHUA | G40: ARTICULO 12,24,15,49,61,69,94 | H40: 35686 | I40: 43148 | J40: http://www.congresochihuahua2.gob.mx/biblioteca/leyes/archivosLeyes/1420.pdf | K40: JURIDICO | L40: 43581 | M40: 43555
A41: 23969188 | B41: 2019 | C41: 43466 | D41: 43555 | E41: LEY LOCAL | F41: LEY DE HACIENDA DEL ESTADO DE CHIHUAHUA | G41: ARTICULO 29,53,57,58,62,90 | H41: 43465 | I41: 43533 | J41: http://www.congresochihuahua2.gob.mx/biblioteca/leyes/archivosLeyes/1442.pdf | K41: JURIDICO | L41: 43581 | M41: 43555
A42: 23969189 | B42: 2019 | C42: 43466 | D42: 43555 | E42: LEY LOCAL | F42: LEY DE INGRESOS PARA EL EJERCICIO FISCAL 2019 DEL MUNICIPIO DE CHIHUAHUA | G42: ARTICULO 16,17 | H42: 43460 | I42: 43460 | J42: http://www.congresochihuahua2.gob.mx/biblioteca/leyes/archivosLeyes/1460.pdf | K42: JURIDICO | L42: 43581 | M42: 43555
A43: 23969190 | B43: 2019 | C43: 43466 | D43: 43555 | E43: REGLAMENTO | F43: REGLAMENTO DE LA LEY DE TRANSPARENCIA Y ACCESO A LA INFORMACIÓN PÚBLICA DEL ESTADO DE CHIHUAHUA | G43: COMPLETO | H43: 39081 | I43: 43281 | J43: http://www.congresochihuahua2.gob.mx/biblioteca/reglamentos/archivosReglamentos/19.pdf | K43: JURIDICO | L43: 43581 | M43: 43555
A44: 23969191 | B44: 2019 | C44: 43466 | D44: 43555 | E44: REGLAMENTO | F44: REGLAMENTO INTERIOR DEL MUNICIPIO DE CHIHUAHUA | G44: ARTICULO 10,11,18,22,23,27,29,32,34,41,45,127,133,135,141,145,156,158,162 | H44: 41552 | I44: 42411 | J44: http://www.municipiochihuahua.gob.mx/Transparencia/AD/82?file=REGLAMENTO%20INTERIOR%20DEL%20MUNICIPIO%20DE%20CHIHUAHUA.pdf | K44: JURIDICO | L44: 43581 | M44: 43555
A45: 23969192 | B45: 2019 | C45: 43466 | D45: 43555 | E45: REGLAMENTO | F45: REGLAMENTO PARA EL FUNCIONAMIENTO DE LOS ORGANISMOS DESCENTRALIZADOS DEL MUNICIPIO DE CHIHUAHUA | G45: ARTUCULO 60,71,73,74 | H45: 41552 | I45: 41552 | J45: http://www.municipiochihuahua.gob.mx/Transparencia/AD/81?file=REGLAMENTO%20PARA%20EL%20FUNCIONAMIENTO%20DE%20LOS%20ORGANISMOS%20DESCENTRALIZADOS%20DEL%20MUNICIPIO%20DE%20CHIHUAHUA.pdf | K45: JURIDICO | L45: 43581 | M45: 43555
A46: 23969193 | B46: 2019 | C46: 43466 | D46: 43555 | E46: REGLAMENTO | F46: REGLAMENTO DE LA LEY FEDERAL DE FOMENTO A LAS ACTIVIDADES REALIZADAS POR ORGANIZACIONES DE LA SOCIEDAD CIVIL | G46: ARTICULO 15,27,30,32,41,47,51,53, | H46: 43460 | I46: 43460 | J46: http://www.ordenjuridico.gob.mx/Documentos/Federal/pdf/wo88469.pdf | K46: JURIDICO | L46: 43581 | M46: 43555
A47: 23969194 | B47: 2019 | C47: 43466 | D47: 43555 | E47: REGLAMENTO | F47: REGLAMENTO DEL CÓDIGO FISCAL DE LA FEDERACION | G47: ARTICULO 3,7,8,9,10,20,34,35,50,58,61,66,68,85,86,94 | H47: 41731 | I47: 41731 | J47: http://www.ordenjuridico.gob.mx/Documentos/Federal/pdf/wo93536.pdf | K47: JURIDICO | L47: 43581 | M47: 43555
A48: 23969195 | B48: 2019 | C48: 43466 | D48: 43555 | E48: REGLAMENTO | F48: REGLAMENTO DE SERVICIOS PÚBLICOS DEL MUNICIPIO DE CHIHUAHUA | G48: ARTICULO 33,64,114,119,140,177,190 | H48: 41552 | I48: 41552 | J48: http://www.municipiochihuahua.gob.mx/Transparencia/AD/20/81/636021168642077808/REGLAMENTO%20DE%20SERVICIOS%20PUBLICOS%20DEL%20MUNICIPIO%20DE%20CHIHUAHUA.pdf | K48: JURIDICO | L48: 43581 | M48: 43555
A49: 23969196 | B49: 2019 | C49: 43466 | D49: 43555 | E49: REGLAMENTO | F49: REGLAMENTO DE LA LEY FEDERAL DE PROTECCIÓN DE DATOS PERSONALES EN POSESIÓN DE LOS PARTICULARES | G49: COMPLETO | H49: 40898 | I49: 40898 | J49: http://www.ordenjuridico.gob.mx/Documentos/Federal/pdf/wo88475.pdf | K49: JURIDICO | L49: 43581 | M49: 43555
A50: 23969197 | B50: 2019 | C50: 43466 | D50: 43555 | E50: REGLAMENTO | F50: REGLAMENTO DE LA LEY DE ADQUISICIONES, ARRENDAMIENTOS Y CONTRATACIÓN DE SERVICIOS DEL ESTADO DE CHIHUAHUA. | G50: ARTICULO 4,21,25,34,41,44,50,59,61,63,65,68,71,75,92,102,105,110,120,121,129,128,130,135 | H50: 10168 | I50: 43558 | J50: http://www.congresochihuahua2.gob.mx/biblioteca/reglamentos/archivosReglamentos/204.pdf | K50: JURIDICO | L50: 43581 | M50: 43555
... A56: 23969203 | B56: 2019 | C56: 43466 | D56: 43555 | E56: LINEAMIENTOS | F56: LINEAMIENTOS GENERALES PARA LA EVALUACIÓN DE POLÍTICAS PÚBLICAS, PROGRAMAS ESTATALES Y DE GASTO FEDERALIZADO DE LA ADMINISTRACIÓN PÚBLICA ESTATAL | G56: ARTICULO 38,44 | H56: 10168 | I56: 42287 | J56: http://www.chihuahua.gob.mx/atach2/anexo/anexo_081-2015_lineamientos_especif_para_evaluac_2015_final.pdf | K56: JURIDICO | L56: 43581 | M56: 43555
A57: 23969204 | B57: 2019 | C57: 43466 | D57: 43555 | E57: LINEAMIENTOS | F57: LINEAMIENTOS PARA LA CONSTRUCCIÓN Y DISEÑO DE INDICADORES DE DESEMPEÑO MEDIANTE LA METODOLOGÍA DE MARCO LÓGICO. | G57: ARTICULO 3 | J57: https://www.conac.gob.mx/work/models/CONAC/normatividad/NOR_01_15_002.pdf | K57: JURIDICO | L57: 43581 | M57: 43555
A58: 23969205 | B58: 2019 | C58: 43466 | D58: 43555 | E58: PRESUPUESTO | F58: PRESUPUESTO DE EGRESOS PARA EL EJERCICIO FISCAL 2019 DEL MUNICIPIO DE CHIHUAHUA | G58: NA | H58: 43463 | I58: 43463 | J58: http://www.congresochihuahua2.gob.mx/biblioteca/presupuestoegresos/archivos/1032.pdf | K58: JURIDICO | L58: 43581 | M58: 43555
A59: 23969206 | B59: 2019 | C59: 43466 | D59: 43555 | E59: PRESUPUESTO | F59: PRESUPUESTO DE EGRESOS PARA EL EJERCICIO FISCAL 2019 DEL MUNICIPIO DE CHIHUAHUA | G59: NA | H59: NA | I59: NA | J59: http://www.congresochihuahua2.gob.mx/biblioteca/iniciativas/archivosIniciativas/9295.pdf | K59: JURIDICO | L59: 43581 | M59: 43555
A60: 23969207 | B60: 2019 | C60: 43466 | D60: 43555 | E60: PRESUPUESTO | F60: PRESUPUESTO BASADO EN RESULTADOS (PBR) Y SISTEMA DE EVALUACIÓN DEL DESEMPEÑO (SED) | G60: NA | H60: NA | I60: NA | J60: http://www.shcp.gob.mx/EGRESOS/PEF/sed/present_pbr_sed.pdf | K60: JURIDICO | L60: 43581 | M60: 43555
A61: 23969208 | B61: 2019 | C61: 43466 | D61: 43555 | E61: ACUERDOS | F61: ACUERDO POR EL QUE SE ESTABLECEN LOS LINEAMIENTOS GENERALES PARA LA REGULACIÓN DE LOS PROCESOS DE ENTREGA-RECEPCIÓN Y DE RENDICIÓN DE CUENTAS DE LA ADMINISTRACIÓN PÚBLICA FEDERAL | G61: NA | H61: NA | I61: NA | J61: https://dof.gob.mx/nota_detalle.php?codigo=5491652&fecha=24/07/2017 | K61: JURIDICO | L61: 43581 | M61: 43555
A62: 23969209 | B62: 2019 | C62: 43466 | D62: 43555 | E62: ACUERDOS | F62: ACUERDO POR EL QUE SE ESTABLECEN LAS DISPOSICIONES GENERALES DEL SISTEMA DE EVALUACIÓN DEL DESEMPEÑO | G62: NA | H62: NA | I62: NA | J62: http://www.dof.gob.mx/nota_detalle.php?codigo=5032241&fecha=31/03/2008 | K62: JURIDICO | L62: 43581 | M62: 43555
A63: 23969210 | B63: 2019 | C63: 43466 | D63: 43555 | E63: ACUERDOS | F63: ACUERDO POR EL QUE EL COMITÉ COORDINADOR DEL SISTEMA NACIONAL ANTICORRUPCIÓN EMITE EL FORMATO DE DECLARACIONES: DE SITUACIÓN PATRIMONIAL Y DE INTERESES; Y EXPIDE LAS NORMAS E INSTRUCTIVO PARA SU LLENADO Y PRESENTACIÓN | G63: NA | H63: NA | I63: NA | J63: https://dof.gob.mx/nota_detalle.php?codigo=5544152&fecha=16/11/2018 | K63: JURIDICO | L63: 43581 | M63: 43555
A64: 23969211 | B64: 2019 | C64: 43466 | D64: 43555 | E64: PLAN | F64: PLAN ANUAL DE DESARROLLO ARCHIVÍSTICO PADA 2018 | G64: NA | H64: NA | I64: NA | J64: https://www.gob.mx/cms/uploads/attachment/file/323451/PADA_2018_vf__firmas_.pdf | K64: JURIDICO | L64: 43581 | M64: 43555
A65: 23969212 | B65: 2019 | C65: 43466 | D65: 43555 | E65: PLAN | F65: PLAN DE CUENTAS | G65: NA | H65: NA | I65: NA | J65: https://www.conac.gob.mx/work/models/CONAC/normatividad/NOR_01_03_001.pdf | K65: JURIDICO | L65: 43581 | M65: 43555
A66: 23969213 | B66: 2019 | C66: 43466 | D66: 43555 | E66: REGLAS DE OPERACIÓN | F66: REGLAS de Operación de los Consejos de Armonización Contable de las Entidades Federativas. | G66: NA | H66: NA | I66: NA | K66: JURIDICO | L66: 43581 | M66: 43555
A67: 23969214 | B67: 2019 | C67: 43466 | D67: 43555 | E67: MANUALES | F67: MANUAL DE IDENTIDAD GRÁFICA 2016-2021 | G67: NA | H67: NA | I67: NA | J67: http://www.ssch.gob.mx/revista/manualimagen.pdf | K67: JURIDICO | L67: 43581 | M67: 43555
A68: 23969215 | B68: 2019 | C68: 43466 | D68: 43555 | E68: INSTRUCTIVOS | F68: INSTRUCTIVO PARA ELABORAR EL CUADRO GENERAL DE CLASIFICACIÓN ARCHIVÍSTICA | G68: NA | H68: NA | I68: NA | J68: https://www.gob.mx/cms/uploads/attachment/file/54330/INSTRUCTIVO_PARA_ELABORAR_EL_CUADRO_GENERAL_DE_CLASIFICACI_N_ARCHIV_STICA.pdf | K68: JURIDICO | L68: 43581 | M68: 43555
A69: 23969216 | B69: 2019 | C69: 43466 | D69: 43555 | E69: INSTRUCTIVOS | F69: INSTRUCTIVO PARA LA ELABORACIÓN DEL CATÁLOGO DE DISPOSICIÓN DOCUMENTAL | G69: NA | H69: NA | I69: NA | J69: https://www.gob.mx/cms/uploads/attachment/file/54332/INSTRUCTIVO_PARA_LA_ELABORACI_N_DEL_CAT_LOGO_DE_DISPOSICI_N_DOCUMENTAL.pdf | K69: JURIDICO | L69: 43581 | M69: 43555
A70: 23969217 | B70: 2019 | C70: 43466 | D70: 43555 | E70: NORMA | F70: NORMA USC-SSO2-98 PARA LA CONTRATACION DE SERVICIOS PROFESIONALES QUE SE CUBREN CON CARGO A LA PARTIDA 1201 “HONORARIOS Y COMISIONES” DEL CAPITULO 1000 "SERVICIOS PERSONALES" | G70: NA | H70: NA | I70: NA | J70: http://www.hacienda.gob.mx/EGRESOS/PEF/serv_personales/normas/hon.pdf | K70: JURIDICO | L70: 43581 | M70: 43555
A71: 23969218 | B71: 2019 | C71: 43466 | D71: 43555 | E71: NORMA | F71: NORMA Oficial Mexicana NOM-001-SCT-2-2016, Placas metálicas, calcomanías de identificación y tarjetas de circulación empleadas en automóviles, tractocamiones, autobuses, camiones, motocicletas, remolques, semirremolques, convertidores y grúas, matriculados en la República Mexicana, licencia federal de conductor, calcomanía de verificación físico-mecánica, listado de series asignadas por tipo de vehículo, servicio y entidad federativa o dependencia de gobierno, especificaciones y método de prueba. | G71: NA | H71: NA | I71: NA | K71: JURIDICO | L71: 43581 | M71: 43555
A72: 23969219 | B72: 2019 | C72: 43466 | D72: 43555 | E72: NORMA | F72: Norma Mexicana NMX-CC-19011-IMNC-2012. DIRECTRICES PARA LA AUDITORIA DE LOS SISTEMAS DE GESTION | G72: NA | H72: NA | I72: NA | J72: http://www.dof.gob.mx/nota_detalle.php?codigo=5268347&fecha=17/09/2012 | K72: JURIDICO | L72: 43581 | M72: 43555
A73: 23969220 | B73: 2019 | C73: 43466 | D73: 43555 | E73: GUIA | F73: GUÍA TÉCNICA 4 LA PLANEACIÓN DEL DESARROLLO MUNICIPAL | G73: NA | H73: NA | I73: NA | J73: http://www.inafed.gob.mx/work/models/inafed/Resource/335/1/images/guia04_la_planeacion_del_desarollo_municipal.pdf | K73: JURIDICO | L73: 43581 | M73: 43555
A74: 23969221 | B74: 2019 | C74: 43466 | D74: 43555 | E74: GUIA | F74: METODOLOGÍA PARA LA VALORACIÓN Y DISPOSICIÓN DOCUMENTAL | G74: NA | H74: NA | I74: NA | J74: https://www.gob.mx/cms/uploads/attachment/file/69434/Metodologia_para_la_valoracion_y_disposicion_documental.pdf | K74: JURIDICO | L74: 43581 | M74: 43555

Sheet NORMAS SUSTANTIVAS
A1: Fecha de Término Del Periodo Que Se Informa | B1: Tipo de Normatividad (catálogo) | C1: Denominación de La Norma Que Se Reporta | D1: ARTICULOS (MATERIA DE INFORMACION) | E1: Fecha de Publicación en Dof U Otro Medio Oficial O Institucional | F1: Fecha de Última Modificación, en su Caso | G1: Hipervínculo Al Documento de La Norma | H1: Área(s) Responsable(s) Que Genera(n), Posee(n), Publica(n) Y Actualizan La Información | I1: Fecha de Validación | J1: Fecha de Actualización
A2: 43555 | B2: TRATADO INTERNACIONAL | C2: CONVENCION SOBRE LOS DERECHOS DEL NIÑO | E2: 33263 | F2: 33263 | G2: http://www.cndh.org.mx/sites/all/doc/Programas/Provictima/1LEGISLACI%C3%93N/3InstrumentosInternacionales/F/convencion_derechos_nino.pdf | H2: JURIDICO | I2: 43581 | J2: 43555
A3: 43555 | B3: CODIGO | C3: CÓDIGO DE PROCEDIMIENTOS FAMILIARES PARA EL ESTADO DE CHIHUAHUA | D3: ARTICULO 39,52,70,104,115 138,203,299,301,302 | E3: 41843 | F3: 43474 | G3: http://www.congresochihuahua2.gob.mx/biblioteca/codigos/archivosCodigos/63.pdf | H3: JURIDICO | I3: 43581 | J3: 43555
A4: 43555 | B4: LEY FEDERAL | C4: LEY DE ASISTENCIA SOCIAL | D4: ARTICULO 9,14,28,51,61,62 | E4: 38232 | F4: 41992 | G4: http://www.ordenjuridico.gob.mx/Documentos/Federal/pdf/wo11034.pdf | H4: JURIDICO | I4: 43581 | J4: 43555
A5: 43555 | B5: LEY FEDERAL | C5: LEY DE ASISTENCIA Y PREVENCIÓN DE LA VIOLENCIA FAMILIAR | G5: WORD | H5: JURIDICO | I5: 43581 | J5: 43555
A6: 43555 | B6: LEY GENERAL | C6: LEY GENERAL DEL DESARROLLO SOCIAL | D6: ARTICULO 10, 36,70,74 | E6: 01/20/2004 | F6: 6/25/2018 | G6: http://www.ordenjuridico.gob.mx/Documentos/Federal/pdf/wo83185.pdf | H6: JURIDICO | I6: 43581 | J6: 43555
A7: 43555 | B7: LEY GENERAL | C7: LEY GENERAL DE LOS DERECHOS DE NIÑAS, NIÑOS Y ADOLESCENTES | D7: ARTICULO 13,26,30,32,37,41,50,64,65,76,101 | E7: 41977 | F7: 43620 | G7: http://www.ordenjuridico.gob.mx/Documentos/Federal/pdf/wo99957.pdf | H7: JURIDICO | I7: 43581 | J7: 43555
A8: 43555 | B8: LEY LOCAL | C8: LEY DE DESARROLLO SOCIAL Y HUMANO DEL ESTADO DE CHIHUAHUA | D8: ARTICULO 9,31,59, | E8: 39246 | F8: 43187 | G8: http://www.congresochihuahua2.gob.mx/biblioteca/leyes/archivosLeyes/89.pdf | H8: JURIDICO | I8: 43581 | J8: 43555
A9: 43555 | B9: LEY LOCAL | C9: LEY DE ASISTENCIA SOCIAL PÚBLICA Y PRIVADA PARA EL ESTADO DE CHIHUAHUA | D9: ARTICULO 5,14,18,25,38,43,61,65,84, | E9: 40114 | F9: 43204 | G9: http://www.congresochihuahua2.gob.mx/biblioteca/leyes/archivosLeyes/522.pdf | H9: JURIDICO | I9: 43581 | J9: 43555
A10: 43555 | B10: LEY LOCAL | C10: LEY DE LOS DERECHOS DE LA NIÑAS, NIÑOS Y ADOLESCENTES DEL ESTADO DE CHIHUAHUA | D10: ARTICULO 26,27,44,56,176,114 | E10: 42158 | F10: 43204 | G10: http://www.congresochihuahua2.gob.mx/biblioteca/leyes/archivosLeyes/1171.pdf | H10: JURIDICO | I10: 43581 | J10: 43555
A11: 43555 | B11: LEY LOCAL | C11: LEY DE LOS DERECHOS DE LAS PERSONAS MAYORES DEL ESTADO DE CHIHUAHUA | D11: ARTICULO 21,107,114 | E11: 40212 | F11: 43306 | G11: http://www.congresochihuahua2.gob.mx/biblioteca/leyes/archivosLeyes/1432.pdf | H11: JURIDICO | I11: 43581 | J11: 43555
A12: 43555 | B12: LEY LOCAL | C12: LEY DE IGUALDAD ENTRE MUJERES Y HOMBRES DEL ESTADO DE CHIHUAHUA | D12: ARTICULO 21,37,41,43 | E12: 40327 | F12: 42784 | G12: http://www.congresochihuahua2.gob.mx/biblioteca/leyes/archivosLeyes/604.pdf | H12: JURIDICO | I12: 43581 | J12: 43555
A13: 43555 | B13: LEY LOCAL | C13: LEY PARA LA INCLUSIÓN Y DESARROLLO DE LAS PERSONAS CON DISCAPACIDAD EN EL ESTADO DE CHIHUAHUA | D13: ARTICULO 1,38,55,56,57,65 | E13: 43124 | F13: 43540 | G13: http://www.congresochihuahua2.gob.mx/biblioteca/leyes/archivosLeyes/1417.pdf | H13: JURIDICO | I13: 43581 | J13: 43555
A14: 43555 | B14: LEY LOCAL | C14: LEY PARA PREVENIR Y ELIMINAR LA DISCRIMINACIÓN EN EL ESTADO DE CHIHUAHUA | D14: ARTICULO 9,10,11 | E14: 39270 | F14: 42646 | G14: http://www.congresochihuahua2.gob.mx/biblioteca/leyes/archivosLeyes/165.pdf | H14: JURIDICO | I14: 43581 | J14: 43555
A15: 43555 | B15: LEY LOCAL | C15: LEY ESTATAL DEL DERECHO DE LAS MUJERES A UNA VIDA LIBRE DE VIOLENCIA | D15: ARTICULO 6,25,27,28,34,37,39,41,49 | E15: 39106 | F15: 43414 | G15: http://www.congresochihuahua2.gob.mx/biblioteca/leyes/archivosLeyes/153.pdf | H15: JURIDICO | I15: 43581 | J15: 43555
A16: 43555 | B16: LEY LOCAL | C16: LEY GENERAL PARA LA DONACION ALTRUISTA DE ALIMENTOS EN EL ESTADO DE CHIHUAHUA | D16: ARTICULO 8, 15 | E16: 7/30/2008 | F16: 2/22/2017 | G16: http://www.congresochihuahua2.gob.mx/biblioteca/leyes/archivosLeyes/924.pdf | H16: JURIDICO | I16: 43581 | J16: 43555
A17: 43555 | B17: DECRETO | C17: DECRETO 230/08 ATRIBUCIONES DEL PRESIDENTE DEL CONSEJO | E17: 39555 | F17: 43281 | G17: http://www.municipiochihuahua.gob.mx/Transparencia/AD/81?file=DECRETO%20MODIFICACION%20AL%20DECRETO%20DE%20CREACION%20DEL%20DIF%20MUNICIPAL.pdf | H17: JURIDICO | I17: 43581 | J17: 43555
A18: 43555 | B18: DECRETO | C18: DECRETO DE CREACION 261/84 DESARROLLO INTEGRAL DE LA FAMILIA | G18: http://www.ordenjuridico.gob.mx/Estatal/CHIHUAHUA/Municipios/Chihuahua/ChihuahuaDec02.pdf | H18: JURIDICO | I18: 43581 | J18: 43555
A19: 43555 | B19: DECRETO | C19: DECRETO POR EL QUE SE APRUEBA EL PROGRAMA NACIONAL DE PRESTACIÓN DE SERVICIOS PARA LA ATENCIÓN, CUIDADO Y DESARROLLO INTEGRAL INFANTIL 2014-2018 | E19: 41759 | F19: 43281 | G19: http://www.dof.gob.mx/nota_to_doc.php?codnota=5343088 | H19: JURIDICO | I19: 43581 | J19: 43555
A20: 43555 | B20: REGLAMENTO | C20: REGLAMENTO DE LA LEY PARA PREVENIR Y ELIMINAR LA DISCRIMINACIÓN EN EL ESTADO DE CHIHUAHUA | D20: NA | E20: 2/20/2010 | F20: 43101 | G20: http://www.congresochihuahua2.gob.mx/biblioteca/reglamentos/archivosReglamentos/123.pdf | H20: JURIDICO | I20: 43581 | J20: 43555
A21: 43555 | B21: REGLAMENTO | C21: REGLAMENTO DE LA LEY DE LOS DERECHOS DE LAS NIÑAS, NIÑOS Y ADOLESCENTES DEL ESTADO DE CHIHUAHUA | D21: ARTICULO 19,62,72,80,84,93,95,99 | E21: 42047 | F21: 43101 | G21: http://www.diputados.gob.mx/LeyesBiblio/regley/Reg_LGDNNA.pdf | H21: JURIDICO | I21: 43581 | J21: 43555
A22: 43555 | B22: REGLAMENTO | C22: REGLAMENTO DE LA LEY ESTATAL DEL DERECHO DE LAS MUJERES A UNA VIDA LIBRE DE VIOLENCIA | D22: NA | E22: 40332 | F22: 43101 | G22: http://www.congresochihuahua2.gob.mx/biblioteca/reglamentos/archivosReglamentos/135.pdf | H22: JURIDICO | I22: 43581 | J22: 43555
A23: 43555 | B23: REGLAMENTO | C23: REGLAMENTO DE LA LEY DE JUSTICIA ESPECIAL PARA ADOLESCENTES DE CHIHUAHUA EN MATERIA DE CENTRO DE REINSERCIÓN SOCIAL PARA ADOLESCENTES INFRACTORES | D23: ARTICULO 28,33,39,58,59,61,90,92,105,106,148,175,198 | E23: 41703 | F23: 43101 | G23: http://www.congresochihuahua2.gob.mx/biblioteca/reglamentos/archivosReglamentos/174.pdf | H23: JURIDICO | I23: 43581 | J23: 43555
A24: 43555 | B24: REGLAMENTO | C24: REGLAMENTO A LA LEY PARA LAS PERSONAS CON DISCAPACIDAD DEL ESTADO DE CHIHUAHUA | D24: NA | E24: 38528 | F24: 43281 | G24: http://www.congresochihuahua2.gob.mx/biblioteca/reglamentos/archivosReglamentos/51.pdf | H24: JURIDICO | I24: 43581 | J24: 43555
A25: 43555 | B25: REGLAMENTO | C25: REGLAS DE OPERACIÓN DEL PROGRAMA DE DESARROLLO COMUNITARIO | E25: 42732 | G25: http://www.dof.gob.mx/nota_detalle.php?codigo=5467884&fecha=28/12/2016 | H25: JURIDICO | I25: 43581 | J25: 43555
A26: 43555 | B26: REGLAMENTO | C26: REGLAS DE OPERACION DEL PROGRAMA DE ASISTENCIA SOCIAL ALIMENTARIA 2017 | G26: https://adjuntos.chihuahua.gob.mx/DIFE/77/1/2017/Reglas%20de%20Operacion%20PASA%202017.pdf | H26: JURIDICO | I26: 43581 | J26: 43555
A27: 43555 | B27: REGLAMENTO | C27: REGLAMENTO DE LA LEY GENERAL DE SALUD EN MATERIA DE PRESTACIÓN DE SERVICIOS DE ATENCIÓN MÉDICA. | D27: ARTICULO 17,18,23,24,25,37,44,79,82,83,144,222,223 | E27: 31531 | G27: http://www.salud.gob.mx/unidades/cdi/nom/compi/rlgsmpsam.html | H27: JURIDICO | I27: 43581 | J27: 43555
A28: 43555 | B28: LINEAMIENTO | C28: LINEAMIENTOS PARA LA OPERACIÓN Y VIGILANCIA DE LOS ESTABLECIMIENTOS QUE PRESTEN SERVICIO DE ASISTENCIA SOCIAL EN EL ESTADO DE CHIHUAHUA | E28: 6/30/2012 | F28: 43101 | G28: https://adjuntos.chihuahua.gob.mx/DIFE/77/1/2017/I%209%20E%20PROCU.pdf | H28: JURIDICO | I28: 43581 | J28: 43555
A29: 43555 | B29: LINEAMIENTO | C29: LINEAMIENTOS OPERATIVOS DEL PROGRAMA E003 "SERVICIOS A GRUPOS CON NECESIDADES ESPECIALES" | D29: NA | G29: http://www.inapam.gob.mx/work/models/INAPAM/Resource/1247/1/images/LineamientosOperativosProgramaE003.pdf | H29: JURIDICO | I29: 43581 | J29: 43555
A30: 43555 | B30: ACUERDO | C30: ACUERDO POR EL QUE SE EMITEN LAS REGLAS DE OPERACIÓN DEL PROGRAMA DE ATENCIÓN A PERSONAS CON DISCAPACIDAD, PARA EL EJERCICIO FISCAL | D30: NA | E30: 42733 | F30: 42736 | G30: http://www.dof.gob.mx/nota_detalle.php?codigo=5468078&fecha=29/12/2016 | H30: JURIDICO | I30: 43581 | J30: 43555
A31: 43555 | B31: MANUAL | C31: MANUAL PARA LA SUPERVISIÓN DEL PROGRAMA DE ASISTENCIA SOCIAL ALIMENTARIA 2017 | D31: NA | E31: 4/29/2017 | F31: 43101 | G31: https://adjuntos.chihuahua.gob.mx/DIFE/77/1/2017/MANUAL%20DE%20SUPERVISION%202017.pdf | H31: JURIDICO | I31: 43581 | J31: 43555
A32: 43555 | B32: MANUAL | C32: MANUAL PARA LA DOTACIÓN DE ALIMENTOS A INTITUCIONES | D32: NA | E32: 4/29/2017 | F32: 43101 | G32: https://adjuntos.chihuahua.gob.mx/DIFE/77/1/2017/Manual%20para%20la%20Dotación%20de%20Alimentos%20a%20Intituciones%202017.pdf | H32: JURIDICO | I32: 43581 | J32: 43555
A33: 43555 | B33: MANUAL | C33: MANUAL DE PROGRAMA APOYO ALIMENTICIO A PERSONAS EN SITUACIÓN DE VULNERABILIDAD | D33: NA | E33: 4/29/2017 | F33: 43101 | G33: https://adjuntos.chihuahua.gob.mx/DIFE/77/1/2017/MANUAL%20AP%20ALIM%20A%20PERS%20EN%20SIT%20DE%20VULN.pdf | H33: JURIDICO | I33: 43581 | J33: 43555
A34: 43555 | B34: MANUAL | C34: MANUAL DE ORGANIZACIÓN Y OPERACIÓN DEL SISTEMA NACIONAL DE PROTECCIÓN INTEGRAL DE NIÑAS, NIÑOS Y ADOLESCENTES. | D34: NA | G34: dof.gob.mx/nota_detalle.php?codigo=5428443&fecha=03/03/2016 | H34: JURIDICO | I34: 43581 | J34: 43555
A35: 43555 | B35: NORMA | C35: NORMA OFICIAL MEXICANA NOM-043-SSA2-2012, SERVICIOS BÁSICOS DE SALUD, PROMOCIÓN Y EDUCACIÓN PARA LA SALUD EN MATERIA ALIMENTARIA | D35: NA | E35: 41296 | F35: 43281 | G35: http://dof.gob.mx/nota_detalle.php?codigo=5285372&fecha=22/01/2013 | H35: JURIDICO | I35: 43581 | J35: 43555
A36: 43555 | B36: NORMA | C36: NORMA OFICIAL MEXICANA NOM-015-SSA3-2012, PARA LA ATENCIÓN INTEGRAL A PERSONAS CON DISCAPACIDAD | D36: NA | E36: 41166 | F36: 43281 | G36: http://dof.gob.mx/nota_detalle.php?codigo=5268226&fecha=14/09/2012 | H36: JURIDICO | I36: 43581 | J36: 43555
A37: 43555 | B37: NORMA | C37: NORMA OFICIAL MEXICANA NOM-031-SSA3-2012, ASISTENCIA SOCIAL | D37: NA | E37: 41165 | F37: 43281 | G37: http://dof.gob.mx/nota_detalle.php?codigo=5267965&fecha=13/09/2012 | H37: JURIDICO | I37: 43581 | J37: 43555
A38: 43555 | B38: NORMA | C38: NORMA OFICIAL MEXICANA NOM-004-SSA3-2012, DEL EXPEDIENTE CLÍNICO. | D38: NA | E38: 40456 | F38: 41197 | G38: https://www.sinec.gob.mx/SINEC/Vista/Normalizacion/DetalleNorma.xhtml?pidn=bjl6dmtla2xua0VtcnRiL1MzUk85UT09 | H38: JURIDICO | I38: 43581 | J38: 43555
A39: 43555 | B39: NORMA | C39: NORMA OFICIAL MEXICANA NOM-245-SSA1-2010, REQUISITOS SANITARIOS Y CALIDAD DEL AGUA QUE DEBEN CUMPLIR LAS ALBERCAS | D39: NA | E39: 6/25/2012 | F39: 43101 | G39: https://www.sinec.gob.mx/SINEC/Vista/Normalizacion/DetalleNorma.xhtml?pidn=WkRTWXJ1VXQzd2IwZUVhdVdTYkNuQT09 | H39: JURIDICO | I39: 43581 | J39: 43555
A40: 43555 | B40: NORMA | C40: NORMA OFICIAL MEXICANA NOM-032-SSA3-2010, PRESTACIÓN DE SERVICIOS DE ASISTENCIA SOCIAL PARA NIÑOS, NIÑAS Y ADOLESCENTES EN SITUACIÓN DE RIESGO Y VULNERABILIDAD. | D40: NA | E40: 2/25/2011 | F40: 43101 | G40: https://www.sinec.gob.mx/SINEC/Vista/Normalizacion/DetalleNorma.xhtml?pidn=eUlodWNBNUplNy81M2drZUMxV0VSZz09 | H40: JURIDICO | I40: 43581 | J40: 43555
A41: 43555 | B41: NORMA | C41: NORMA OFICIAL MEXICANA NOM-031-SSA2-2014, PARA LA ATENCION A LA SALUD DE LA INFANCIA | D41: NA | E41: 42333 | F41: 43101 | G41: http://www.dof.gob.mx/nota_detalle.php?codigo=5417151&fecha=25/11/2015 | H41: JURIDICO | I41: 43581 | J41: 43555
A42: 43555 | B42: NORMA | C42: NORMA OFICIAL MEXICANA NOM-035-STPS-2018, FACTORES DE RIESGO PSICOSOCIAL EN EL TRABAJO-IDENTIFICACIÓN, ANALISIS Y PREVENCION | D42: NA | E42: 42639 | F42: 43396 | G42: https://www.dof.gob.mx/nota_detalle.php?codigo=5541828&fecha=23/10/2018 | H42: JURIDICO | I42: 43581 | J42: 43555
A43: 43555 | B43: NORMA | C43: NORMA OFICIAL MEXICANA NOM-009-SSA3-2013, EDUCACIÓN EN SALUD. CRITERIOS PARA LA UTILIZACIÓN DE LOS ESTABLECIMIENTOS PARA LA ATENCIÓN MÉDICA COMO CAMPOS CLÍNICOS PARA LA PRESTACIÓN DEL SERVICIO SOCIAL DE MEDICINA Y ESTOMATOLOGÍA | D43: NA | E43: 41229 | F43: 41858 | G43: http://diariooficial.gob.mx/nota_detalle.php?codigo=5355595&fecha=07/08/2014 | H43: JURIDICO | I43: 43581 | J43: 43555
A44: 43555 | B44: NORMA | C44: NORMA OFICIAL MEXICANA NOM-031-SSA3-2012, ASISTENCIA SOCIAL. PRESTACIÓN DE SERVICIOS DE ASISTENCIA SOCIAL A ADULTOS Y ADULTOS MAYORES EN SITUACIÓN DE RIESGO Y VULNERABILIDAD. | D44: NA | E44: 13/0/2012 | F44: 13/0/2012 | G44: http://dof.gob.mx/nota_detalle.php?codigo=5267965&fecha=13/09/2012 | H44: JURIDICO | I44: 43581 | J44: 43555
A45: 43555 | B45: GUIA | C45: GUÍA PARA VOLUNTARIOS DE LA CRUZ ROJA | D45: NA | E45: NA | F45: NA | G45: http://new.paho.org/hq/dmdocuments/2008/si-voluntarios.7.pdf | H45: JURIDICO | I45: 43581 | J45: 43555
A46: 43555 | B46: INDICADORES | C46: PLAN MUNICIPAL DE DESARROLLO 2018-2019 | D46: NA | E46: 43101 | F46: 44561 | G46: http://www.municipiochihuahua.gob.mx/Downloads/PMD%202018-2021.pdf | H46: JURIDICO | I46: 43581 | J46: 43555

Sheet CATALOGO DE DISPOSICION DOC.
A1: "CATALOGO DE DISPOSICION DOCUMENTAL CDD 001/2020"
F2: VALOR DOCUMENTAL | I2: PLAZOS DE CONSERVACIÓN | L2: DESTINO FINAL | O2: TI | Q2: OBSERVACIÓN
F3: A | G3: F | H3: L | I3: AT | J3: AC | K3: TOTAL | L3: E | M3: C | N3: M | O3: R | P3: C
A4: NOMBRE DE LA SECCION: DIRECCION
A5: SUB SECCIÓN | D5: =ENTREVISTA!F54 -> 01 | E5: =ENTREVISTA!G54 -> FORTALECIMIENTO FAMILIAR Y RESPONSABILIDAD SOCIAL
A6: CLAVE SERIE | E6: NOMBRE DE LA SERIE
A7: =ENTREVISTA!D54 -> DI | B7: =ENTREVISTA!F54 -> 01 | C7: =ENTREVISTA!H54 -> S | D7: =ENTREVISTA!I54 -> 01 | E7: =ENTREVISTA!J54 -> VOLUNTARIADO | F7: =ENTREVISTA!BI54 -> X | H7: =ENTREVISTA!BK54 -> X | I7: =ENTREVISTA!BA54 -> 1 | J7: =ENTREVISTA!BB54 -> 2 | K7: =I7+J7 -> 3 | L7: X | P7: X
A8: =ENTREVISTA!D55 -> DI | B8: =ENTREVISTA!F55 -> 01 | C8: =ENTREVISTA!H55 -> S | D8: =ENTREVISTA!I55 -> 02 | E8: =ENTREVISTA!J55 -> ATENCIÓN EVENTUALIDADES | F8: =ENTREVISTA!BI55 -> X | H8: =ENTREVISTA!BK55 -> X | I8: =ENTREVISTA!BA55 -> 1 | J8: =ENTREVISTA!BB55 -> 3 | K8: =I8+J8 -> 4 | M8: =ENTREVISTA!BD55 -> X | P8: =ENTREVISTA!AC55 -> X
A9: =ENTREVISTA!D56 -> DI | B9: =ENTREVISTA!F56 -> 01 | C9: =ENTREVISTA!H56 -> S | D9: =ENTREVISTA!I56 -> 03 | E9: =ENTREVISTA!J56 -> PROGRAMAS DE FORTALECIMIENTO FAMILIAR | F9: =ENTREVISTA!BI56 -> X | H9: =ENTREVISTA!BK56 -> X | I9: =ENTREVISTA!BA56 -> 1 | J9: =ENTREVISTA!BB56 -> 2 | K9: =I9+J9 -> 3 | L9: X
A10: =ENTREVISTA!D57 -> DI | B10: =ENTREVISTA!F57 -> 01 | C10: =ENTREVISTA!H57 -> S | D10: =ENTREVISTA!I57 -> 04 | E10: =ENTREVISTA!J57 -> TALLERES DE FORTALECIMIENTO FAMILIAR | F10: =ENTREVISTA!BI57 -> X | H10: =ENTREVISTA!BK57 -> X | I10: =ENTREVISTA!BA57 -> 1 | J10: =ENTREVISTA!BB57 -> 3 | K10: =I10+J10 -> 4 | M10: X | P10: =ENTREVISTA!AC57 -> X
A11: =ENTREVISTA!D58 -> DI | B11: =ENTREVISTA!F58 -> 01 | C11: =ENTREVISTA!H58 -> S | D11: =ENTREVISTA!I58 -> 05 | E11: =ENTREVISTA!J58 -> RELACIONES INTERINSTITUCIONALES | F11: =ENTREVISTA!BI58 -> X | H11: =ENTREVISTA!BK58 -> X | I11: =ENTREVISTA!BA58 -> 1 | J11: =ENTREVISTA!BB58 -> 2 | K11: =I11+J11 -> 3 | M11: =ENTREVISTA!BD58 -> X | P11: X
A12: =ENTREVISTA!D59 -> DI | B12: =ENTREVISTA!F59 -> 01 | C12: =ENTREVISTA!H59 -> S | D12: =ENTREVISTA!I59 -> 06 | E12: =ENTREVISTA!J59 -> CANALIZACIÓN EXTERNA | F12: =ENTREVISTA!BI59 -> X | H12: =ENTREVISTA!BK59 -> X | I12: =ENTREVISTA!BA59 -> 1 | J12: =ENTREVISTA!BB59 -> 2 | K12: =I12+J12 -> 3 | M12: =ENTREVISTA!BD59 -> X | P12: =ENTREVISTA!AC59 -> X
A13: =ENTREVISTA!D60 -> DI | B13: =ENTREVISTA!F60 -> 01 | C13: =ENTREVISTA!H60 -> S | D13: =ENTREVISTA!I60 -> 07 | E13: =ENTREVISTA!J60 -> INFORMES DEL ÁREA DE FORTALECIMIENTO FAMILIAR Y RESPONSABLIDAD SOCIAL | F13: =ENTREVISTA!BI60 -> X | H13: =ENTREVISTA!BK60 -> X | I13: =ENTREVISTA!BA60 -> 1 | J13: =ENTREVISTA!BB60 -> 2 | K13: =I13+J13 -> 3 | M13: =ENTREVISTA!BD60 -> X
A14: =ENTREVISTA!D61 -> DI | B14: =ENTREVISTA!F61 -> 01 | C14: =ENTREVISTA!H61 -> S | D14: =ENTREVISTA!I61 -> 08 | E14: =ENTREVISTA!J61 -> PLANEACIÓN DEL ÁREA | H14: =ENTREVISTA!BK61 -> X | I14: =ENTREVISTA!BA61 -> 1 | J14: =ENTREVISTA!BB61 -> 2 | K14: =I14+J14 -> 3 | L14: X
A15: SUB SECCIÓN | D15: =ENTREVISTA!F62 -> 02 | E15: =ENTREVISTA!G62 -> SIPINNA
A16: CLAVE SERIE | E16: NOMBRE DE LA SERIE
A17: =ENTREVISTA!D62 -> DI | B17: =ENTREVISTA!F62 -> 02 | C17: =ENTREVISTA!H62 -> S | D17: =ENTREVISTA!I62 -> 01 | E17: =ENTREVISTA!J62 -> SIPINNA ESTATAL | F17: =ENTREVISTA!BI62 -> X | H17: =ENTREVISTA!BK62 -> X | I17: =ENTREVISTA!BA62 -> 1 | J17: =ENTREVISTA!BB62 -> 2 | K17: =I17+J17 -> 3 | M17: =ENTREVISTA!BD62 -> X | P17: =ENTREVISTA!AC62 -> X
A18: =ENTREVISTA!D63 -> DI | B18: =ENTREVISTA!F63 -> 02 | C18: =ENTREVISTA!H63 -> S | D18: =ENTREVISTA!I63 -> 02 | E18: =ENTREVISTA!J63 -> SIPINNA MUNICIPAL | F18: =ENTREVISTA!BI63 -> X | H18: =ENTREVISTA!BK63 -> X | I18: =ENTREVISTA!BA63 -> 1 | J18: =ENTREVISTA!BB63 -> 2 | K18: =I18+J18 -> 3 | M18: =ENTREVISTA!BD63 -> X | P18: =ENTREVISTA!AC63 -> X
A19: =ENTREVISTA!D64 -> DI | B19: =ENTREVISTA!F64 -> 02 | C19: =ENTREVISTA!H64 -> S | D19: =ENTREVISTA!I64 -> 03 | E19: =ENTREVISTA!J64 -> MESAS DE TRABAJO SIPINNA | F19: =ENTREVISTA!BI64 -> X | H19: =ENTREVISTA!BK64 -> X | I19: =ENTREVISTA!BA64 -> 1 | J19: =ENTREVISTA!BB64 -> 2 | K19: =ENTREVISTA!BC64 -> 3 | M19: =ENTREVISTA!BD64 -> X | P19: X
A20: SUB SECCIÓN | D20: =ENTREVISTA!F113 -> 03 | E20: =ENTREVISTA!G113 -> COORDINACIÓN DE ARCHIVOS
A21: CLAVE SERIE | E21: NOMBRE DE LA SERIE
A22: =ENTREVISTA!D113 -> DI | B22: =ENTREVISTA!F113 -> 03 | C22: =ENTREVISTA!H113 -> C | D22: =ENTREVISTA!I113 -> 01 | E22: =ENTREVISTA!J113 -> COMITÉ DE ARCHIVOS | F22: X | H22: X | I22: =ENTREVISTA!BA113 -> 1 | J22: =ENTREVISTA!BB113 -> 2 | K22: =I22+J22 -> 3 | M22: X
A23: =ENTREVISTA!D114 -> DI | B23: =ENTREVISTA!F114 -> 03 | C23: =ENTREVISTA!H114 -> C | D23: =ENTREVISTA!I114 -> 02 | E23: =ENTREVISTA!J114 -> PROGRAMA ANUAL DE DESARROLLO ARCHIVÍSTICO | F23: X | H23: X | I23: =ENTREVISTA!BA114 -> 1 | J23: =ENTREVISTA!BB114 -> 2 | K23: =I23+J23 -> 3 | L23: X
A24: =ENTREVISTA!D115 -> DI | B24: =ENTREVISTA!F115 -> 03 | C24: =ENTREVISTA!H115 -> C | D24: =ENTREVISTA!I115 -> 03 | E24: =ENTREVISTA!J115 -> INSTRUMENTOS DE CONSULTA Y CONTROL | F24: X | H24: X | I24: =ENTREVISTA!BA115 -> 3 | J24: =ENTREVISTA!BB115 -> 4 | K24: =I24+J24 -> 7 | L24: X
A25: =ENTREVISTA!D116 -> DI | B25: =ENTREVISTA!F116 -> 03 | C25: =ENTREVISTA!H116 -> C | D25: =ENTREVISTA!I116 -> 04 | E25: =ENTREVISTA!J116 -> MANUALES DE PROCEDIMIENTOS | F25: X | H25: X | I25: =ENTREVISTA!BA116 -> 3 | J25: =ENTREVISTA!BB116 -> 4 | K25: =I25+J25 -> 7 | L25: X
A26: SUB SECCIÓN | D26: =ENTREVISTA!F118 -> 04 | E26: =ENTREVISTA!G118 -> UNIDAD DE TRANSPARENCIA
A27: CLAVE SERIE | E27: NOMBRE DE LA SERIE
A28: =ENTREVISTA!D118 -> DI | B28: =ENTREVISTA!F118 -> 04 | C28: =ENTREVISTA!H118 -> C | D28: =ENTREVISTA!I118 -> 01 | E28: =ENTREVISTA!J118 -> COMITÉ DE TRANSPARENCIA | F28: X | H28: X | I28: =ENTREVISTA!BA118 -> 1 | J28: =ENTREVISTA!BB118 -> 2 | K28: =I28+J28 -> 3 | M28: X
A29: =ENTREVISTA!D119 -> DI | B29: =ENTREVISTA!F119 -> 04 | C29: =ENTREVISTA!H119 -> C | D29: =ENTREVISTA!I119 -> 02 | E29: =ENTREVISTA!J119 -> OBLIGACIONES DE TRANSPARENCIA | F29: X | H29: X | I29: =ENTREVISTA!BA119 -> 1 | J29: =ENTREVISTA!BB119 -> 2 | K29: =I29+J29 -> 3 | L29: X
A30: =ENTREVISTA!D120 -> DI | B30: =ENTREVISTA!F120 -> 04 | C30: =ENTREVISTA!H120 -> C | D30: =ENTREVISTA!I120 -> 03 | E30: =ENTREVISTA!J120 -> RECURSOS DE REVISIÓN | F30: X | H30: X | I30: * | J30: * | K30: * | L30: X | Q30: =ENTREVISTA!BC120 -> DEPENDE DE LA DURACIÓN DEL PROCEDIMIENTO
A31: =ENTREVISTA!D121 -> DI | B31: =ENTREVISTA!F121 -> 04 | C31: =ENTREVISTA!H121 -> C | D31: =ENTREVISTA!I121 -> 04 | E31: =ENTREVISTA!J121 -> SOLICITUDES DE INFORMACION | F31: X | H31: X | I31: =ENTREVISTA!BA121 -> 1 | J31: =ENTREVISTA!BB121 -> 2 | K31: =I31+J31 -> 3 | L31: X
A32: =ENTREVISTA!D122 -> DI | B32: =ENTREVISTA!F122 -> 04 | C32: =ENTREVISTA!H122 -> C | D32: =ENTREVISTA!I122 -> 05 | E32: =ENTREVISTA!J122 -> SOLICITUDES ARCO | F32: X | H32: X | I32: =ENTREVISTA!BA122 -> 1 | J32: =ENTREVISTA!BB122 -> 2 | K32: =I32+J32 -> 3 | L32: X
A33: =ENTREVISTA!D123 -> DI | B33: =ENTREVISTA!F123 -> 04 | C33: =ENTREVISTA!H123 -> C | D33: =ENTREVISTA!I123 -> 06 | E33: =ENTREVISTA!J123 -> SUPERVISIÓN DE ORGANO GARANTE | F33: X | H33: X | I33: =ENTREVISTA!BA123 -> 1 | J33: =ENTREVISTA!BB123 -> 3 | K33: =I33+J33 -> 4 | M33: X
A34: NOMBRE DE LA SECCION: COORDINACION GENERAL
A35: SUB SECCIÓN | D35: =ENTREVISTA!F65 -> 01 | E35: =ENTREVISTA!G65 -> PLANEACIÓN Y PROYECTOS
A36: CLAVE SERIE | E36: NOMBRE DE LA SERIE
A37: =ENTREVISTA!D65 -> CG | B37: =ENTREVISTA!F65 -> 01 | C37: =ENTREVISTA!H65 -> C | D37: =ENTREVISTA!I65 -> 01 | E37: =ENTREVISTA!J65 -> ENTREGA - RECEPCIÓN | F37: =ENTREVISTA!BI65 -> X | H37: =ENTREVISTA!BK65 -> X | I37: =ENTREVISTA!BA65 -> 1 | J37: =ENTREVISTA!BB65 -> 2 | K37: =I37+J37 -> 3 | M37: X | P37: X
A38: =ENTREVISTA!D66 -> CG | B38: =ENTREVISTA!F66 -> 01 | C38: =ENTREVISTA!H66 -> S | D38: =ENTREVISTA!I66 -> 02 | E38: =ENTREVISTA!J66 -> PROYECTO O.S.C. | H38: =ENTREVISTA!BK66 -> X | I38: =ENTREVISTA!BA66 -> 1 | J38: =ENTREVISTA!BB66 -> 2 | K38: =I38+J38 -> 3 | M38: X
A39: =ENTREVISTA!D67 -> CG | B39: =ENTREVISTA!F67 -> 01 | C39: =ENTREVISTA!H67 -> C | D39: =ENTREVISTA!I67 -> 03 | E39: =ENTREVISTA!J67 -> PRESUPUESTO BASADO EN RESULTADOS (PBR) | F39: =ENTREVISTA!BI67 -> X | H39: =ENTREVISTA!BK67 -> X | I39: =ENTREVISTA!BA67 -> 1 | J39: =ENTREVISTA!BB67 -> 2 | K39: =I39+J39 -> 3 | L39: X
A40: =ENTREVISTA!D68 -> CG | B40: =ENTREVISTA!F68 -> 01 | C40: =ENTREVISTA!H68 -> S | D40: =ENTREVISTA!I68 -> 04 | E40: =ENTREVISTA!J68 -> VINCULACIÓN | H40: =ENTREVISTA!BK68 -> X | I40: =ENTREVISTA!BA68 -> 1 | J40: =ENTREVISTA!BB68 -> 2 | K40: =I40+J40 -> 3 | L40: X
A41: =ENTREVISTA!D69 -> CG | B41: =ENTREVISTA!F69 -> 01 | C41: =ENTREVISTA!H69 -> S | D41: =ENTREVISTA!I69 -> 05 | E41: =ENTREVISTA!J69 -> INFORMES CONSOLIDADOS | H41: =ENTREVISTA!BK69 -> X | I41: =ENTREVISTA!BA69 -> 1 | J41: =ENTREVISTA!BB69 -> 2 | K41: =I41+J41 -> 3 | M41: =ENTREVISTA!BD69 -> X
A42: =ENTREVISTA!D70 -> CG | B42: =ENTREVISTA!F70 -> 01 | C42: =ENTREVISTA!H70 -> C | D42: =ENTREVISTA!I70 -> 06 | E42: =ENTREVISTA!J70 -> MATRIZ DE CUMPLIMIENTO LEGAL | H42: =ENTREVISTA!BK70 -> X | I42: =ENTREVISTA!BA70 -> 1 | J42: =ENTREVISTA!BB70 -> 2 | K42: =I42+J42 -> 3 | L42: X
A43: SUB SECCIÓN | D43: =ENTREVISTA!F95 -> 02 | E43: =ENTREVISTA!G95 -> COMUNICACIÓN SOCIAL
A44: CLAVE SERIE | E44: NOMBRE DE LA SERIE
A45: =ENTREVISTA!D95 -> CG | B45: =ENTREVISTA!F95 -> 02 | C45: =ENTREVISTA!H95 -> C | D45: =ENTREVISTA!I95 -> 01 | E45: =ENTREVISTA!J95 -> CAMPAÑAS | F45: =ENTREVISTA!BI95 -> X | H45: =ENTREVISTA!BK95 -> X | I45: =ENTREVISTA!BA95 -> 1 | J45: =ENTREVISTA!BB95 -> 2 | K45: =I45+J45 -> 3 | N45: X
A46: =ENTREVISTA!D96 -> CG | B46: =ENTREVISTA!F96 -> 02 | C46: =ENTREVISTA!H96 -> C | D46: =ENTREVISTA!I96 -> 02 | E46: =ENTREVISTA!J96 -> EVENTOS | F46: =ENTREVISTA!BI96 -> X | H46: =ENTREVISTA!BK96 -> X | I46: =ENTREVISTA!BA96 -> 1 | J46: =ENTREVISTA!BB96 -> 2 | K46: =I46+J46 -> 3 | L46: X
A47: =ENTREVISTA!D97 -> CG | B47: =ENTREVISTA!F97 -> 02 | C47: =ENTREVISTA!H97 -> C | D47: =ENTREVISTA!I97 -> 03 | E47: =ENTREVISTA!J97 -> COMUNICADOS (IMPRESOS Y DIGITALES) | F47: =ENTREVISTA!BI97 -> X | H47: =ENTREVISTA!BK97 -> X | I47: =ENTREVISTA!BA97 -> 1 | J47: =ENTREVISTA!BB97 -> 2 | K47: =I47+J47 -> 3 | L47: X
A48: =ENTREVISTA!D98 -> CG | B48: =ENTREVISTA!F98 -> 02 | C48: =ENTREVISTA!H98 -> C | D48: =ENTREVISTA!I98 -> 04 | E48: =ENTREVISTA!J98 -> DIRECTORIO | H48: =ENTREVISTA!BK98 -> X | I48: =ENTREVISTA!BA98 -> 1 | J48: =ENTREVISTA!BB98 -> 2 | K48: =I48+J48 -> 3 | L48: X | P48: X
A49: SUB SECCIÓN | D49: =ENTREVISTA!F109 -> 03 | E49: =ENTREVISTA!G109 -> OFICINA DE COORDINACIÓN GENERAL
A50: CLAVE SERIE | E50: NOMBRE DE LA SERIE
A51: =ENTREVISTA!D109 -> CG | B51: =ENTREVISTA!F109 -> 03 | C51: =ENTREVISTA!H109 -> C | D51: =ENTREVISTA!I109 -> 01 | E51: =ENTREVISTA!J109 -> REGISTRO DE CONTROL DE CORRESPONDENCIA | H51: =ENTREVISTA!BK109 -> X | I51: =ENTREVISTA!BA109 -> 1 | J51: =ENTREVISTA!BB109 -> 2 | K51: =I51+J51 -> 3 | L51: X
A52: =ENTREVISTA!D110 -> CG | B52: =ENTREVISTA!F110 -> 03 | C52: =ENTREVISTA!H110 -> C | D52: =ENTREVISTA!I110 -> 02 | E52: =ENTREVISTA!J110 -> SOLICITUDES ESPECIALES | H52: =ENTREVISTA!BK110 -> X | I52: =ENTREVISTA!BA110 -> 3 | J52: =ENTREVISTA!BB110 -> 0 | K52: =I52+J52 -> 3 | M52: X | P52: X
A53: NOMBRE DE LA SECCION: COORDINACION ADMINISTRATIVA
A54: SUB SECCIÓN | D54: =ENTREVISTA!F3 -> 01 | E54: =ENTREVISTA!G3 -> CONTABILIDAD
A55: CLAVE SERIE | E55: NOMBRE DE LA SERIE
A56: =ENTREVISTA!D3 -> CA | B56: =ENTREVISTA!F3 -> 01 | C56: =ENTREVISTA!H3 -> C | D56: =ENTREVISTA!I3 -> 01 | E56: =ENTREVISTA!J3 -> EJERCICIO PRESUPUESTAL | G56: =ENTREVISTA!BJ3 -> X | I56: =ENTREVISTA!BA3 -> 1 | J56: =ENTREVISTA!BB3 -> 5 | K56: =I56+J56 -> 6 | L56: X
A57: =ENTREVISTA!D4 -> CA | B57: =ENTREVISTA!F4 -> 01 | C57: =ENTREVISTA!H4 -> C | D57: =ENTREVISTA!I4 -> 02 | E57: =ENTREVISTA!J4 -> INGRESOS | G57: =ENTREVISTA!BJ4 -> X | H57: =ENTREVISTA!BK4 -> X | I57: =ENTREVISTA!BA4 -> 1 | J57: =ENTREVISTA!BB4 -> 5 | K57: =I57+J57 -> 6 | L57: X
A58: =ENTREVISTA!D5 -> CA | B58: =ENTREVISTA!F5 -> 01 | C58: =ENTREVISTA!H5 -> C | D58: =ENTREVISTA!I5 -> 03 | E58: =ENTREVISTA!J5 -> EGRESOS | G58: =ENTREVISTA!BJ5 -> X | H58: =ENTREVISTA!BK5 -> X | I58: =ENTREVISTA!BA5 -> 1 | J58: =ENTREVISTA!BB5 -> 5 | K58: =I58+J58 -> 6 | L58: X
A59: =ENTREVISTA!D6 -> CA | B59: =ENTREVISTA!F6 -> 01 | C59: =ENTREVISTA!H6 -> C | D59: =ENTREVISTA!I6 -> 04 | E59: =ENTREVISTA!J6 -> DIARIO | G59: =ENTREVISTA!BJ6 -> X | H59: =ENTREVISTA!BK6 -> X | I59: =ENTREVISTA!BA6 -> 1 | J59: =ENTREVISTA!BB6 -> 5 | K59: =I59+J59 -> 6 | L59: X
A60: =ENTREVISTA!D7 -> CA | B60: =ENTREVISTA!F7 -> 01 | C60: =ENTREVISTA!H7 -> C | D60: =ENTREVISTA!I7 -> 05 | E60: =ENTREVISTA!J7 -> ESTADOS FINANCIEROS | G60: =ENTREVISTA!BJ7 -> X | H60: =ENTREVISTA!BK7 -> X | I60: =ENTREVISTA!BA7 -> 1 | J60: =ENTREVISTA!BB7 -> 5 | K60: =I60+J60 -> 6 | M60: X
A61: =ENTREVISTA!D8 -> CA | B61: =ENTREVISTA!F8 -> 01 | C61: =ENTREVISTA!H8 -> C | D61: =ENTREVISTA!I8 -> 06 | E61: =ENTREVISTA!J8 -> CUENTA PÚBLICA | F61: =ENTREVISTA!BI8 -> X | G61: =ENTREVISTA!BJ8 -> X | H61: =ENTREVISTA!BK8 -> X | I61: =ENTREVISTA!BA8 -> 3 | J61: =ENTREVISTA!BB8 -> 9 | K61: =I61+J61 -> 12 | L61: X
A62: =ENTREVISTA!D9 -> CA | B62: =ENTREVISTA!F9 -> 01 | C62: =ENTREVISTA!H9 -> C | D62: =ENTREVISTA!I9 -> 07 | E62: =ENTREVISTA!J9 -> CONCILIACIONES BANCARIAS | G62: =ENTREVISTA!BJ9 -> X | H62: =ENTREVISTA!BK9 -> X | I62: =ENTREVISTA!BA9 -> 1 | J62: =ENTREVISTA!BB9 -> 4 | K62: =I62+J62 -> 5 | L62: X
A63: =ENTREVISTA!D10 -> CA | B63: =ENTREVISTA!F10 -> 01 | C63: =ENTREVISTA!H10 -> C | D63: =ENTREVISTA!I10 -> 08 | E63: =ENTREVISTA!J10 -> IMPUESTOS, CUOTAS Y DERECHOS | G63: =ENTREVISTA!BJ10 -> X | I63: =ENTREVISTA!BA10 -> 3 | J63: =ENTREVISTA!BB10 -> 9 | K63: =I63+J63 -> 12 | L63: X
A64: SUB SECCIÓN | D64: =ENTREVISTA!F11 -> 02 | E64: =ENTREVISTA!G11 -> JURÍDCO ADMINISTRATIVO
A65: CLAVE SERIE | E65: NOMBRE DE LA SERIE
A66: =ENTREVISTA!D11 -> CA | B66: =ENTREVISTA!F11 -> 02 | C66: =ENTREVISTA!H11 -> C | D66: =ENTREVISTA!I11 -> 01 | E66: =ENTREVISTA!J11 -> CONTRATOS, ADQUISICIONES Y OPERATIVOS | G66: =ENTREVISTA!BJ11 -> X | H66: =ENTREVISTA!BK11 -> X | I66: =ENTREVISTA!BA11 -> * | J66: =ENTREVISTA!BB11 -> 9 | K66: * | L66: X | Q66: *CONSERVAR EN AT MIENTRAS EL PROCESO ESTE VIGENTE
A67: =ENTREVISTA!D12 -> CA | B67: =ENTREVISTA!F12 -> 02 | C67: =ENTREVISTA!H12 -> S | D67: =ENTREVISTA!I12 -> 02 | E67: =ENTREVISTA!J12 -> CONVENIOS OSC | H67: =ENTREVISTA!BK12 -> X | I67: =ENTREVISTA!BA12 -> 1 | J67: =ENTREVISTA!BB12 -> 3 | K67: =I67+J67 -> 4 | L67: X
A68: =ENTREVISTA!D13 -> CA | B68: =ENTREVISTA!F13 -> 02 | C68: =ENTREVISTA!H13 -> S | D68: =ENTREVISTA!I13 -> 03 | E68: =ENTREVISTA!J13 -> CONVENIOS DE COLABORACIÓN | G68: =ENTREVISTA!BJ13 -> X | H68: =ENTREVISTA!BK13 -> X | I68: =ENTREVISTA!BA13 -> * | J68: =ENTREVISTA!BB13 -> 3 | K68: * | L68: X | Q68: *CONSERVAR EN AT MIENTRAS EL CONVENIO ESTE VIGENTE
A69: =ENTREVISTA!D14 -> CA | B69: =ENTREVISTA!F14 -> 02 | C69: =ENTREVISTA!H14 -> C | D69: =ENTREVISTA!I14 -> 04 | E69: =ENTREVISTA!J14 -> COMODATOS | G69: =ENTREVISTA!BJ14 -> X | H69: =ENTREVISTA!BK14 -> X | I69: =ENTREVISTA!BA14 -> 1 | J69: =ENTREVISTA!BB14 -> 3 | K69: =I69+J69 -> 4 | L69: X
A70: =ENTREVISTA!D15 -> CA | B70: =ENTREVISTA!F15 -> 02 | C70: =ENTREVISTA!H15 -> S | D70: =ENTREVISTA!I15 -> 05 | E70: =ENTREVISTA!J15 -> CONSTANCIAS DE ACREDITACION OSC | G70: =ENTREVISTA!BJ15 -> X | H70: =ENTREVISTA!BK15 -> X | I70: =ENTREVISTA!BA15 -> 1 | J70: =ENTREVISTA!BB15 -> 3 | K70: =I70+J70 -> 4 | L70: X
A71: =ENTREVISTA!D16 -> CA | B71: =ENTREVISTA!F16 -> 02 | C71: =ENTREVISTA!H16 -> S | D71: =ENTREVISTA!I16 -> 06 | E71: =ENTREVISTA!J16 -> CONSEJO DIRECTIVO | H71: =ENTREVISTA!BK16 -> X | I71: =ENTREVISTA!BA16 -> 3 | J71: =ENTREVISTA!BB16 -> 9 | K71: =I71+J71 -> 12 | M71: =ENTREVISTA!BD16 -> X
A72: =ENTREVISTA!D17 -> CA | B72: =ENTREVISTA!F17 -> 02 | C72: =ENTREVISTA!H17 -> C | D72: =ENTREVISTA!I17 -> 07 | E72: =ENTREVISTA!J17 -> COMITÉ DE ADQUISICIONES | G72: =ENTREVISTA!BJ17 -> X | H72: =ENTREVISTA!BK17 -> X | I72: =ENTREVISTA!BA17 -> 3 | J72: =ENTREVISTA!BB17 -> 3 | K72: =I72+J72 -> 6 | L72: X
A73: =ENTREVISTA!D18 -> CA | B73: =ENTREVISTA!F18 -> 02 | C73: =ENTREVISTA!H18 -> C | D73: =ENTREVISTA!I18 -> 08 | E73: =ENTREVISTA!J18 -> PROCEDIMIENTO DE REMATE | G73: =ENTREVISTA!BJ18 -> X | I73: =ENTREVISTA!BA18 -> 1 | J73: =ENTREVISTA!BB18 -> 3 | K73: =I73+J73 -> 4 | L73: X
A74: =ENTREVISTA!D19 -> CA | B74: =ENTREVISTA!F19 -> 02 | C74: =ENTREVISTA!H19 -> C | D74: =ENTREVISTA!I19 -> 09 | E74: =ENTREVISTA!J19 -> ASUNTOS JUDICIALES, LABORALES Y ADMINISTRATIVOS | H74: =ENTREVISTA!BK19 -> X | I74: =ENTREVISTA!BA19 -> * | J74: =ENTREVISTA!BB19 -> 9 | K74: * | M74: X | Q74: *EL TIEMPO EN AT DEPENDERÁ DE LA CONCLUSION DEL PROCESO
A75: =ENTREVISTA!D20 -> CA | B75: =ENTREVISTA!F20 -> 02 | C75: =ENTREVISTA!H20 -> C | D75: =ENTREVISTA!I20 -> 10 | E75: =ENTREVISTA!J20 -> VIOLACIONES A LOS DERECHOS HUMANOS | H75: =ENTREVISTA!BK20 -> X | I75: =ENTREVISTA!BA20 -> * | J75: =ENTREVISTA!BB20 -> 9 | K75: * | M75: =ENTREVISTA!BD20 -> X | P75: =ENTREVISTA!AC20 -> X | Q75: *EL TIEMPO EN ATDEPENDERÁ DE LA CONCLUSION DEL PROCESO
A76: =ENTREVISTA!D21 -> CA | B76: =ENTREVISTA!F21 -> 02 | C76: =ENTREVISTA!H21 -> C | D76: =ENTREVISTA!I21 -> 11 | E76: =ENTREVISTA!J21 -> CONTRATOS HONORARIOS | F76: =ENTREVISTA!BI21 -> X | H76: =ENTREVISTA!BK21 -> X | I76: =ENTREVISTA!BA21 -> * | J76: =ENTREVISTA!BB21 -> 3 | K76: * | L76: X | P76: =ENTREVISTA!AB21 -> X | Q76: *CONSERVACION EN AT MIENTRAS SE ENCUENTRE EL PERSONAL ACTIVO
A77: =ENTREVISTA!D71 -> CA | B77: =ENTREVISTA!$F$71 -> 02 | C77: =ENTREVISTA!$H$71 -> S | D77: =ENTREVISTA!I71 -> 12 | E77: =ENTREVISTA!J71 -> DONATIVOS | H77: X | I77: =ENTREVISTA!BA71 -> 3 | J77: =ENTREVISTA!BB71 -> 9 | K77: =I77+J77 -> 12 | L77: X
A78: SUB SECCIÓN | D78: =ENTREVISTA!F72 -> 03 | E78: =ENTREVISTA!G72 -> ADMINISTRACIÓN (COMPROBACIÓN Y APOYO A LAS OSC)
A79: CLAVE SERIE | E79: NOMBRE DE LA SERIE
A80: =ENTREVISTA!D72 -> CA | B80: =ENTREVISTA!F72 -> 03 | C80: =ENTREVISTA!H72 -> C | D80: =ENTREVISTA!I72 -> 01 | E80: =ENTREVISTA!J72 -> INFORME DE INGRESOS DE CENTROS COMUNITARIOS | I80: =ENTREVISTA!BA72 -> 1 | J80: =ENTREVISTA!BB72 -> 4 | K80: =I80+J80 -> 5 | L80: X
A81: =ENTREVISTA!D73 -> CA | B81: =ENTREVISTA!F73 -> 03 | C81: =ENTREVISTA!H73 -> C | D81: =ENTREVISTA!I73 -> 02 | E81: =ENTREVISTA!J73 -> SEGUROS | H81: =ENTREVISTA!BK73 -> X | I81: =ENTREVISTA!BA73 -> 1 | J81: =ENTREVISTA!BB73 -> 3 | K81: =I81+J81 -> 4 | L81: X
A82: =ENTREVISTA!D74 -> CA | B82: =ENTREVISTA!F74 -> 03 | C82: =ENTREVISTA!H74 -> S | D82: =ENTREVISTA!I74 -> 03 | E82: =ENTREVISTA!J74 -> ATENCIÓN A CENTROS COMUNITARIOS | G82: =ENTREVISTA!BJ74 -> X | H82: =ENTREVISTA!BK74 -> X | I82: =ENTREVISTA!BA74 -> 1 | J82: =ENTREVISTA!BB74 -> 2 | K82: =I82+J82 -> 3 | L82: X
A83: =ENTREVISTA!D75 -> CA | B83: =ENTREVISTA!F75 -> 03 | C83: =ENTREVISTA!H75 -> C | D83: =ENTREVISTA!I75 -> 04 | E83: =ENTREVISTA!J75 -> IMPUESTOS ESTATALES | G83: =ENTREVISTA!BJ75 -> X | I83: =ENTREVISTA!BA75 -> 1 | J83: =ENTREVISTA!BB75 -> 2 | K83: =I83+J83 -> 3 | L83: X
A84: =ENTREVISTA!D76 -> CA | B84: =ENTREVISTA!F76 -> 03 | C84: =ENTREVISTA!H76 -> C | D84: =ENTREVISTA!I76 -> 05 | E84: =ENTREVISTA!J76 -> MANTENIMIENTO VEHICULAR | H84: X | I84: =ENTREVISTA!BA76 -> 1 | J84: =ENTREVISTA!BB76 -> 1 | K84: =I84+J84 -> 2 | L84: X
A85: SUB SECCIÓN | D85: =ENTREVISTA!F77 -> 04 | E85: =ENTREVISTA!G77 -> OFICINA DE COORDINACIÓN ADMINISTRATIVA
A86: CLAVE SERIE | E86: NOMBRE DE LA SERIE
A87: =ENTREVISTA!D77 -> CA | B87: =ENTREVISTA!F77 -> 04 | C87: =ENTREVISTA!H77 -> C | D87: =ENTREVISTA!I77 -> 01 | E87: =ENTREVISTA!J77 -> AUDITORÍAS | H87: =ENTREVISTA!BK77 -> X | I87: =ENTREVISTA!BA77 -> 1 | J87: =ENTREVISTA!BB77 -> 3 | K87: =I87+J87 -> 4 | M87: X | O87: X
A88: =ENTREVISTA!D78 -> CA | B88: =ENTREVISTA!F78 -> 04 | C88: =ENTREVISTA!H78 -> C | D88: =ENTREVISTA!I78 -> 02 | E88: =ENTREVISTA!J78 -> CONTROL DE CUENTAS BANCARIAS | G88: =ENTREVISTA!BJ78 -> X | I88: =ENTREVISTA!BA78 -> 1 | J88: =ENTREVISTA!BB78 -> 2 | K88: =I88+J88 -> 3 | L88: X | O88: X
A89: =ENTREVISTA!D79 -> CA | B89: =ENTREVISTA!F79 -> 04 | C89: =ENTREVISTA!H79 -> S | D89: =ENTREVISTA!I79 -> 03 | E89: =ENTREVISTA!J79 -> NOTIFICACIONES PARA PERSONAL | H89: =ENTREVISTA!BK79 -> X | I89: =ENTREVISTA!BA79 -> 1 | J89: =ENTREVISTA!BB79 -> 1 | K89: =I89+J89 -> 2 | L89: X
A90: =ENTREVISTA!D80 -> CA | B90: =ENTREVISTA!F80 -> 04 | C90: =ENTREVISTA!H80 -> C | D90: =ENTREVISTA!I80 -> 04 | E90: =ENTREVISTA!J80 -> INFORMES DEL ÁREA ADMINISTRATIVA | F90: =ENTREVISTA!BI80 -> X | G90: =ENTREVISTA!BJ80 -> X | H90: =ENTREVISTA!BK80 -> X | I90: =ENTREVISTA!BA80 -> 1 | J90: =ENTREVISTA!BB80 -> 1 | K90: =I90+J90 -> 2 | M90: =ENTREVISTA!BD80 -> X
A91: =ENTREVISTA!D81 -> CA | B91: =ENTREVISTA!F81 -> 04 | C91: =ENTREVISTA!H81 -> S | D91: =ENTREVISTA!I81 -> 05 | E91: =ENTREVISTA!J81 -> TRABAJO INTERINSTITUCIONAL | F91: =ENTREVISTA!BI81 -> X | H91: =ENTREVISTA!BK81 -> X | I91: =ENTREVISTA!BA81 -> 1 | J91: =ENTREVISTA!BB81 -> 1 | K91: =I91+J91 -> 2 | L91: X
A92: =ENTREVISTA!D82 -> CA | B92: =ENTREVISTA!F82 -> 04 | C92: =ENTREVISTA!H82 -> C | D92: =ENTREVISTA!I82 -> 06 | E92: =ENTREVISTA!J82 -> BIENES PATRIMONIALES INMUEBLES | G92: =ENTREVISTA!BJ82 -> X | I92: =ENTREVISTA!BA82 -> 3 | J92: =ENTREVISTA!BB82 -> 9 | K92: =I92+J92 -> 12 | M92: X
A93: =ENTREVISTA!D83 -> CA | B93: =ENTREVISTA!F83 -> 04 | C93: =ENTREVISTA!H83 -> C | D93: =ENTREVISTA!I83 -> 07 | E93: =ENTREVISTA!J83 -> BIENES PATRIMONIALES MUEBLES | G93: =ENTREVISTA!BJ83 -> X | I93: =ENTREVISTA!BA83 -> 3 | J93: =ENTREVISTA!BB83 -> 9 | K93: =I93+J93 -> 12 | M93: X
A94: SUB SECCIÓN | D94: =ENTREVISTA!F84 -> 05 | E94: =ENTREVISTA!G84 -> PERSONAL
A95: CLAVE SERIE | E95: NOMBRE DE LA SERIE
A96: =ENTREVISTA!D84 -> CA | B96: =ENTREVISTA!F84 -> 05 | C96: C | D96: =ENTREVISTA!I84 -> 01 | E96: =ENTREVISTA!J84 -> EXPEDIENTES DE PERSONAL | F96: =ENTREVISTA!BI84 -> X | H96: =ENTREVISTA!BK84 -> X | I96: =ENTREVISTA!BA84 -> * | J96: =ENTREVISTA!BB84 -> 6 | K96: =ENTREVISTA!BC84 -> * | M96: X | P96: =ENTREVISTA!AB84 -> X | Q96: *CONSERVAR EN AT MIENTRAS EL PRESONAL SE ENCUENTRE ACTIVO
A97: =ENTREVISTA!D85 -> CA | B97: =ENTREVISTA!F85 -> 05 | C97: C | D97: =ENTREVISTA!I85 -> 02 | E97: =ENTREVISTA!J85 -> ASISTENCIA Y PUNTUALIDAD | H97: =ENTREVISTA!BK85 -> X | I97: =ENTREVISTA!BA85 -> 1 | J97: =ENTREVISTA!BB85 -> 6 | K97: =I97+J97 -> 7 | L97: X
A98: =ENTREVISTA!D86 -> CA | B98: =ENTREVISTA!F86 -> 05 | C98: C | D98: =ENTREVISTA!I86 -> 03 | E98: =ENTREVISTA!J86 -> NÓMINA BASE | H98: =ENTREVISTA!BK86 -> X | I98: =ENTREVISTA!BA86 -> 1 | J98: =ENTREVISTA!BB86 -> 6 | K98: =I98+J98 -> 7 | L98: X
A99: =ENTREVISTA!D87 -> CA | B99: =ENTREVISTA!F87 -> 05 | C99: S | D99: =ENTREVISTA!I87 -> 04 | E99: =ENTREVISTA!J87 -> PAGO A VOLUNTARIOS | H99: =ENTREVISTA!BK87 -> X | I99: =ENTREVISTA!BA87 -> 1 | J99: =ENTREVISTA!BB87 -> 6 | K99: =I99+J99 -> 7 | L99: X
A100: =ENTREVISTA!D88 -> CA | B100: =ENTREVISTA!F88 -> 05 | C100: C | D100: =ENTREVISTA!I88 -> 05 | E100: =ENTREVISTA!J88 -> PENSIONES MUNICIPALES | H100: =ENTREVISTA!BK88 -> X | I100: =ENTREVISTA!BA88 -> 1 | J100: =ENTREVISTA!BB88 -> 6 | K100: =I100+J100 -> 7 | M100: X
...

Sheet C.G.C.A
E1: "CUADRO GENERAL DE CLASIFICACION ARCHIVISTICA CGCA 001/2019"
A2: CLAVE SECCIÓN | D2: =ENTREVISTA!D54 -> DI | E2: SECCIÓN
E3: =ENTREVISTA!E54 -> DIRECCIÓN
A4: SUB SECCIÓN | D4: =ENTREVISTA!F54 -> 01 | E4: =ENTREVISTA!G54 -> FORTALECIMIENTO FAMILIAR Y RESPONSABILIDAD SOCIAL
A5: CLAVE SERIE | E5: NOMBRE DE LA SERIE
A6: ='CATALOGO DE DISPOSICION DOC.'!A7 -> DI | B6: ='CATALOGO DE DISPOSICION DOC.'!B7 -> 01 | C6: ='CATALOGO DE DISPOSICION DOC.'!C7 -> S | D6: ='CATALOGO DE DISPOSICION DOC.'!D7 -> 01 | E6: ='CATALOGO DE DISPOSICION DOC.'!E7 -> VOLUNTARIADO
A7: ='CATALOGO DE DISPOSICION DOC.'!A8 -> DI | B7: ='CATALOGO DE DISPOSICION DOC.'!B8 -> 01 | C7: ='CATALOGO DE DISPOSICION DOC.'!C8 -> S | D7: ='CATALOGO DE DISPOSICION DOC.'!D8 -> 02 | E7: ='CATALOGO DE DISPOSICION DOC.'!E8 -> ATENCIÓN EVENTUALIDADES
A8: ='CATALOGO DE DISPOSICION DOC.'!A9 -> DI | B8: ='CATALOGO DE DISPOSICION DOC.'!B9 -> 01 | C8: ='CATALOGO DE DISPOSICION DOC.'!C9 -> S | D8: ='CATALOGO DE DISPOSICION DOC.'!D9 -> 03 | E8: ='CATALOGO DE DISPOSICION DOC.'!E9 -> PROGRAMAS DE FORTALECIMIENTO FAMILIAR
A9: ='CATALOGO DE DISPOSICION DOC.'!A10 -> DI | B9: ='CATALOGO DE DISPOSICION DOC.'!B10 -> 01 | C9: ='CATALOGO DE DISPOSICION DOC.'!C10 -> S | D9: ='CATALOGO DE DISPOSICION DOC.'!D10 -> 04 | E9: ='CATALOGO DE DISPOSICION DOC.'!E10 -> TALLERES DE FORTALECIMIENTO FAMILIAR
A10: ='CATALOGO DE DISPOSICION DOC.'!A11 -> DI | B10: ='CATALOGO DE DISPOSICION DOC.'!B11 -> 01 | C10: ='CATALOGO DE DISPOSICION DOC.'!C11 -> S | D10: ='CATALOGO DE DISPOSICION DOC.'!D11 -> 05 | E10: ='CATALOGO DE DISPOSICION DOC.'!E11 -> RELACIONES INTERINSTITUCIONALES
A11: ='CATALOGO DE DISPOSICION DOC.'!A12 -> DI | B11: ='CATALOGO DE DISPOSICION DOC.'!B12 -> 01 | C11: ='CATALOGO DE DISPOSICION DOC.'!C12 -> S | D11: ='CATALOGO DE DISPOSICION DOC.'!D12 -> 06 | E11: ='CATALOGO DE DISPOSICION DOC.'!E12 -> CANALIZACIÓN EXTERNA
A12: ='CATALOGO DE DISPOSICION DOC.'!A13 -> DI | B12: ='CATALOGO DE DISPOSICION DOC.'!B13 -> 01 | C12: ='CATALOGO DE DISPOSICION DOC.'!C13 -> S | D12: ='CATALOGO DE DISPOSICION DOC.'!D13 -> 07 | E12: ='CATALOGO DE DISPOSICION DOC.'!E13 -> INFORMES DEL ÁREA DE FORTALECIMIENTO FAMILIAR Y RESPONSABLIDAD SOCIAL
A13: ='CATALOGO DE DISPOSICION DOC.'!A14 -> DI | B13: ='CATALOGO DE DISPOSICION DOC.'!B14 -> 01 | C13: ='CATALOGO DE DISPOSICION DOC.'!C14 -> S | D13: ='CATALOGO DE DISPOSICION DOC.'!D14 -> 08 | E13: ='CATALOGO DE DISPOSICION DOC.'!E14 -> PLANEACIÓN DEL ÁREA
A14: SUB SECCIÓN | D14: =ENTREVISTA!F62 -> 02 | E14: =ENTREVISTA!G62 -> SIPINNA
A15: CLAVE SERIE | E15: NOMBRE DE LA SERIE
A16: ='CATALOGO DE DISPOSICION DOC.'!A17 -> DI | B16: ='CATALOGO DE DISPOSICION DOC.'!B17 -> 02 | C16: ='CATALOGO DE DISPOSICION DOC.'!C17 -> S | D16: ='CATALOGO DE DISPOSICION DOC.'!D17 -> 01 | E16: ='CATALOGO DE DISPOSICION DOC.'!E17 -> SIPINNA ESTATAL
A17: ='CATALOGO DE DISPOSICION DOC.'!A18 -> DI | B17: ='CATALOGO DE DISPOSICION DOC.'!B18 -> 02 | C17: ='CATALOGO DE DISPOSICION DOC.'!C18 -> S | D17: ='CATALOGO DE DISPOSICION DOC.'!D18 -> 02 | E17: ='CATALOGO DE DISPOSICION DOC.'!E18 -> SIPINNA MUNICIPAL
A18: =ENTREVISTA!D64 -> DI | B18: ='CATALOGO DE DISPOSICION DOC.'!B19 -> 02 | C18: ='CATALOGO DE DISPOSICION DOC.'!C19 -> S | D18: ='CATALOGO DE DISPOSICION DOC.'!D19 -> 03 | E18: ='CATALOGO DE DISPOSICION DOC.'!E19 -> MESAS DE TRABAJO SIPINNA
A19: SUB SECCIÓN | D19: =ENTREVISTA!F113 -> 03 | E19: =ENTREVISTA!G113 -> COORDINACIÓN DE ARCHIVOS
A20: CLAVE SERIE | E20: NOMBRE DE LA SERIE
A21: =ENTREVISTA!D113 -> DI | B21: ='CATALOGO DE DISPOSICION DOC.'!B22 -> 03 | C21: ='CATALOGO DE DISPOSICION DOC.'!C22 -> C | D21: =ENTREVISTA!I113 -> 01 | E21: =ENTREVISTA!J113 -> COMITÉ DE ARCHIVOS
A22: =ENTREVISTA!D114 -> DI | B22: ='CATALOGO DE DISPOSICION DOC.'!B23 -> 03 | C22: ='CATALOGO DE DISPOSICION DOC.'!C23 -> C | D22: =ENTREVISTA!I114 -> 02 | E22: =ENTREVISTA!J114 -> PROGRAMA ANUAL DE DESARROLLO ARCHIVÍSTICO
A23: =ENTREVISTA!D115 -> DI | B23: ='CATALOGO DE DISPOSICION DOC.'!B24 -> 03 | C23: ='CATALOGO DE DISPOSICION DOC.'!C24 -> C | D23: =ENTREVISTA!I115 -> 03 | E23: =ENTREVISTA!J115 -> INSTRUMENTOS DE CONSULTA Y CONTROL
A24: =ENTREVISTA!D116 -> DI | B24: ='CATALOGO DE DISPOSICION DOC.'!B25 -> 03 | C24: ='CATALOGO DE DISPOSICION DOC.'!C25 -> C | D24: =ENTREVISTA!I116 -> 04 | E24: =ENTREVISTA!J116 -> MANUALES DE PROCEDIMIENTOS
A25: SUB SECCIÓN | D25: =ENTREVISTA!F118 -> 04 | E25: =ENTREVISTA!G118 -> UNIDAD DE TRANSPARENCIA
A26: CLAVE SERIE | E26: NOMBRE DE LA SERIE
A27: =ENTREVISTA!D118 -> DI | B27: ='CATALOGO DE DISPOSICION DOC.'!B28 -> 04 | C27: ='CATALOGO DE DISPOSICION DOC.'!C28 -> C | D27: =ENTREVISTA!I118 -> 01 | E27: =ENTREVISTA!J118 -> COMITÉ DE TRANSPARENCIA
A28: =ENTREVISTA!D119 -> DI | B28: ='CATALOGO DE DISPOSICION DOC.'!B29 -> 04 | C28: ='CATALOGO DE DISPOSICION DOC.'!C29 -> C | D28: =ENTREVISTA!I119 -> 02 | E28: =ENTREVISTA!J119 -> OBLIGACIONES DE TRANSPARENCIA
A29: =ENTREVISTA!D120 -> DI | B29: ='CATALOGO DE DISPOSICION DOC.'!B30 -> 04 | C29: ='CATALOGO DE DISPOSICION DOC.'!C30 -> C | D29: =ENTREVISTA!I120 -> 03 | E29: =ENTREVISTA!J120 -> RECURSOS DE REVISIÓN
A30: =ENTREVISTA!D121 -> DI | B30: ='CATALOGO DE DISPOSICION DOC.'!B31 -> 04 | C30: ='CATALOGO DE DISPOSICION DOC.'!C31 -> C | D30: =ENTREVISTA!I121 -> 04 | E30: =ENTREVISTA!J121 -> SOLICITUDES DE INFORMACION
A31: =ENTREVISTA!D122 -> DI | B31: ='CATALOGO DE DISPOSICION DOC.'!B32 -> 04 | C31: ='CATALOGO DE DISPOSICION DOC.'!C32 -> C | D31: =ENTREVISTA!I122 -> 05 | E31: =ENTREVISTA!J122 -> SOLICITUDES ARCO
A32: =ENTREVISTA!D123 -> DI | B32: ='CATALOGO DE DISPOSICION DOC.'!B33 -> 04 | C32: ='CATALOGO DE DISPOSICION DOC.'!C33 -> C | D32: =ENTREVISTA!I123 -> 06 | E32: =ENTREVISTA!J123 -> SUPERVISIÓN DE ORGANO GARANTE
A33: CLAVE SECCIÓN | D33: =ENTREVISTA!D65 -> CG | E33: SECCIÓN
E34: =ENTREVISTA!E65 -> COORDINACIÓN GENERAL
A35: SUB SECCIÓN | D35: =ENTREVISTA!F65 -> 01 | E35: =ENTREVISTA!G65 -> PLANEACIÓN Y PROYECTOS
A36: CLAVE SERIE | E36: NOMBRE DE LA SERIE
A37: ='CATALOGO DE DISPOSICION DOC.'!A37 -> CG | B37: =ENTREVISTA!F65 -> 01 | C37: =ENTREVISTA!H65 -> C | D37: ='CATALOGO DE DISPOSICION DOC.'!D37 -> 01 | E37: ='CATALOGO DE DISPOSICION DOC.'!E37 -> ENTREGA - RECEPCIÓN
A38: ='CATALOGO DE DISPOSICION DOC.'!A38 -> CG | B38: =ENTREVISTA!F66 -> 01 | C38: =ENTREVISTA!H66 -> S | D38: ='CATALOGO DE DISPOSICION DOC.'!D38 -> 02 | E38: ='CATALOGO DE DISPOSICION DOC.'!E38 -> PROYECTO O.S.C.
A39: ='CATALOGO DE DISPOSICION DOC.'!A39 -> CG | B39: =ENTREVISTA!F67 -> 01 | C39: =ENTREVISTA!H67 -> C | D39: ='CATALOGO DE DISPOSICION DOC.'!D39 -> 03 | E39: ='CATALOGO DE DISPOSICION DOC.'!E39 -> PRESUPUESTO BASADO EN RESULTADOS (PBR)
A40: ='CATALOGO DE DISPOSICION DOC.'!A40 -> CG | B40: =ENTREVISTA!F68 -> 01 | C40: =ENTREVISTA!H68 -> S | D40: ='CATALOGO DE DISPOSICION DOC.'!D40 -> 04 | E40: ='CATALOGO DE DISPOSICION DOC.'!E40 -> VINCULACIÓN
A41: ='CATALOGO DE DISPOSICION DOC.'!A41 -> CG | B41: =ENTREVISTA!F69 -> 01 | C41: =ENTREVISTA!H69 -> S | D41: ='CATALOGO DE DISPOSICION DOC.'!D41 -> 05 | E41: ='CATALOGO DE DISPOSICION DOC.'!E41 -> INFORMES CONSOLIDADOS
A42: ='CATALOGO DE DISPOSICION DOC.'!A42 -> CG | B42: =ENTREVISTA!F70 -> 01 | C42: =ENTREVISTA!H70 -> C | D42: ='CATALOGO DE DISPOSICION DOC.'!D42 -> 06 | E42: ='CATALOGO DE DISPOSICION DOC.'!E42 -> MATRIZ DE CUMPLIMIENTO LEGAL
A43: SUB SECCIÓN | D43: =ENTREVISTA!F95 -> 02 | E43: =ENTREVISTA!G95 -> COMUNICACIÓN SOCIAL
A44: CLAVE SERIE | E44: NOMBRE DE LA SERIE
A45: ='CATALOGO DE DISPOSICION DOC.'!A45 -> CG | B45: ='CATALOGO DE DISPOSICION DOC.'!B45 -> 02 | C45: ='CATALOGO DE DISPOSICION DOC.'!C45 -> C | D45: ='CATALOGO DE DISPOSICION DOC.'!D45 -> 01 | E45: ='CATALOGO DE DISPOSICION DOC.'!E45 -> CAMPAÑAS
A46: ='CATALOGO DE DISPOSICION DOC.'!A46 -> CG | B46: ='CATALOGO DE DISPOSICION DOC.'!B46 -> 02 | C46: ='CATALOGO DE DISPOSICION DOC.'!C46 -> C | D46: ='CATALOGO DE DISPOSICION DOC.'!D46 -> 02 | E46: ='CATALOGO DE DISPOSICION DOC.'!E46 -> EVENTOS
A47: ='CATALOGO DE DISPOSICION DOC.'!A47 -> CG | B47: ='CATALOGO DE DISPOSICION DOC.'!B47 -> 02 | C47: ='CATALOGO DE DISPOSICION DOC.'!C47 -> C | D47: ='CATALOGO DE DISPOSICION DOC.'!D47 -> 03 | E47: ='CATALOGO DE DISPOSICION DOC.'!E47 -> COMUNICADOS (IMPRESOS Y DIGITALES)
A48: ='CATALOGO DE DISPOSICION DOC.'!A48 -> CG | B48: ='CATALOGO DE DISPOSICION DOC.'!B48 -> 02 | C48: ='CATALOGO DE DISPOSICION DOC.'!C48 -> C | D48: ='CATALOGO DE DISPOSICION DOC.'!D48 -> 04 | E48: ='CATALOGO DE DISPOSICION DOC.'!E48 -> DIRECTORIO
A49: SUB SECCIÓN | D49: =ENTREVISTA!F109 -> 03 | E49: =ENTREVISTA!G109 -> OFICINA DE COORDINACIÓN GENERAL
A50: CLAVE SERIE | E50: NOMBRE DE LA SERIE
A51: ='CATALOGO DE DISPOSICION DOC.'!A51 -> CG | B51: ='CATALOGO DE DISPOSICION DOC.'!B51 -> 03 | C51: ='CATALOGO DE DISPOSICION DOC.'!C51 -> C | D51: ='CATALOGO DE DISPOSICION DOC.'!D51 -> 01 | E51: ='CATALOGO DE DISPOSICION DOC.'!E51 -> REGISTRO DE CONTROL DE CORRESPONDENCIA
A52: ='CATALOGO DE DISPOSICION DOC.'!A52 -> CG | B52: ='CATALOGO DE DISPOSICION DOC.'!B52 -> 03 | C52: ='CATALOGO DE DISPOSICION DOC.'!C52 -> C | D52: ='CATALOGO DE DISPOSICION DOC.'!D52 -> 02 | E52: ='CATALOGO DE DISPOSICION DOC.'!E52 -> SOLICITUDES ESPECIALES
A53: CLAVE SECCIÓN | D53: =ENTREVISTA!D3 -> CA | E53: SECCIÓN
E54: COORDINACIÓN ADMINISTRATIVA
A55: SUB SECCIÓN | D55: ='CATALOGO DE DISPOSICION DOC.'!D54 -> 01 | E55: ='CATALOGO DE DISPOSICION DOC.'!E54:Q54 -> CONTABILIDAD
A56: CLAVE SERIE | E56: NOMBRE DE LA SERIE
A57: =ENTREVISTA!D3 -> CA | B57: ='CATALOGO DE DISPOSICION DOC.'!B56 -> 01 | C57: ='CATALOGO DE DISPOSICION DOC.'!C56 -> C | D57: =ENTREVISTA!I3 -> 01 | E57: =ENTREVISTA!J3 -> EJERCICIO PRESUPUESTAL
A58: =ENTREVISTA!D4 -> CA | B58: ='CATALOGO DE DISPOSICION DOC.'!B57 -> 01 | C58: ='CATALOGO DE DISPOSICION DOC.'!C57 -> C | D58: =ENTREVISTA!I4 -> 02 | E58: =ENTREVISTA!J4 -> INGRESOS
A59: =ENTREVISTA!D5 -> CA | B59: ='CATALOGO DE DISPOSICION DOC.'!B58 -> 01 | C59: ='CATALOGO DE DISPOSICION DOC.'!C58 -> C | D59: =ENTREVISTA!I5 -> 03 | E59: =ENTREVISTA!J5 -> EGRESOS
A60: =ENTREVISTA!D6 -> CA | B60: ='CATALOGO DE DISPOSICION DOC.'!B59 -> 01 | C60: ='CATALOGO DE DISPOSICION DOC.'!C59 -> C | D60: =ENTREVISTA!I6 -> 04 | E60: =ENTREVISTA!J6 -> DIARIO
A61: =ENTREVISTA!D7 -> CA | B61: ='CATALOGO DE DISPOSICION DOC.'!B60 -> 01 | C61: ='CATALOGO DE DISPOSICION DOC.'!C60 -> C | D61: =ENTREVISTA!I7 -> 05 | E61: =ENTREVISTA!J7 -> ESTADOS FINANCIEROS
A62: =ENTREVISTA!D8 -> CA | B62: ='CATALOGO DE DISPOSICION DOC.'!B61 -> 01 | C62: ='CATALOGO DE DISPOSICION DOC.'!C61 -> C | D62: =ENTREVISTA!I8 -> 06 | E62: =ENTREVISTA!J8 -> CUENTA PÚBLICA
A63: =ENTREVISTA!D9 -> CA | B63: ='CATALOGO DE DISPOSICION DOC.'!B62 -> 01 | C63: ='CATALOGO DE DISPOSICION DOC.'!C62 -> C | D63: =ENTREVISTA!I9 -> 07 | E63: =ENTREVISTA!J9 -> CONCILIACIONES BANCARIAS
A64: =ENTREVISTA!D10 -> CA | B64: ='CATALOGO DE DISPOSICION DOC.'!B63 -> 01 | C64: ='CATALOGO DE DISPOSICION DOC.'!C63 -> C | D64: =ENTREVISTA!I10 -> 08 | E64: =ENTREVISTA!J10 -> IMPUESTOS, CUOTAS Y DERECHOS
A65: SUB SECCIÓN | D65: =ENTREVISTA!F12 -> 02 | E65: =ENTREVISTA!G11 -> JURÍDCO ADMINISTRATIVO
A66: CLAVE SERIE | E66: NOMBRE DE LA SERIE
A67: =ENTREVISTA!D11 -> CA | B67: ='CATALOGO DE DISPOSICION DOC.'!B66 -> 02 | C67: =ENTREVISTA!H11 -> C | D67: =ENTREVISTA!I11 -> 01 | E67: =ENTREVISTA!J11 -> CONTRATOS, ADQUISICIONES Y OPERATIVOS
A68: =ENTREVISTA!D12 -> CA | B68: ='CATALOGO DE DISPOSICION DOC.'!B67 -> 02 | C68: =ENTREVISTA!H12 -> S | D68: =ENTREVISTA!I12 -> 02 | E68: =ENTREVISTA!J12 -> CONVENIOS OSC
A69: =ENTREVISTA!D13 -> CA | B69: ='CATALOGO DE DISPOSICION DOC.'!B68 -> 02 | C69: =ENTREVISTA!H13 -> S | D69: =ENTREVISTA!I13 -> 03 | E69: =ENTREVISTA!J13 -> CONVENIOS DE COLABORACIÓN
A70: =ENTREVISTA!D14 -> CA | B70: ='CATALOGO DE DISPOSICION DOC.'!B69 -> 02 | C70: =ENTREVISTA!H14 -> C | D70: =ENTREVISTA!I14 -> 04 | E70: =ENTREVISTA!J14 -> COMODATOS
A71: =ENTREVISTA!D15 -> CA | B71: ='CATALOGO DE DISPOSICION DOC.'!B70 -> 02 | C71: =ENTREVISTA!H15 -> S | D71: =ENTREVISTA!I15 -> 05 | E71: =ENTREVISTA!J15 -> CONSTANCIAS DE ACREDITACION OSC
A72: =ENTREVISTA!D16 -> CA | B72: ='CATALOGO DE DISPOSICION DOC.'!B71 -> 02 | C72: =ENTREVISTA!H16 -> S | D72: =ENTREVISTA!I16 -> 06 | E72: =ENTREVISTA!J16 -> CONSEJO DIRECTIVO
A73: =ENTREVISTA!D17 -> CA | B73: ='CATALOGO DE DISPOSICION DOC.'!B72 -> 02 | C73: =ENTREVISTA!H17 -> C | D73: =ENTREVISTA!I17 -> 07 | E73: =ENTREVISTA!J17 -> COMITÉ DE ADQUISICIONES
A74: =ENTREVISTA!D18 -> CA | B74: ='CATALOGO DE DISPOSICION DOC.'!B73 -> 02 | C74: =ENTREVISTA!H18 -> C | D74: =ENTREVISTA!I18 -> 08 | E74: =ENTREVISTA!J18 -> PROCEDIMIENTO DE REMATE
A75: =ENTREVISTA!D19 -> CA | B75: ='CATALOGO DE DISPOSICION DOC.'!B74 -> 02 | C75: =ENTREVISTA!H19 -> C | D75: =ENTREVISTA!I19 -> 09 | E75: =ENTREVISTA!J19 -> ASUNTOS JUDICIALES, LABORALES Y ADMINISTRATIVOS
A76: =ENTREVISTA!D20 -> CA | B76: ='CATALOGO DE DISPOSICION DOC.'!B75 -> 02 | C76: =ENTREVISTA!H20 -> C | D76: =ENTREVISTA!I20 -> 10 | E76: =ENTREVISTA!J20 -> VIOLACIONES A LOS DERECHOS HUMANOS
A77: =ENTREVISTA!D21 -> CA | B77: =ENTREVISTA!$F$21 -> 02 | C77: =ENTREVISTA!H21 -> C | D77: =ENTREVISTA!I21 -> 11 | E77: =ENTREVISTA!J21 -> CONTRATOS HONORARIOS
A78: =ENTREVISTA!D71 -> CA | B78: =ENTREVISTA!$F$71 -> 02 | C78: =ENTREVISTA!H71 -> S | D78: =ENTREVISTA!$I$71 -> 12 | E78: =ENTREVISTA!J71 -> DONATIVOS
A79: SUB SECCIÓN | D79: =ENTREVISTA!F72 -> 03 | E79: =ENTREVISTA!G72 -> ADMINISTRACIÓN (COMPROBACIÓN Y APOYO A LAS OSC)
A80: CLAVE SERIE | E80: NOMBRE DE LA SERIE
A81: ='CATALOGO DE DISPOSICION DOC.'!A80 -> CA | B81: ='CATALOGO DE DISPOSICION DOC.'!B80 -> 03 | C81: ='CATALOGO DE DISPOSICION DOC.'!C80 -> C | D81: ='CATALOGO DE DISPOSICION DOC.'!D80 -> 01 | E81: ='CATALOGO DE DISPOSICION DOC.'!E80 -> INFORME DE INGRESOS DE CENTROS COMUNITARIOS
A82: ='CATALOGO DE DISPOSICION DOC.'!A81 -> CA | B82: ='CATALOGO DE DISPOSICION DOC.'!B81 -> 03 | C82: ='CATALOGO DE DISPOSICION DOC.'!C81 -> C | D82: ='CATALOGO DE DISPOSICION DOC.'!D81 -> 02 | E82: ='CATALOGO DE DISPOSICION DOC.'!E81 -> SEGUROS
A83: ='CATALOGO DE DISPOSICION DOC.'!A82 -> CA | B83: ='CATALOGO DE DISPOSICION DOC.'!B82 -> 03 | C83: ='CATALOGO DE DISPOSICION DOC.'!C82 -> S | D83: ='CATALOGO DE DISPOSICION DOC.'!D82 -> 03 | E83: ='CATALOGO DE DISPOSICION DOC.'!E82 -> ATENCIÓN A CENTROS COMUNITARIOS
A84: ='CATALOGO DE DISPOSICION DOC.'!A83 -> CA | B84: ='CATALOGO DE DISPOSICION DOC.'!B83 -> 03 | C84: ='CATALOGO DE DISPOSICION DOC.'!C83 -> C | D84: ='CATALOGO DE DISPOSICION DOC.'!D83 -> 04 | E84: ='CATALOGO DE DISPOSICION DOC.'!E83 -> IMPUESTOS ESTATALES
A85: =ENTREVISTA!D76 -> CA | B85: =ENTREVISTA!F76 -> 03 | C85: =ENTREVISTA!H76 -> C | D85: =ENTREVISTA!I76 -> 05 | E85: =ENTREVISTA!J76 -> MANTENIMIENTO VEHICULAR
A86: SUB SECCIÓN | D86: =ENTREVISTA!F77 -> 04 | E86: =ENTREVISTA!G77 -> OFICINA DE COORDINACIÓN ADMINISTRATIVA
A87: CLAVE SERIE | E87: NOMBRE DE LA SERIE
A88: ='CATALOGO DE DISPOSICION DOC.'!A87 -> CA | B88: ='CATALOGO DE DISPOSICION DOC.'!B87 -> 04 | C88: ='CATALOGO DE DISPOSICION DOC.'!C87 -> C | D88: ='CATALOGO DE DISPOSICION DOC.'!D87 -> 01 | E88: ='CATALOGO DE DISPOSICION DOC.'!E87 -> AUDITORÍAS
A89: ='CATALOGO DE DISPOSICION DOC.'!A88 -> CA | B89: ='CATALOGO DE DISPOSICION DOC.'!B88 -> 04 | C89: ='CATALOGO DE DISPOSICION DOC.'!C88 -> C | D89: ='CATALOGO DE DISPOSICION DOC.'!D88 -> 02 | E89: ='CATALOGO DE DISPOSICION DOC.'!E88 -> CONTROL DE CUENTAS BANCARIAS
A90: ='CATALOGO DE DISPOSICION DOC.'!A89 -> CA | B90: ='CATALOGO DE DISPOSICION DOC.'!B89 -> 04 | C90: ='CATALOGO DE DISPOSICION DOC.'!C89 -> S | D90: ='CATALOGO DE DISPOSICION DOC.'!D89 -> 03 | E90: ='CATALOGO DE DISPOSICION DOC.'!E89 -> NOTIFICACIONES PARA PERSONAL
A91: ='CATALOGO DE DISPOSICION DOC.'!A90 -> CA | B91: ='CATALOGO DE DISPOSICION DOC.'!B90 -> 04 | C91: ='CATALOGO DE DISPOSICION DOC.'!C90 -> C | D91: ='CATALOGO DE DISPOSICION DOC.'!D90 -> 04 | E91: ='CATALOGO DE DISPOSICION DOC.'!E90 -> INFORMES DEL ÁREA ADMINISTRATIVA
A92: ='CATALOGO DE DISPOSICION DOC.'!A91 -> CA | B92: ='CATALOGO DE DISPOSICION DOC.'!B91 -> 04 | C92: ='CATALOGO DE DISPOSICION DOC.'!C91 -> S | D92: ='CATALOGO DE DISPOSICION DOC.'!D91 -> 05 | E92: ='CATALOGO DE DISPOSICION DOC.'!E91 -> TRABAJO INTERINSTITUCIONAL
A93: ='CATALOGO DE DISPOSICION DOC.'!A92 -> CA | B93: ='CATALOGO DE DISPOSICION DOC.'!B92 -> 04 | C93: ='CATALOGO DE DISPOSICION DOC.'!C92 -> C | D93: ='CATALOGO DE DISPOSICION DOC.'!D92 -> 06 | E93: ='CATALOGO DE DISPOSICION DOC.'!E92 -> BIENES PATRIMONIALES INMUEBLES
A94: ='CATALOGO DE DISPOSICION DOC.'!A93 -> CA | B94: ='CATALOGO DE DISPOSICION DOC.'!B93 -> 04 | C94: ='CATALOGO DE DISPOSICION DOC.'!C93 -> C | D94: ='CATALOGO DE DISPOSICION DOC.'!D93 -> 07 | E94: ='CATALOGO DE DISPOSICION DOC.'!E93 -> BIENES PATRIMONIALES MUEBLES
A95: SUB SECCIÓN | D95: =ENTREVISTA!F84 -> 05 | E95: =ENTREVISTA!G84 -> PERSONAL
A96: CLAVE SERIE | E96: NOMBRE DE LA SERIE
A97: ='CATALOGO DE DISPOSICION DOC.'!A96 -> CA | B97: ='CATALOGO DE DISPOSICION DOC.'!B96 -> 05 | C97: ='CATALOGO DE DISPOSICION DOC.'!C96 -> C | D97: ='CATALOGO DE DISPOSICION DOC.'!D96 -> 01 | E97: ='CATALOGO DE DISPOSICION DOC.'!E96 -> EXPEDIENTES DE PERSONAL
A98: ='CATALOGO DE DISPOSICION DOC.'!A97 -> CA | B98: ='CATALOGO DE DISPOSICION DOC.'!B97 -> 05 | C98: ='CATALOGO DE DISPOSICION DOC.'!C97 -> C | D98: ='CATALOGO DE DISPOSICION DOC.'!D97 -> 02 | E98: ='CATALOGO DE DISPOSICION DOC.'!E97 -> ASISTENCIA Y PUNTUALIDAD
A99: ='CATALOGO DE DISPOSICION DOC.'!A98 -> CA | B99: ='CATALOGO DE DISPOSICION DOC.'!B98 -> 05 | C99: ='CATALOGO DE DISPOSICION DOC.'!C98 -> C | D99: ='CATALOGO DE DISPOSICION DOC.'!D98 -> 03 | E99: ='CATALOGO DE DISPOSICION DOC.'!E98 -> NÓMINA BASE
A100: ='CATALOGO DE DISPOSICION DOC.'!A99 -> CA | B100: ='CATALOGO DE DISPOSICION DOC.'!B99 -> 05 | C100: ='CATALOGO DE DISPOSICION DOC.'!C99 -> S | D100: ='CATALOGO DE DISPOSICION DOC.'!D99 -> 04 | E100: ='CATALOGO DE DISPOSICION DOC.'!E99 -> PAGO A VOLUNTARIOS
...

Sheet REGISTRO DE CORRESPONDENCIA
E1: CONTROL DE CORRESPONDENCIA FR 001/2019 | L1: CONTROL DE CORRESPONDENCIA FR 001/2019
A2: CONTROL DE CORRESPONDENCIA DE ENTRADA | H2: CONTROL DE CORRESPONDENCIA DE SALIDA
A3: REGISTRO DE INGRESO | D3: SEGUIMIENTO
A4: 1. FECHA DE RECEPCIÓN | B4: 2. TIPO DE DOCUMENTO | C4: 3 No. IDENTIFICADOR | D4: 4. RESPONSABLE DE LA ATENCIÓN DEL DOC | E4: 5. FECHA DE EMISIÓN | F4: 6. ESTATUS | G4: 7. BREVE CONTENIDO DE LA RESOLUCIÓN FINAL | H4: 1. ÁREA GENERADORA | I4: 2. TIPO DE DOCUMENTO | J4: 3. No. IDENTIFICADOR | K4: 4. FECHA DE ENVÍO | L4: 5. GUÍA | M4: 6. FECHA DE RECIBIDO/ SELLOS DE ACUSE | N4: 7. BREVE CONTENIDO DE LA RESOLUCIÓN FINAL
A5: 00/00/0000 | B5: OFICIO | C5: 1 | D5: JURÍDICO | E5: 00/00/0000 | F5: PENDIENTE | G5: -----------------

Sheet ENTREVISTA
F1: CLAVE SUB SECCIÓN | R1: FECHAS EXTREMAS | W1: AMBITO | Z1: INFORMACION | AD1: VALORES | BA1: VIGENCIAS | BI1: VALOR | BL1: TIPOLOGIA DOCUMENTAL
A2: FUENTE | B2: FECHA | C2: FONDO | D2: CLAVE SECCION | E2: SECCION | G2: SUB SECCION | I2: CLAVE DE SERIE | J2: SERIE | K2: DESCRIPCION DE LA SERIE | L2: FUNCION | M2: AREAS DE LA UNIDAD ADMINISTRATIVA QUE INTERVIENEN | N2: NATURALEZA DE LA RELACION INTERNA | O2: AREAS DE OTRAS QUE INTERVIENENNIDADES ADMINISTRATIVAS | P2: NATURALEZA DE LA RELACION EXTERNA | Q2: DESCRIPCION DE LA RELACION | R2: INICIO | S2: CIERRE | T2: UBICACION | U2: INTERNACIONAL | V2: NACIONAL | W2: LOCAL | X2: INSTITUCIONAL | Y2: ENCABEZAMIENTO DE MATERIA | AA2: IR | AB2: IC (DATOS PERSONALES) | AC2: IC (DATOS PERSONALES SENSIBLES) | AD2: LEGALES | AE2: CITA | AF2: LEGALES | AG2: CITA | AH2: LEGALES | AI2: CITA | AJ2: LEGALES | AK2: CITA | AL2: LEGALES | AM2: CITA | AN2: LEGALES | AO2: CITA | AP2: FISCALES O CONTABLES | AQ2: CITA | AR2: FISCALES O CONTABLES | AS2: CITA | AT2: FISCALES O CONTABLES | AU2: CITA | AV2: FISCALES O CONTABLES | AW2: CITA | AX2: ADMINISTRATIVOS | AY2: ADMINISTRATIVOS | AZ2: ADMINISTRATIVOS | BA2: ARCHIVO DE TRAMITE | BB2: ARCHIVO DE CONCENTRACIÓN | BC2: TOTAL | BD2: HISTORICO | BE2: SOPORTE | BF2: FORMA | BG2: RESPONSABLE DEL AREA GENERADORA DE LA SERIE | BH2: RESPONSABLE DEL ARCHIVO DE TRAMITE | BI2: A | BJ2: F | BK2: L
A3: ENTREVISTA | B3: =ENTREVISTA!C109 -> DIF MUNICIPAL | C3: DIF MUNICIPAL | D3: CA | E3: COORDINACIÓN ADMINISTRATIVA | F3: 01 | G3: CONTABILIDAD | H3: C | I3: 01 | J3: EJERCICIO PRESUPUESTAL | K3: BASE DEL ANÁLISIS DEL PRESUPUESTO, DOCUMENTO ELECTRÓNICO CARGADO EN INDETEC | L3: CONTRIBUIR CON EL COORDINADOR ADMINISTRATIVO EN EL DISEÑO Y CONTROL PRESUPUESTAL. | M3: OFICINA DE COORDINACIÓN ADMINISTRATIVA, CONTABILIDAD | N3: SUPRAORDINADA | O3: NO APLICA | P3: NO APLICA | Q3: EJERCICIO DEL GASTO | R3: 43466 | S3: 43830 | T3: CALLE GLANDORF NO. 4106 SAN FELIPE V ETAPA, 31203. CHIHUAHUA, CHIHUAHUA, MÉXICO | V3: X | W3: X | Y3: PRESUPUESTO | Z3: PÚBLICA | AD3: NO APLICA | AE3: NO APLICA | AF3: NO APLICA | AG3: NO APLICA | AH3: NO APLICA | AI3: NO APLICA | AJ3: NO APLICA | AK3: NO APLICA | AL3: NO APLICA | AM3: NO APLICA | AP3: ='NORMAS TRANSVERSALES'!F13 -> CÓDIGO FISCAL DE LA FEDERACIÓN | AQ3: ='NORMAS TRANSVERSALES'!G13 -> ARTICULO 6,15,17,18,28,30,41A,45,46,48,53,59,61,63,67,69B,70,103,105,111,130,134,143,156,182, | AR3: ='NORMAS TRANSVERSALES'!F47 -> REGLAMENTO DEL CÓDIGO FISCAL DE LA FEDERACION | AS3: ='NORMAS TRANSVERSALES'!G47 -> ARTICULO 3,7,8,9,10,20,34,35,50,58,61,66,68,85,86,94 | AT3: ='NORMAS TRANSVERSALES'!F31 -> LEY DE PRESUPUESTO DE EGRESOS, CONTABILIDAD GUBERNAMENTAL Y GASTO PÚBLICO DEL ESTADO DE CHIHUAHUA | AU3: ='NORMAS TRANSVERSALES'!G31 -> ARTICULO 165, 166,168,169,170,36,110,127,170 | AV3: ='NORMAS TRANSVERSALES'!F40 -> LEY DE ADQUISICIONES, ARRENDAMIENTOS Y CONTRATACIÓN DE SERVICIOS DEL ESTADO DE CHIHUAHUA | AX3: MANUAL DE ORGANIZACIÓN DIF | AY3: NO APLICA | AZ3: NO APLICA | BA3: 1 | BB3: 5 | BC3: 6 | BD3: X | BE3: FISICO | BF3: ORIGINAL | BG3: C.P. MARÍA BEATRIZ TORRECILLAS FITCH | BH3: LIC. MARIA ELENA SEYFFERT LOPEZ | BJ3: X | BL3: SE CONSERVA
A4: ENTREVISTA | B4: 43640 | C4: DIF MUNICIPAL | D4: CA | E4: COORDINACIÓN ADMINISTRATIVA | F4: 01 | G4: CONTABILIDAD | H4: C | I4: 02 | J4: INGRESOS | K4: REGISTRO Y PÓLIZAS DE INGRESOS CON SUS DOCUMENTOS PROBATORIOS ORGANIZADOS POR MES Y POR NÚMERO CONSECUTIVO (DONATIVOS, OTROS TRÁMITES CMIC, FICOSEC)EN SISTEMA INDETEC | L4: REALIZAR LAS CONCILIACIONES DE INGRESOS. | M4: OFICINA DE COORDINACIÓN ADMINISTRATIVA, ALBERCAS | N4: SUPRAORDINADA | O4: CENTROS COMUNITARIOS, UBR, GRUTAS, ASISTENCIA ALIMENTARIA, COORDINACIÓN ADMINISTRATIVA | P4: COORDINADA | Q4: MINISTRA EL RECURSO | R4: 43466 | S4: 43830 | T4: CALLE GLANDORF NO. 4106 SAN FELIPE V ETAPA, 31203. CHIHUAHUA, CHIHUAHUA, MÉXICO | V4: X | W4: X | Y4: PÓLIZAS, INGRESOS | Z4: PÚBLICA | AD4: ='NORMAS TRANSVERSALES'!F37 -> LEY DE AUDITORIA SUPERIOR DEL ESTADO DE CHIHUAHUA | AF4: NO APLICA | AG4: NO APLICA | AH4: NO APLICA | AI4: NO APLICA | AJ4: NO APLICA | AK4: NO APLICA | AL4: NO APLICA | AM4: NO APLICA | AP4: ='NORMAS TRANSVERSALES'!F13 -> CÓDIGO FISCAL DE LA FEDERACIÓN | AQ4: ='NORMAS TRANSVERSALES'!G14 -> ARTICULO 25,28,36,50,60,63,64,110,168 | AR4: ='NORMAS TRANSVERSALES'!F47 -> REGLAMENTO DEL CÓDIGO FISCAL DE LA FEDERACION | AS4: ='NORMAS TRANSVERSALES'!G48 -> ARTICULO 33,64,114,119,140,177,190 | AT4: ='NORMAS TRANSVERSALES'!F42 -> LEY DE INGRESOS PARA EL EJERCICIO FISCAL 2019 DEL MUNICIPIO DE CHIHUAHUA | AU4: ='NORMAS TRANSVERSALES'!G42 -> ARTICULO 16,17 | AV4: NO APLICA | AW4: NO APLICA | AX4: MANUAL DE ORGANIZACIÓN DIF | AY4: NO APLICA | AZ4: NO APLICA | BA4: 1 | BB4: 5 | BC4: 6 | BD4: NO APLICA | BE4: FISICO, ELECTRONICO | BF4: ORIGINAL | BG4: C.P. GRISEL KARELIA AGUIRRE CÁRDENAS | BH4: MARIA ELENA SEYFFERT LOPEZ | BJ4: X | BK4: X
A5: ENTREVISTA | B5: 43640 | C5: DIF MUNICIPAL | D5: CA | E5: COORDINACIÓN ADMINISTRATIVA | F5: 01 | G5: CONTABILIDAD | H5: C | I5: 03 | J5: EGRESOS | K5: PÓLIZAS DE EGRESOS CON SUS DOCUMENTOS PROBATORIOS ORGANIZADOS POR MES Y POR NÚMERO CONSECUTIVO | L5: REALIZAR LA CONTABILIDAD GENERAL DE LA DEPENDENCIA BAJO LOS LINEAMIENTOS DE CONTABILIDAD GUBERNAMENTAL. | M5: NO APLICA | N5: NO APLICA | O5: DIF MUNICIPAL | P5: COORDINADA | Q5: GENERA ÓRDENES DE COMPRA | R5: MENSUAL | S5: MENSUAL | T5: CALLE GLANDORF NO. 4106 SAN FELIPE V ETAPA, 31203. CHIHUAHUA, CHIHUAHUA, MÉXICO | V5: X | W5: X | Y5: PÓLIZAS, EGRESOS | Z5: PÚBLICA | AD5: ='NORMAS TRANSVERSALES'!F37 -> LEY DE AUDITORIA SUPERIOR DEL ESTADO DE CHIHUAHUA | AE5: ='NORMAS TRANSVERSALES'!G37 -> ARTICULO 7,11,17,19,36 | AF5: NO APLICA | AG5: NO APLICA | AH5: NO APLICA | AI5: NO APLICA | AJ5: NO APLICA | AK5: NO APLICA | AL5: NO APLICA | AM5: NO APLICA | AP5: ='NORMAS TRANSVERSALES'!F13 -> CÓDIGO FISCAL DE LA FEDERACIÓN | AQ5: ='NORMAS TRANSVERSALES'!G13 -> ARTICULO 6,15,17,18,28,30,41A,45,46,48,53,59,61,63,67,69B,70,103,105,111,130,134,143,156,182, | AR5: ='NORMAS TRANSVERSALES'!F47 -> REGLAMENTO DEL CÓDIGO FISCAL DE LA FEDERACION | AS5: ='NORMAS TRANSVERSALES'!G47 -> ARTICULO 3,7,8,9,10,20,34,35,50,58,61,66,68,85,86,94 | AT5: ='NORMAS TRANSVERSALES'!F31 -> LEY DE PRESUPUESTO DE EGRESOS, CONTABILIDAD GUBERNAMENTAL Y GASTO PÚBLICO DEL ESTADO DE CHIHUAHUA | AU5: ='NORMAS TRANSVERSALES'!G31 -> ARTICULO 165, 166,168,169,170,36,110,127,170 | AV5: NO APLICA | AW5: NO APLICA | AX5: MANUAL DE ORGANIZACIÓN DIF | AY5: NO APLICA | AZ5: NO APLICA | BA5: 1 | BB5: 5 | BC5: 6 | BD5: NO APLICA | BE5: FISICO, ELECTRONICO | BF5: ORIGINAL | BG5: C.P. MARÍA BEATRIZ TORRECILLAS FITCH | BH5: MARIA ELENA SEYFFERT LOPEZ | BJ5: X | BK5: X
A6: ENTREVISTA | B6: 43640 | C6: DIF MUNICIPAL | D6: CA | E6: COORDINACIÓN ADMINISTRATIVA | F6: 01 | G6: CONTABILIDAD | H6: C | I6: 04 | J6: DIARIO | K6: PÓLIZAS DE DIARIO CON SUS DOCUMENTOS PROBATORIOS ORGANIZADOS POR MES Y POR NÚMERO CONSECUTIVO | L6: REALIZAR LA CONTABILIDAD GENERAL DE LA DEPENDENCIA BAJO LOS LINEAMIENTOS DE CONTABILIDAD GUBERNAMENTAL. | M6: NO APLICA | N6: NO APLICA | O6: DIF MUNICIPAL | P6: COORDINADA | Q6: POLIZAS | R6: MENSUAL | S6: MENSUAL | T6: CALLE GLANDORF NO. 4106 SAN FELIPE V ETAPA, 31203. CHIHUAHUA, CHIHUAHUA, MÉXICO | V6: X | W6: X | Y6: PÓLIZAS DIARIAS | Z6: PÚBLICA | AD6: ='NORMAS TRANSVERSALES'!F37 -> LEY DE AUDITORIA SUPERIOR DEL ESTADO DE CHIHUAHUA | AE6: ='NORMAS TRANSVERSALES'!G39 -> ARTICULO 6,14,19,57,72,79 | AF6: NO APLICA | AG6: NO APLICA | AH6: NO APLICA | AI6: NO APLICA | AJ6: NO APLICA | AK6: NO APLICA | AL6: NO APLICA | AM6: NO APLICA | AP6: ='NORMAS TRANSVERSALES'!F13 -> CÓDIGO FISCAL DE LA FEDERACIÓN | AQ6: ='NORMAS TRANSVERSALES'!G14 -> ARTICULO 25,28,36,50,60,63,64,110,168 | AR6: ='NORMAS TRANSVERSALES'!F47 -> REGLAMENTO DEL CÓDIGO FISCAL DE LA FEDERACION | AS6: ='NORMAS TRANSVERSALES'!G48 -> ARTICULO 33,64,114,119,140,177,190 | AT6: ='NORMAS TRANSVERSALES'!F31 -> LEY DE PRESUPUESTO DE EGRESOS, CONTABILIDAD GUBERNAMENTAL Y GASTO PÚBLICO DEL ESTADO DE CHIHUAHUA | AU6: ='NORMAS TRANSVERSALES'!G31 -> ARTICULO 165, 166,168,169,170,36,110,127,170 | AV6: NO APLICA | AW6: NO APLICA | AX6: MANUAL DE ORGANIZACIÓN DIF | AY6: NO APLICA | AZ6: NO APLICA | BA6: 1 | BB6: 5 | BC6: 6 | BD6: NO APLICA | BE6: FISICO, ELECTRONICO | BF6: ORIGINAL | BG6: C.P. MARÍA BEATRIZ TORRECILLAS FITCH | BH6: MARIA ELENA SEYFFERT LOPEZ | BJ6: X | BK6: X
A7: ENTREVISTA | B7: 43640 | C7: DIF MUNICIPAL | D7: CA | E7: COORDINACIÓN ADMINISTRATIVA | F7: 01 | G7: CONTABILIDAD | H7: C | I7: 05 | J7: ESTADOS FINANCIEROS | K7: BALANCE GENERAL Y ESTADOS DE RESULTADOS MENSUALES, TRIMESTRALES Y ANUALES | L7: REALIZAR LA CONTABILIDAD GENERAL DE LA DEPENDENCIA BAJO LOS LINEAMIENTOS DE CONTABILIDAD GUBERNAMENTAL. | M7: NO APLICA | N7: NO APLICA | O7: NO APLICA | P7: NO APLICA | Q7: RESULTADOS | R7: 43466 | S7: 43830 | T7: CALLE GLANDORF NO. 4106 SAN FELIPE V ETAPA, 31203. CHIHUAHUA, CHIHUAHUA, MÉXICO | V7: X | W7: X | Y7: ESTADOS FINANCIEROS | Z7: PÚBLICA | AD7: ='NORMAS TRANSVERSALES'!F37 -> LEY DE AUDITORIA SUPERIOR DEL ESTADO DE CHIHUAHUA | AE7: ='NORMAS TRANSVERSALES'!G40 -> ARTICULO 12,24,15,49,61,69,94 | AF7: NO APLICA | AG7: NO APLICA | AH7: NO APLICA | AI7: NO APLICA | AJ7: NO APLICA | AK7: NO APLICA | AL7: NO APLICA | AM7: NO APLICA | AP7: ='NORMAS TRANSVERSALES'!F13 -> CÓDIGO FISCAL DE LA FEDERACIÓN | AQ7: ='NORMAS TRANSVERSALES'!G13 -> ARTICULO 6,15,17,18,28,30,41A,45,46,48,53,59,61,63,67,69B,70,103,105,111,130,134,143,156,182, | AR7: ='NORMAS TRANSVERSALES'!F47 -> REGLAMENTO DEL CÓDIGO FISCAL DE LA FEDERACION | AS7: ='NORMAS TRANSVERSALES'!G47 -> ARTICULO 3,7,8,9,10,20,34,35,50,58,61,66,68,85,86,94 | AT7: ='NORMAS TRANSVERSALES'!F31 -> LEY DE PRESUPUESTO DE EGRESOS, CONTABILIDAD GUBERNAMENTAL Y GASTO PÚBLICO DEL ESTADO DE CHIHUAHUA | AV7: NO APLICA | AW7: NO APLICA | AX7: MANUAL DE ORGANIZACIÓN DIF | AY7: NO APLICA | AZ7: NO APLICA | BA7: 1 | BB7: 5 | BC7: 6 | BD7: X | BE7: FISICO, ELECTRONICO | BF7: ORIGINAL | BG7: C.P. MARÍA BEATRIZ TORRECILLAS FITCH | BH7: MARIA ELENA SEYFFERT LOPEZ | BJ7: X | BK7: X
A8: ENTREVISTA | B8: =ENTREVISTA!K509 -> 0 | C8: DIF MUNICIPAL | D8: CA | E8: COORDINACIÓN ADMINISTRATIVA | F8: 01 | G8: CONTABILIDAD | H8: C | I8: 06 | J8: CUENTA PÚBLICA | K8: FORMATOS E INFORMES DE CUENTA PUBLICA | L8: ELABORAR FORMATOS E INFORMES DE LA CUENTA PÚBLICA | M8: INVENTARIOS, CONTABILIDAD | N8: COORDINADA | O8: NO APLICA | P8: NO APLICA | Q8: GENERA EL RESPALDO DOCUMENTAL | R8: TRIMESTRAL | S8: TRIMESTRAL | T8: CALLE GLANDORF NO. 4106 SAN FELIPE V ETAPA, 31203. CHIHUAHUA, CHIHUAHUA, MÉXICO | V8: X | W8: X | Y8: CUENTA PÚBLICA | Z8: PÚBLICA | AD8: ='NORMAS TRANSVERSALES'!F37 -> LEY DE AUDITORIA SUPERIOR DEL ESTADO DE CHIHUAHUA | AE8: ='NORMAS TRANSVERSALES'!G41 -> ARTICULO 29,53,57,58,62,90 | AF8: ='NORMAS TRANSVERSALES'!F32 -> LEY DE TRANSPARENCIA Y ACCESO A LA INFORMACIÓN PÚBLICA DEL ESTADO DE CHIHUAHUA | AG8: ARTICULO 25,33,52,61,165 | AH8: NO APLICA | AI8: NO APLICA | AJ8: NO APLICA | AK8: NO APLICA | AL8: NO APLICA | AM8: NO APLICA | AP8: ='NORMAS TRANSVERSALES'!F26 -> LEY GENERAL DE CONTABILIDAD GUBERNAMENTAL | AQ8: ='NORMAS TRANSVERSALES'!G26 -> ARTUCULO 11,42,43,58,60,61,62,63,64,67,70,85 | AR8: ='NORMAS TRANSVERSALES'!F23 -> LEY DE FISCALIZACIÓN Y RENDICIÓN DE CUENTAS DE LA FEDERACIÓN | AS8: ='NORMAS TRANSVERSALES'!G23 -> ARTICULO 2,9,10,17,20,22,23,30,42,60,75,84,107 | AT8: NO APLICA | AU8: NO APLICA | AV8: NO APLICA | AW8: NO APLICA | AX8: ='NORMAS TRANSVERSALES'!F65 -> PLAN DE CUENTAS | AY8: MANUAL DE ORGANIZACIÓN DIF | AZ8: NO APLICA | BA8: 3 | BB8: 9 | BC8: 12 | BD8: NO APLICA | BE8: FISICO, ELECTRONICO | BF8: ORIGINAL | BG8: C.P. MARÍA BEATRIZ TORRECILLAS FITCH | BH8: LIC. MARIA ELENA SEYFFERT LOPEZ | BI8: X | BJ8: X | BK8: X
A9: ENTREVISTA | B9: 43640 | C9: DIF MUNICIPAL | D9: CA | E9: COORDINACIÓN ADMINISTRATIVA | F9: 01 | G9: CONTABILIDAD | H9: C | I9: 07 | J9: CONCILIACIONES BANCARIAS | K9: ESTADOS DE CUENTA Y CONCILIACIONES BANCARIAS POR MES DE CADA UNA DE LAS CUENTAS | L9: REALIZAR CONCILIACIONES BANCARIAS Y MANEJO DE CUENTAS. | M9: OFICINA DE COORDINACIÓN ADMINISTRATIVA, CONTABILIDAD | N9: SUPRAORDINADA | O9: NO APLICA | P9: NO APLICA | Q9: GENERA ESTADOS DE CUENTA | R9: MENSUAL | S9: MENSUAL | T9: CALLE GLANDORF NO. 4106 SAN FELIPE V ETAPA, 31203. CHIHUAHUA, CHIHUAHUA, MÉXICO | V9: X | W9: X | Y9: CONCILIACIONES BANCARIAS | Z9: PÚBLICA | AD9: ='NORMAS TRANSVERSALES'!F37 -> LEY DE AUDITORIA SUPERIOR DEL ESTADO DE CHIHUAHUA | AE9: ='NORMAS TRANSVERSALES'!G42 -> ARTICULO 16,17 | AF9: NO APLICA | AG9: NO APLICA | AH9: NO APLICA | AI9: NO APLICA | AJ9: NO APLICA | AK9: NO APLICA | AL9: NO APLICA | AM9: NO APLICA | AP9: ='NORMAS TRANSVERSALES'!F13 -> CÓDIGO FISCAL DE LA FEDERACIÓN | AQ9: ='NORMAS TRANSVERSALES'!G13 -> ARTICULO 6,15,17,18,28,30,41A,45,46,48,53,59,61,63,67,69B,70,103,105,111,130,134,143,156,182, | AR9: ='NORMAS TRANSVERSALES'!F47 -> REGLAMENTO DEL CÓDIGO FISCAL DE LA FEDERACION | AS9: ='NORMAS TRANSVERSALES'!G47 -> ARTICULO 3,7,8,9,10,20,34,35,50,58,61,66,68,85,86,94 | AT9: ='NORMAS TRANSVERSALES'!F31 -> LEY DE PRESUPUESTO DE EGRESOS, CONTABILIDAD GUBERNAMENTAL Y GASTO PÚBLICO DEL ESTADO DE CHIHUAHUA | AU9: ='NORMAS TRANSVERSALES'!G31 -> ARTICULO 165, 166,168,169,170,36,110,127,170 | AV9: NO APLICA | AW9: NO APLICA | AX9: MANUAL DE ORGANIZACIÓN DIF | AY9: NO APLICA | AZ9: NO APLICA | BA9: 1 | BB9: 4 | BC9: 5 | BD9: NO APLICA | BE9: FISICO, ELECTRONICO | BF9: ORIGINAL | BG9: C.P. MARÍA BEATRIZ TORRECILLAS FITCH | BH9: MARIA ELENA SEYFFERT LOPEZ | BJ9: X | BK9: X
A10: ENTREVISTA | B10: 43640 | C10: DIF MUNICIPAL | D10: CA | E10: COORDINACIÓN ADMINISTRATIVA | F10: 01 | G10: CONTABILIDAD | H10: C | I10: 08 | J10: IMPUESTOS, CUOTAS Y DERECHOS | K10: CONTIENE LOS PAGOS POR CONTRIBUCIONES FEDERALES | L10: CÁLCULOS DE IMPUESTOS Y PRESENTACIÓN DE LOS MISMOS. | M10: NO APLICA | N10: NO APLICA | O10: NO APLICA | P10: NO APLICA | Q10: IMPUESTOS | R10: MENSUAL | S10: MENSUAL | T10: CALLE GLANDORF NO. 4106 SAN FELIPE V ETAPA, 31203. CHIHUAHUA, CHIHUAHUA, MÉXICO | V10: X | W10: X | Y10: IMPUESTOS, CONTRIBUCIONES FEDERALES, SAT | Z10: PÚBLICA | AD10: NO APLICA | AE10: NO APLICA | AF10: NO APLICA | AG10: NO APLICA | AH10: NO APLICA | AI10: NO APLICA | AJ10: NO APLICA | AK10: NO APLICA | AL10: NO APLICA | AM10: NO APLICA | AP10: ='NORMAS TRANSVERSALES'!F13 -> CÓDIGO FISCAL DE LA FEDERACIÓN | AR10: ='NORMAS TRANSVERSALES'!F47 -> REGLAMENTO DEL CÓDIGO FISCAL DE LA FEDERACION | AT10: ='NORMAS TRANSVERSALES'!F21 -> LEY DEL IMPUESTO AL VALOR AGREGADO | AV10: ='NORMAS TRANSVERSALES'!F18 -> LEY DEL IMPUESTO SOBRE LA RENTA | AX10: MANUAL DE ORGANIZACIÓN DIF | AY10: NO APLICA | AZ10: NO APLICA | BA10: 3 | BB10: 9 | BC10: 12 | BD10: NO APLICA | BE10: ELECTRONICO | BF10: ORIGINAL | BG10: C.P. MARÍA BEATRIZ TORRECILLAS FITCH | BH10: MARIA ELENA SEYFFERT LOPEZ | BJ10: X | BL10: DECLARACIONES
A11: ENTREVISTA | B11: 43640 | C11: DIF MUNICIPAL | D11: CA | E11: COORDINACIÓN ADMINISTRATIVA | F11: 02 | G11: JURÍDCO ADMINISTRATIVO | H11: C | I11: 01 | J11: CONTRATOS, ADQUISICIONES Y OPERATIVOS | K11: CONTRATOS DE ADQUISISCION DE BIENES Y SERVICIOS DERIVADOS DE PROCESOS DE ADJUDICACION DIRECTA, INVITACIONES O LICITACIONES PUBLICAS, CONVENIOS CON OBRAS PÚBLICAS MUNICIPALES (ELLOS SE ENCARGAN DE LAS CONTRATACIONES) | L11: ELABORACIÓN DE CONTRATOS | M11: NO APLICA | N11: NO APLICA | O11: DIF MUNICIPAL | P11: COORDINADA | Q11: DETERMINANA EL PROCEDIMEINTO DE LA COMPRA | T11: CALLE GLANDORF NO. 4106 SAN FELIPE V ETAPA, 31203. CHIHUAHUA, CHIHUAHUA, MÉXICO | V11: X | W11: X | Y11: CONTRATOS, ADQUISICIONES, OPERATIVOS | Z11: PÚBLICA | AD11: ='NORMAS TRANSVERSALES'!F32 -> LEY DE TRANSPARENCIA Y ACCESO A LA INFORMACIÓN PÚBLICA DEL ESTADO DE CHIHUAHUA | AF11: NO APLICA | AG11: NO APLICA | AH11: NO APLICA | AI11: NO APLICA | AJ11: NO APLICA | AK11: NO APLICA | AL11: NO APLICA | AM11: NO APLICA | AP11: ='NORMAS TRANSVERSALES'!F40 -> LEY DE ADQUISICIONES, ARRENDAMIENTOS Y CONTRATACIÓN DE SERVICIOS DEL ESTADO DE CHIHUAHUA | AR11: ='NORMAS TRANSVERSALES'!F50 -> REGLAMENTO DE LA LEY DE ADQUISICIONES, ARRENDAMIENTOS Y CONTRATACIÓN DE SERVICIOS DEL ESTADO DE CHIHUAHUA. | AT11: NO APLICA | AU11: NO APLICA | AV11: NO APLICA | AW11: NO APLICA | AX11: MANUAL DE ORGANIZACIÓN DIF | AY11: NO APLICA | AZ11: NO APLICA | BA11: * | BB11: 9 | BC11: * | BD11: NO APLICA | BE11: FISICO | BF11: ORIGINAL | BG11: LIC. LILIANA IMELDA ARRAS BUSTAMANTE | BH11: MARIA ELENA SEYFFERT LOPEZ | BJ11: X | BK11: X
A12: ENTREVISTA | B12: 43640 | C12: DIF MUNICIPAL | D12: CA | E12: COORDINACIÓN ADMINISTRATIVA | F12: 02 | G12: JURÍDCO ADMINISTRATIVO | H12: S | I12: 02 | J12: CONVENIOS OSC | K12: CONVENIOS PARA ACUERDOS Y APOYOS DIVERSOS A LAS ORGANIZACIONES DE LA SOCIEDAD CIVIL | L12: ELABORACIÓN DE CONVENIOS. | M12: ADMINISTRACIÓN (COMPROBACIÓN Y APOYO A LAS OSC) | N12: SUBORDINADA | O12: VINCULACIÓN Y TEJIDO SOCIAL | P12: SUBORDINADA | Q12: COMPROBACION DEL USO DEL RECURSO ASIGNADO | R12: 43466 | S12: 43830 | T12: CALLE GLANDORF NO. 4106 SAN FELIPE V ETAPA, 31203. CHIHUAHUA, CHIHUAHUA, MÉXICO | V12: X | Y12: CONVENIOS, OSC | Z12: PÚBLICA | AD12: ='NORMAS TRANSVERSALES'!F15 -> LEY FEDERAL DE FOMENTO A LAS ACTIVIDADES REALIZADAS POR ORGANIZACIONES DE LA SOCIEDAD CIVIL | AE12: ARTICULO 7,14,16,19,20,23,30, | AF12: ='NORMAS TRANSVERSALES'!F46 -> REGLAMENTO DE LA LEY FEDERAL DE FOMENTO A LAS ACTIVIDADES REALIZADAS POR ORGANIZACIONES DE LA SOCIEDAD CIVIL | AH12: NO APLICA | AI12: NO APLICA | AJ12: NO APLICA | AK12: NO APLICA | AL12: NO APLICA | AM12: NO APLICA | AP12: NO APLICA | AQ12: NO APLICA | AR12: NO APLICA | AS12: NO APLICA | AT12: NO APLICA | AU12: NO APLICA | AV12: NO APLICA | AW12: NO APLICA | AX12: MANUAL DE ORGANIZACIÓN DIF | AY12: NO APLICA | AZ12: NO APLICA | BA12: 1 | BB12: 3 | BC12: 4 | BD12: X | BE12: FISICO | BF12: ORIGINAL | BG12: LIC. LILIANA IMELDA ARRAS BUSTAMANTE | BH12: MARIA ELENA SEYFFERT LOPEZ | BK12: X
A13: ENTREVISTA | B13: =ENTREVISTA!G1 -> 0 | C13: DIF MUNICIPAL | D13: CA | E13: COORDINACIÓN ADMINISTRATIVA | F13: 02 | G13: JURÍDCO ADMINISTRATIVO | H13: S | I13: 03 | J13: CONVENIOS DE COLABORACIÓN | K13: CONVENIOS PARA ESTABLECER LAS BASES DE COLABORACIÓN INTERINSTITUCIONAL CON DIVERSAS INSTITUCIONES PÚBLICAS Y PRIVADAS | L13: ELABORACIÓN DE CONVENIOS. | M13: NO APLICA | N13: NO APLICA | O13: NO APLICA | P13: NO APLICA | Q13: CONVENIOS COLABORATIVOS | R13: 43466 | S13: 43830 | T13: CALLE GLANDORF NO. 4106 SAN FELIPE V ETAPA, 31203. CHIHUAHUA, CHIHUAHUA, MÉXICO | V13: X | W13: X | X13: X | Y13: CONVENIOS COLABORATIVOS | Z13: PÚBLICA | AD13: ='NORMAS TRANSVERSALES'!F15 -> LEY FEDERAL DE FOMENTO A LAS ACTIVIDADES REALIZADAS POR ORGANIZACIONES DE LA SOCIEDAD CIVIL | AE13: ARTICULO 7,14,16,19,20,23,30, | AF13: ='NORMAS TRANSVERSALES'!F46 -> REGLAMENTO DE LA LEY FEDERAL DE FOMENTO A LAS ACTIVIDADES REALIZADAS POR ORGANIZACIONES DE LA SOCIEDAD CIVIL | AH13: ='NORMAS SUSTANTIVAS'!C18 -> DECRETO DE CREACION 261/84 DESARROLLO INTEGRAL DE LA FAMILIA | AJ13: NO APLICA | AK13: NO APLICA | AL13: NO APLICA | AM13: NO APLICA | AP13: ='NORMAS TRANSVERSALES'!F42 -> LEY DE INGRESOS PARA EL EJERCICIO FISCAL 2019 DEL MUNICIPIO DE CHIHUAHUA | AR13: NO APLICA | AS13: NO APLICA | AT13: NO APLICA | AU13: NO APLICA | AV13: NO APLICA | AW13: NO APLICA | AX13: MANUAL DE ORGANIZACIÓN DIF | AY13: NO APLICA | AZ13: NO APLICA | BA13: * | BB13: 3 | BC13: * | BD13: NO APLICA | BE13: FISICO | BF13: ORIGINAL | BG13: LIC. LILIANA IMELDA ARRAS BUSTAMANTE | BH13: MARIA ELENA SEYFFERT LOPEZ | BJ13: X | BK13: X
A14: ENTREVISTA | B14: 43640 | C14: DIF MUNICIPAL | D14: CA | E14: COORDINACIÓN ADMINISTRATIVA | F14: 02 | G14: JURÍDCO ADMINISTRATIVO | H14: C | I14: 04 | J14: COMODATOS | K14: CONTRATOS EN LOS QUE SE PROPORCIONA A UN TERCERO EL USO DE BIENES MUEBLES DE LA ADMINISTRACIÓN PÚBLICA (SILLAS DE RUEDAS, CAMAS DE HOSIPTAL, TANQUES DE OXÍGENO, ETC) | L14: ELABORACIÓN DE CONTRATOS | M14: NO APLICA | N14: NO APLICA | O14: ASISTENCIA SOCIAL | P14: SUBORDINADA | Q14: CONTRATOS | R14: 43466 | S14: 43830 | T14: CALLE GLANDORF NO. 4106 SAN FELIPE V ETAPA, 31203. CHIHUAHUA, CHIHUAHUA, MÉXICO | V14: X | W14: X | Y14: COMODATOS | Z14: PÚBLICA | AD14: ='NORMAS SUSTANTIVAS'!C9 -> LEY DE ASISTENCIA SOCIAL PÚBLICA Y PRIVADA PARA EL ESTADO DE CHIHUAHUA | AF14: NO APLICA | AG14: NO APLICA | AH14: NO APLICA | AI14: NO APLICA | AJ14: NO APLICA | AK14: NO APLICA | AL14: NO APLICA | AM14: NO APLICA | AP14: ='NORMAS TRANSVERSALES'!F26 -> LEY GENERAL DE CONTABILIDAD GUBERNAMENTAL | AR14: NO APLICA | AS14: NO APLICA | AT14: NO APLICA | AU14: NO APLICA | AV14: NO APLICA | AW14: NO APLICA | AX14: MANUAL DE ORGANIZACIÓN DIF | AY14: NO APLICA | AZ14: NO APLICA | BA14: 1 | BB14: 3 | BC14: 4 | BD14: NO APLICA | BE14: FISICO | BF14: ORIGINAL | BG14: LIC. LILIANA IMELDA ARRAS BUSTAMANTE | BH14: MARIA ELENA SEYFFERT LOPEZ | BJ14: X | BK14: X
A15: ENTREVISTA | B15: 43640 | C15: DIF MUNICIPAL | D15: CA | E15: COORDINACIÓN ADMINISTRATIVA | F15: 02 | G15: JURÍDCO ADMINISTRATIVO | H15: S | I15: 05 | J15: CONSTANCIAS DE ACREDITACION OSC | K15: EXPEDIENTES PARA EMITIR LA CONSTANCIA DE ACREDITACIÓN DE CUMPLIMIENTO IMPUESTA POR LA LEY DEL ISR PARA EXPEDIR RECIBOS DE DONATARIOS | L15: EXPEDICIÓN DE CARTAS PARA ASOCIACIÓN DONATARIA ANTE EL SAT. | M15: NO APLICA | N15: NO APLICA | O15: NO APLICA | P15: NO APLICA | Q15: REALIZA LA INVESTIGACIÓN DE CAMPO | R15: 43466 | S15: 43830 | T15: CALLE GLANDORF NO. 4106 SAN FELIPE V ETAPA, 31203. CHIHUAHUA, CHIHUAHUA, MÉXICO | V15: X | Y15: CONSTANCIAS, ACREDITACIONES OSC | Z15: PÚBLICA | AD15: ='NORMAS TRANSVERSALES'!F15 -> LEY FEDERAL DE FOMENTO A LAS ACTIVIDADES REALIZADAS POR ORGANIZACIONES DE LA SOCIEDAD CIVIL | AF15: ='NORMAS TRANSVERSALES'!F46 -> REGLAMENTO DE LA LEY FEDERAL DE FOMENTO A LAS ACTIVIDADES REALIZADAS POR ORGANIZACIONES DE LA SOCIEDAD CIVIL | AH15: NO APLICA | AI15: NO APLICA | AJ15: NO APLICA | AK15: NO APLICA | AL15: NO APLICA | AM15: NO APLICA | AP15: ='NORMAS TRANSVERSALES'!F18 -> LEY DEL IMPUESTO SOBRE LA RENTA | AQ15: NO APLICA | AR15: NO APLICA | AS15: NO APLICA | AT15: NO APLICA | AU15: NO APLICA | AV15: NO APLICA | AW15: NO APLICA | AX15: MANUAL DE ORGANIZACIÓN DIF | AY15: NO APLICA | AZ15: NO APLICA | BA15: 1 | BB15: 3 | BC15: 4 | BD15: NO APLICA | BE15: FISICO | BF15: ORIGINAL | BG15: LIC. LILIANA IMELDA ARRAS BUSTAMANTE | BH15: MARIA ELENA SEYFFERT LOPEZ | BJ15: X | BK15: X
A16: ENTREVISTA | B16: 43640 | C16: DIF MUNICIPAL | D16: CA | E16: COORDINACIÓN ADMINISTRATIVA | F16: 02 | G16: JURÍDCO ADMINISTRATIVO | H16: S | I16: 06 | J16: CONSEJO DIRECTIVO | K16: EXPEDIENTES DE LAS REUNIONES DEL CONSEJO DIRECTIVO | L16: CONTRIBUIR Y COOPERAR EN LOS OBJETIVOS INSTITUCIONALES BAJO LAS INDICACIONES DE SU JEFE INMEDIATO | M16: NO APLICA | N16: NO APLICA | O16: CONSEJO DIRECTIVO | P16: SUPRAORDINADA | Q16: ASISTE A LAS REUNIONES Y TOMA LAS DECISIONES | R16: 43353 | S16: 44448 | T16: CALLE GLANDORF NO. 4106 SAN FELIPE V ETAPA, 31203. CHIHUAHUA, CHIHUAHUA, MÉXICO | X16: X | Y16: CONSEJO DIRECTIVO | Z16: PÚBLICA | AD16: ='NORMAS SUSTANTIVAS'!C18 -> DECRETO DE CREACION 261/84 DESARROLLO INTEGRAL DE LA FAMILIA | AF16: NO APLICA | AG16: NO APLICA | AH16: NO APLICA | AI16: NO APLICA | AJ16: NO APLICA | AK16: NO APLICA | AL16: NO APLICA | AM16: NO APLICA | AP16: NO APLICA | AQ16: NO APLICA | AR16: NO APLICA | AS16: NO APLICA | AT16: NO APLICA | AU16: NO APLICA | AV16: NO APLICA | AW16: NO APLICA | AX16: MANUAL DE ORGANIZACIÓN DIF | AY16: NO APLICA | AZ16: NO APLICA | BA16: 3 | BB16: 9 | BC16: 12 | BD16: X | BE16: FISICO | BF16: ORIGINAL | BG16: LIC. LILIANA IMELDA ARRAS BUSTAMANTE | BH16: MARIA ELENA SEYFFERT LOPEZ | BK16: X
A17: ENTREVISTA | B17: 43640 | C17: DIF MUNICIPAL | D17: CA | E17: COORDINACIÓN ADMINISTRATIVA | F17: 02 | G17: JURÍDCO ADMINISTRATIVO | H17: C | I17: 07 | J17: COMITÉ DE ADQUISICIONES | K17: EXPEDIENTES DE LAS REUNIONES CELEBRADAS POR EL COMITÉ DE ADQUISICIONES | L17: CONTRIBUIR Y COOPERAR EN LOS OBJETIVOS INSTITUCIONALES BAJO LAS INDICACIONES DE SU JEFE INMEDIATO | M17: NO APLICA | N17: NO APLICA | O17: CONSEJO DIRECTIVO | P17: SUPRAORDINADA | Q17: ASISTE A LAS REUNIONES Y TOMA LAS DECISIONES | R17: 43353 | S17: 44448 | T17: CALLE GLANDORF NO. 4106 SAN FELIPE V ETAPA, 31203. CHIHUAHUA, CHIHUAHUA, MÉXICO | W17: X | Y17: EXPEDIENTES, ADQUISICIONES, COMITÉ | Z17: PÚBLICA | AD17: ='NORMAS TRANSVERSALES'!F32 -> LEY DE TRANSPARENCIA Y ACCESO A LA INFORMACIÓN PÚBLICA DEL ESTADO DE CHIHUAHUA | AF17: ='NORMAS TRANSVERSALES'!F43 -> REGLAMENTO DE LA LEY DE TRANSPARENCIA Y ACCESO A LA INFORMACIÓN PÚBLICA DEL ESTADO DE CHIHUAHUA | AG17: NO APLICA | AH17: NO APLICA | AI17: NO APLICA | AJ17: NO APLICA | AK17: NO APLICA | AL17: NO APLICA | AM17: NO APLICA | AP17: ='NORMAS TRANSVERSALES'!F40 -> LEY DE ADQUISICIONES, ARRENDAMIENTOS Y CONTRATACIÓN DE SERVICIOS DEL ESTADO DE CHIHUAHUA | AR17: ='NORMAS TRANSVERSALES'!F50 -> REGLAMENTO DE LA LEY DE ADQUISICIONES, ARRENDAMIENTOS Y CONTRATACIÓN DE SERVICIOS DEL ESTADO DE CHIHUAHUA. | AT17: NO APLICA | AU17: NO APLICA | AV17: NO APLICA | AW17: NO APLICA | AX17: MANUAL DE ORGANIZACIÓN DIF | AY17: NO APLICA | AZ17: NO APLICA | BA17: 3 | BB17: 3 | BC17: 6 | BD17: NO APLICA | BE17: FISICO | BF17: ORIGINAL | BG17: LIC. LILIANA IMELDA ARRAS BUSTAMANTE | BH17: MARIA ELENA SEYFFERT LOPEZ | BJ17: X | BK17: X
A18: ENTREVISTA | B18: 43640 | C18: DIF MUNICIPAL | D18: CA | E18: COORDINACIÓN ADMINISTRATIVA | F18: 02 | G18: JURÍDCO ADMINISTRATIVO | H18: C | I18: 08 | J18: PROCEDIMIENTO DE REMATE | K18: AVALÚOS, DICTÁMEN, ÁREAS DE EVALUACIÓN, SOLICITUDES DE BAJA, BAJAS DE INVENTARIO, CONVOCATORIA DE REMATE, (TALLERES O ÁREAS ADMINISTRATIVAS) | L18: CONTRIBUIR Y COOPERAR EN LOS OBJETIVOS INSTITUCIONALES BAJO LAS INDICACIONES DE SU JEFE INMEDIATO | M18: INVENTARIOS | N18: SUPRAORDINADA | O18: DIF MUNICIPAL | P18: COORDINADA | Q18: EVALUACIONES/ BAJAS | R18: 43466 | S18: 43830 | T18: CALLE GLANDORF NO. 4106 SAN FELIPE V ETAPA, 31203. CHIHUAHUA, CHIHUAHUA, MÉXICO | V18: X | W18: X | Y18: REMATE, BAJAS, INVENTARIOS | Z18: PÚBLICA | AD18: NO APLICA | AE18: NO APLICA | AF18: NO APLICA | AG18: NO APLICA | AH18: NO APLICA | AI18: NO APLICA | AJ18: NO APLICA | AK18: NO APLICA | AL18: NO APLICA | AM18: NO APLICA | AP18: ='NORMAS TRANSVERSALES'!F26 -> LEY GENERAL DE CONTABILIDAD GUBERNAMENTAL | AR18: ='NORMAS TRANSVERSALES'!F40 -> LEY DE ADQUISICIONES, ARRENDAMIENTOS Y CONTRATACIÓN DE SERVICIOS DEL ESTADO DE CHIHUAHUA | AT18: NO APLICA | AU18: NO APLICA | AV18: NO APLICA | AW18: NO APLICA | AX18: MANUAL DE ORGANIZACIÓN DIF | AY18: NO APLICA | AZ18: NO APLICA | BA18: 1 | BB18: 3 | BC18: 4 | BD18: NO APLICA | BG18: LIC. LILIANA IMELDA ARRAS BUSTAMANTE | BH18: MARIA ELENA SEYFFERT LOPEZ | BJ18: X
A19: ENTREVISTA | B19: 43640 | C19: DIF MUNICIPAL | D19: CA | E19: COORDINACIÓN ADMINISTRATIVA | F19: 02 | G19: JURÍDCO ADMINISTRATIVO | H19: C | I19: 09 | J19: ASUNTOS JUDICIALES, LABORALES Y ADMINISTRATIVOS | K19: EXPEDIENTES DE JUICIOS Y PROCEDIMIENTOS ADMINISTRATIVOS | L19: ASESORAR LEGALMENTE A LA COORDINACIÓN ADMINISTRATIVA. | M19: NO APLICA | N19: NO APLICA | O19: DIF MUNICIPAL | P19: COORDINADA | Q19: ASUNTOS ESPECIALES EN MATERIA JURIDICA | T19: CALLE GLANDORF NO. 4106 SAN FELIPE V ETAPA, 31203. CHIHUAHUA, CHIHUAHUA, MÉXICO | V19: X | W19: X | Y19: EXPEDIENTES, JUDICIALES, ADMINISTRATIVOS | Z19: RESERVADA | AA19: X | AD19: ='NORMAS TRANSVERSALES'!F33 -> LEY DE PROTECCIÓN DE DATOS PERSONALES DEL ESTADO DE CHIHUAHUA | AF19: ='NORMAS TRANSVERSALES'!F11 -> CÓDIGO CIVIL DEL ESTADO DE CHIHUAHUA | AH19: ='NORMAS TRANSVERSALES'!F19 -> LEY FEDERAL DEL TRABAJO | AJ19: ='NORMAS TRANSVERSALES'!F20 -> LEY FEDERAL DE RESPONSABILIDADES DE LOS SERVIDORES PÚBLICOS | AL19: NO APLICA | AM19: NO APLICA | AP19: NO APLICA | AQ19: NO APLICA | AR19: NO APLICA | AS19: NO APLICA | AT19: NO APLICA | AU19: NO APLICA | AV19: NO APLICA | AW19: NO APLICA | AX19: MANUAL DE ORGANIZACIÓN DIF | AY19: NO APLICA | AZ19: NO APLICA | BA19: * | BB19: 9 | BC19: * | BD19: X | BE19: FISICO | BF19: ORIGINAL | BG19: LIC. LILIANA IMELDA ARRAS BUSTAMANTE | BH19: MARIA ELENA SEYFFERT LOPEZ | BK19: X
A20: ENTREVISTA | B20: 43640 | C20: DIF MUNICIPAL | D20: CA | E20: COORDINACIÓN ADMINISTRATIVA | F20: 02 | G20: JURÍDCO ADMINISTRATIVO | H20: C | I20: 10 | J20: VIOLACIONES A LOS DERECHOS HUMANOS | K20: ATENCIÓN A LAS OBSERVACIONES REALIZADAS POR LA COMISIÓN ESTATAL DE DERECHOS HUMANOS | L20: ASESORAR LEGALMENTE A LA COORDINACIÓN ADMINISTRATIVA. | M20: NO APLICA | N20: NO APLICA | O20: DIF MUNICIPAL | P20: COORDINADA | Q20: REVISION | R20: 43353 | S20: 44448 | T20: CALLE GLANDORF NO. 4106 SAN FELIPE V ETAPA, 31203. CHIHUAHUA, CHIHUAHUA, MÉXICO | V20: X | W20: X | Y20: ATENCIÓN, DERECHOS HUMANOS | Z20: CONFIDENCIAL (DATOS PERSONALES SENSIBLES) | AC20: X | AD20: ='NORMAS TRANSVERSALES'!F20 -> LEY FEDERAL DE RESPONSABILIDADES DE LOS SERVIDORES PÚBLICOS | AF20: ='NORMAS TRANSVERSALES'!F8 -> CONSTITUCIÓN POLÍTICA DEL ESTADO LIBRE Y SOBERANO DE CHIHUAHUA | AH20: ='NORMAS TRANSVERSALES'!F33 -> LEY DE PROTECCIÓN DE DATOS PERSONALES DEL ESTADO DE CHIHUAHUA | AJ20: ='NORMAS TRANSVERSALES'!#REF! -> #REF! | AL20: NO APLICA | AM20: NO APLICA | AP20: NO APLICA | AQ20: NO APLICA | AR20: NO APLICA | AS20: NO APLICA | AT20: NO APLICA | AU20: NO APLICA | AV20: NO APLICA | AW20: NO APLICA | AX20: MANUAL DE ORGANIZACIÓN DIF | AY20: NO APLICA | AZ20: NO APLICA | BA20: * | BB20: 9 | BC20: * | BD20: X | BE20: FISICO | BF20: ORIGINAL | BG20: LIC. LILIANA IMELDA ARRAS BUSTAMANTE | BH20: MARIA ELENA SEYFFERT LOPEZ | BK20: X
C21: DIF MUNICIPAL | D21: CA | E21: COORDINACIÓN ADMINISTRATIVA | F21: 02 | G21: JURÍDCO ADMINISTRATIVO | H21: C | I21: 11 | J21: CONTRATOS HONORARIOS | K21: CONTRATOS DE PRESTACIÓN DE SERVICIOS PROFESIONALES (TERAPEUTAS, PSICÓLOGOS, APOYO ASISTENCIA SOCIAL, APOYO ASISTENCIA ALIMENTARIA, NUTRIÓLOGOS, APOYO FORTALECIMIENTO FAMILIAR) | L21: ELABORACIÓN DE CONTRATOS | M21: NO APLICA | N21: NO APLICA | O21: COORDINACIÓN SOCIAL | P21: COORDINADA | Q21: JURIDICO ELABORA LOS CONTRATOS | R21: 43467 | S21: 43830 | T21: CALLE GLANDORF NO. 4106 SAN FELIPE V ETAPA, 31203. CHIHUAHUA, CHIHUAHUA, MÉXICO | V21: X | W21: X | Y21: CONTRATOS, HONORARIOS, COORDINACIÓN SOCIAL | Z21: CONFIDENCIAL (DATOS PERSONALES) | AB21: X | AD21: ='NORMAS TRANSVERSALES'!F19 -> LEY FEDERAL DEL TRABAJO | AF21: ='NORMAS TRANSVERSALES'!F10 -> CÓDIGO ADMINISTRATIVO DEL ESTADO DE CHIHUAHUA | AH21: ='NORMAS TRANSVERSALES'!F11 -> CÓDIGO CIVIL DEL ESTADO DE CHIHUAHUA | AJ21: ='NORMAS TRANSVERSALES'!F33 -> LEY DE PROTECCIÓN DE DATOS PERSONALES DEL ESTADO DE CHIHUAHUA | AL21: NO APLICA | AM21: NO APLICA | AP21: NO APLICA | AQ21: NO APLICA | AR21: NO APLICA | AS21: NO APLICA | AT21: NO APLICA | AU21: NO APLICA | AV21: NO APLICA | AW21: NO APLICA | AX21: ='NORMAS TRANSVERSALES'!F70 -> NORMA USC-SSO2-98 PARA LA CONTRATACION DE SERVICIOS PROFESIONALES QUE SE CUBREN CON CARGO A LA PARTIDA 1201 “HONORARIOS Y COMISIONES” DEL CAPITULO 1000 "SERVICIOS PERSONALES" | AY21: MANUAL DE ORGANIZACIÓN DIF | AZ21: NO APLICA | BA21: * | BB21: 3 | BC21: * | BD21: NO APLICA | BG21: LIC. LILIANA IMELDA ARRAS BUSTAMANTE | BH21: MARIA ELENA SEYFFERT LOPEZ | BI21: X | BK21: X
A22: ENTREVISTA | B22: 43649 | C22: DIF MUNICIPAL | D22: CS | E22: COORDINACIÓN SOCIAL | F22: 01 | G22: PSICOLOGÍA | H22: S | I22: 01 | J22: EXPEDIENTE CLÍNICO | K22: EXPEDIENTES DE PERSONAS Y FAMILIAS QUE SON ATENDIDAS EN LOS DIVERSOS CENTROS DE ATENCIÓN PSICOLÓGICA REGULADOS DIF | L22: LLEVAR A CABO VALORACIONES Y REALIZAR REPORTES DE LAS MISMAS. | M22: CENTROS COMUNITARIOS, FORMACIÓN HUMANA | N22: COORDINADA | O22: NO APLICA | P22: NO APLICA | Q22: COMPARTIR DATOS SOBRE EL EXPEDIENTE CLINICO | R22: 43466 | S22: 43830 | T22: CALLE GLANDORF NO. 4106 SAN FELIPE V ETAPA, 31203. CHIHUAHUA, CHIHUAHUA, MÉXICO, CENTROS COMUNITARIOS | V22: X | W22: X | Y22: EXPEDIENTES, PSICOLOGÍA | Z22: CONFIDENCIAL (DATOS PERSONALES SENSIBLES) | AC22: X | AD22: ='NORMAS TRANSVERSALES'!F27 -> LEY GENERAL DE PROTECCIÓN DE DATOS PERSONALES EN POSESIÓN DE SUJETOS OBLIGADOS | AF22: ='NORMAS TRANSVERSALES'!F33 -> LEY DE PROTECCIÓN DE DATOS PERSONALES DEL ESTADO DE CHIHUAHUA | AH22: ='NORMAS SUSTANTIVAS'!C9 -> LEY DE ASISTENCIA SOCIAL PÚBLICA Y PRIVADA PARA EL ESTADO DE CHIHUAHUA | AJ22: ='NORMAS SUSTANTIVAS'!C7 -> LEY GENERAL DE LOS DERECHOS DE NIÑAS, NIÑOS Y ADOLESCENTES | AL22: NO APLICA | AM22: NO APLICA | AN22: NO APLICA | AO22: NO APLICA | AP22: NO APLICA | AQ22: NO APLICA | AR22: NO APLICA | AS22: NO APLICA | AT22: NO APLICA | AU22: NO APLICA | AV22: NO APLICA | AW22: NO APLICA | AX22: ='NORMAS SUSTANTIVAS'!C38 -> NORMA OFICIAL MEXICANA NOM-004-SSA3-2012, DEL EXPEDIENTE CLÍNICO. | AY22: ='NORMAS SUSTANTIVAS'!C37 -> NORMA OFICIAL MEXICANA NOM-031-SSA3-2012, ASISTENCIA SOCIAL | AZ22: ='NORMAS SUSTANTIVAS'!C27 -> REGLAMENTO DE LA LEY GENERAL DE SALUD EN MATERIA DE PRESTACIÓN DE SERVICIOS DE ATENCIÓN MÉDICA. | BA22: 1 | BB22: 3 | BC22: 4 | BD22: X | BE22: HIBRIDO | BF22: ORIGINAL | BG22: LIC. OSCAR ORTEGA BELTRÁN | BH22: LIC. MONICA ARANDA BALANDRÁN | BI22: X | BK22: X
A23: ENTREVISTA | B23: 43649 | C23: DIF MUNICIPAL | D23: CS | E23: COORDINACIÓN SOCIAL | F23: 01 | G23: PSICOLOGÍA | H23: S | I23: 02 | J23: PROGRAMAS ESPECIALES DE INTERVENCIÓN | K23: INCLUYE EXPEDIENTES DE PROGRAMAS DE INTERVENCIÓN ESPECÍFICOS PARA ATENCIÓN A PROBLEMAS SOBRE VOLENCIA FAMILIAR, EMBARAAZO ADOLESCENTE, PREVENCIÓN DE ADICCIONES QUE SE DISEÑAN Y EJECUTAN CON LA PARTICIPACIÓN DE DIVERSAS DEPENDENCIAS PÚBLICAS, ORGANIZACIONES DE LA SOCIEDAD CIVIL E INICIATIVA PRIVADA | L23: ATENCIÓN PSICOLÓGICA EN CASOS ESPECIALES. | M23: FORMACIÓN HUMANA, CENTROS COMUNITARIOS, VINCULACIÓN Y TEJIDO SOCIAL | N23: COORDINADA | O23: NO APLICA | P23: NO APLICA | Q23: COMPARTEN DATOS, ESTRATEGIAS Y DOCUMENTOS NORMATIVOS PARA CADA UNO DE LOS PROGRAMAS | R23: 43466 | S23: 43830 | T23: CALLE GLANDORF NO. 4106 SAN FELIPE V ETAPA, 31203. CHIHUAHUA, CHIHUAHUA, MÉXICO | V23: X | W23: X | Y23: EXPEDIENTES, VIOLENCIA FAMILIAR, EMBARAZO, ADICCIONES | Z23: CONFIDENCIAL (DATOS PERSONALES SENSIBLES) | AC23: X | AD23: ='NORMAS TRANSVERSALES'!F27 -> LEY GENERAL DE PROTECCIÓN DE DATOS PERSONALES EN POSESIÓN DE SUJETOS OBLIGADOS | AF23: ='NORMAS TRANSVERSALES'!F33 -> LEY DE PROTECCIÓN DE DATOS PERSONALES DEL ESTADO DE CHIHUAHUA | AH23: ='NORMAS SUSTANTIVAS'!C9 -> LEY DE ASISTENCIA SOCIAL PÚBLICA Y PRIVADA PARA EL ESTADO DE CHIHUAHUA | AJ23: ='NORMAS SUSTANTIVAS'!C5 -> LEY DE ASISTENCIA Y PREVENCIÓN DE LA VIOLENCIA FAMILIAR | AK23: NO APLICA | AL23: ='NORMAS SUSTANTIVAS'!C7 -> LEY GENERAL DE LOS DERECHOS DE NIÑAS, NIÑOS Y ADOLESCENTES | AM23: NO APLICA | AN23: NO APLICA | AO23: NO APLICA | AP23: NO APLICA | AQ23: NO APLICA | AR23: NO APLICA | AS23: NO APLICA | AT23: NO APLICA | AU23: NO APLICA | AV23: NO APLICA | AW23: NO APLICA | AX23: ='NORMAS SUSTANTIVAS'!C38 -> NORMA OFICIAL MEXICANA NOM-004-SSA3-2012, DEL EXPEDIENTE CLÍNICO. | AY23: ='NORMAS SUSTANTIVAS'!C37 -> NORMA OFICIAL MEXICANA NOM-031-SSA3-2012, ASISTENCIA SOCIAL | AZ23: ='NORMAS SUSTANTIVAS'!C27 -> REGLAMENTO DE LA LEY GENERAL DE SALUD EN MATERIA DE PRESTACIÓN DE SERVICIOS DE ATENCIÓN MÉDICA. | BA23: 1 | BB23: 3 | BC23: 4 | BD23: X | BE23: ELECTRONICO | BF23: ORIGINAL | BG23: LIC. OSCAR ORTEGA BELTRÁN | BH23: LIC. MONICA ARANDA BALANDRÁN | BI23: X | BK23: X
A24: ENTREVISTA | B24: 43649 | C24: DIF MUNICIPAL | D24: CS | E24: COORDINACIÓN SOCIAL | F24: 01 | G24: PSICOLOGÍA | H24: S | I24: 03 | J24: INFORMES DEL ÁREA DE PSICOLOGÍA | K24: INFORMES, REPORTES, INDICADORES Y DATOS ESTADÍSTICOS MENSUALES, TRIMESTRALES Y ANUALES QUE LE SON REQUERIDAS POR LAS DIVERSAS ÁREAS DEL DIF MUNICIPAL, ASÍ COMO POR OTRAS DEPENDENCIAS PÚBLICAS, INFORMES DE INGRESOS POR CONSULTAS | L24: REPRESENTAR A LA INSTITUCIÓN EN CONSEJOS O LABORES RELACIONADAS CON LA SALUD MENTAL | M24: NO APLICA | N24: NO APLICA | O24: PLANEACIÓN Y PROYECTOS | P24: COORDINADA | Q24: COMPARTIR DATOS PARA TOMA DE DECISIONES | R24: 43466 | S24: 43830 | T24: CALLE GLANDORF NO. 4106 SAN FELIPE V ETAPA, 31203. CHIHUAHUA, CHIHUAHUA, MÉXICO | W24: X | Y24: INFORMES, INDICADORES, ESTADÍSTICAS | Z24: PÚBLICA | AD24: ='NORMAS TRANSVERSALES'!F32 -> LEY DE TRANSPARENCIA Y ACCESO A LA INFORMACIÓN PÚBLICA DEL ESTADO DE CHIHUAHUA | AF24: ='NORMAS SUSTANTIVAS'!C9 -> LEY DE ASISTENCIA SOCIAL PÚBLICA Y PRIVADA PARA EL ESTADO DE CHIHUAHUA | AH24: NO APLICA | AI24: NO APLICA | AJ24: NO APLICA | AK24: NO APLICA | AL24: NO APLICA | AM24: NO APLICA | AN24: NO APLICA | AO24: NO APLICA | AP24: NO APLICA | AQ24: NO APLICA | AR24: NO APLICA | AS24: NO APLICA | AT24: NO APLICA | AU24: NO APLICA | AV24: NO APLICA | AW24: NO APLICA | AX24: ='NORMAS SUSTANTIVAS'!C37 -> NORMA OFICIAL MEXICANA NOM-031-SSA3-2012, ASISTENCIA SOCIAL | AY24: NO APLICA | AZ24: NO APLICA | BA24: 1 | BB24: 4 | BC24: 5 | BD24: X | BE24: ELECTRONICO | BF24: ORIGINAL | BG24: LIC. OSCAR ORTEGA BELTRÁN | BH24: LIC. MONICA ARANDA BALANDRÁN | BI24: X | BK24: X
A25: ENTREVISTA | B25: 43649 | C25: DIF MUNICIPAL | D25: CS | E25: COORDINACIÓN SOCIAL | F25: 01 | G25: PSICOLOGÍA | H25: S | I25: 04 | J25: ATENCIÓN SOLICITUDES DE PROCURACIÓN E IMPARTACIÓN DE JUSTICIA | K25: CASOS DE ATENCIÓN A REQUERIMIENTOS DEL PODER JUDICIAL SOBRE EXPEDIENTES CLÍNICOS, DICTÁMENES PSICOLÓGICOS, OPINIONES TÉCNICAS | L25: REPRESENTAR A LA INSTITUCIÓN EN CONSEJOS O LABORES RELACIONADAS CON LA SALUD MENTAL | M25: NO APLICA | N25: NO APLICA | O25: JURÍDICO ADMINISTRATIVO | P25: SUBORDINADA | Q25: SOLICITUDES | R25: 43466 | S25: 43830 | T25: CALLE GLANDORF NO. 4106 SAN FELIPE V ETAPA, 31203. CHIHUAHUA, CHIHUAHUA, MÉXICO | V25: X | W25: X | Y25: EXPEDIENTE CLÍNICO, FISCALÍA | Z25: CONFIDENCIAL (DATOS PERSONALES SENSIBLES) | AC25: X | AD25: ='NORMAS TRANSVERSALES'!F27 -> LEY GENERAL DE PROTECCIÓN DE DATOS PERSONALES EN POSESIÓN DE SUJETOS OBLIGADOS | AF25: ='NORMAS TRANSVERSALES'!F33 -> LEY DE PROTECCIÓN DE DATOS PERSONALES DEL ESTADO DE CHIHUAHUA | AH25: ='NORMAS SUSTANTIVAS'!C9 -> LEY DE ASISTENCIA SOCIAL PÚBLICA Y PRIVADA PARA EL ESTADO DE CHIHUAHUA | AJ25: ='NORMAS SUSTANTIVAS'!C7 -> LEY GENERAL DE LOS DERECHOS DE NIÑAS, NIÑOS Y ADOLESCENTES | AK25: NO APLICA | AL25: NO APLICA | AM25: NO APLICA | AN25: NO APLICA | AO25: NO APLICA | AP25: NO APLICA | AQ25: NO APLICA | AR25: NO APLICA | AS25: NO APLICA | AT25: NO APLICA | AU25: NO APLICA | AV25: NO APLICA | AW25: NO APLICA | AX25: ='NORMAS SUSTANTIVAS'!C38 -> NORMA OFICIAL MEXICANA NOM-004-SSA3-2012, DEL EXPEDIENTE CLÍNICO. | AY25: ='NORMAS SUSTANTIVAS'!C37 -> NORMA OFICIAL MEXICANA NOM-031-SSA3-2012, ASISTENCIA SOCIAL | AZ25: NO APLICA | BA25: 1 | BB25: 4 | BC25: 5 | BD25: X | BE25: FISICO | BF25: ORIGINAL | BG25: LIC. OSCAR ORTEGA BELTRÁN | BH25: LIC. MONICA ARANDA BALANDRÁN | BI25: X | BK25: X
A26: ENTREVISTA | B26: 43649 | C26: DIF MUNICIPAL | D26: CS | E26: COORDINACIÓN SOCIAL | F26: 01 | G26: PSICOLOGÍA | H26: S | I26: 05 | J26: CONSULTORÍA Y ASESORIA | K26: SERVICIOS DE CONSULTORÍA CONTRATADOS CON DESPACHOS EXTERNOS EN TEMAS DE ESPECIALIZACIÓN NECESARIOS PARA BRINDAR MEJOR SERVICIO A LA COMUNIDAD | L26: COORDINAR LOS TRABAJOS DE PSICOLOGÍA EN DEPARTAMENTOS DE OFICINAS GENERALES. | M26: NO APLICA | N26: NO APLICA | O26: JURÍDICO ADMINISTRATIVO | P26: SUPRAORDINADA | Q26: SERVICIOS | R26: 43466 | S26: 43830 | T26: CALLE GLANDORF NO. 4106 SAN FELIPE V ETAPA, 31203. CHIHUAHUA, CHIHUAHUA, MÉXICO | W26: X | Y26: CONSULTORIA, SERVICIO A LA COMUNIDAD | Z26: PÚBLICA | AD26: ='NORMAS SUSTANTIVAS'!C9 -> LEY DE ASISTENCIA SOCIAL PÚBLICA Y PRIVADA PARA EL ESTADO DE CHIHUAHUA | AF26: NO APLICA | AG26: NO APLICA | AH26: NO APLICA | AI26: NO APLICA | AJ26: NO APLICA | AK26: NO APLICA | AL26: NO APLICA | AM26: NO APLICA | AN26: NO APLICA | AO26: NO APLICA | AP26: ='NORMAS TRANSVERSALES'!F40 -> LEY DE ADQUISICIONES, ARRENDAMIENTOS Y CONTRATACIÓN DE SERVICIOS DEL ESTADO DE CHIHUAHUA | AR26: NO APLICA | AS26: NO APLICA | AT26: NO APLICA | AU26: NO APLICA | AV26: NO APLICA | AW26: NO APLICA | AX26: ='NORMAS SUSTANTIVAS'!C37 -> NORMA OFICIAL MEXICANA NOM-031-SSA3-2012, ASISTENCIA SOCIAL | AY26: NO APLICA | AZ26: NO APLICA | BA26: 1 | BB26: 2 | BC26: 3 | BD26: NO APLICA | BE26: FISICO | BF26: ORIGINAL | BG26: LIC. OSCAR ORTEGA BELTRÁN | BH26: LIC. MONICA ARANDA BALANDRÁN | BI26: X | BJ26: X | BK26: X
A27: ENTREVISTA | B27: 43649 | C27: DIF MUNICIPAL | D27: CS | E27: COORDINACIÓN SOCIAL | F27: 02 | G27: ASISTENCIA SOCIAL | H27: S | I27: 01 | J27: EXPEDIENTES DE BENEFICIARIOS DE ASISTENCIA SOCIAL | K27: EXPEDIENTES DE LOS BENEFICIAROS DE PROGRAMAS (DESPENSA EMERGENTES, APOYOS ORTOPÉDICOS, APOYOS MÉDICOS, APOYOS AUDITIVOS, APOYO TRASLADOS CITAS MÉDICAS) BASE DE DATOS EN FORMATO ELECTRÓNICO, SEGUIMIENTO A LOS BENEFICIARIOS DE ACUERDO A LAS REGLAS DE OPERACIÓN, PRÉSTAMO, CANALIZACIÓN, PAGO EN RECETAS MÉDICAS, TRATAMIENTO. | L27: ESTABLECER MECANISMOS DE APOYO SUBSIDIARIO A GRUPOS VULNERABLES QUE MITIGUEN CONDICIÓN TEMPORAL. | M27: COORDINACIÓN SOCIAL | N27: COORDINADA | O27: NO APLICA | P27: NO APLICA | Q27: EXPEDIENTES | R27: 43466 | S27: 43830 | T27: CALLE GLANDORF NO. 4106 SAN FELIPE V ETAPA, 31203. CHIHUAHUA, CHIHUAHUA, MÉXICO | U27: X | V27: X | W27: X | Y27: EXPEDIENTES, BENEFICIARIOS, ASISTENCIA SOCIAL | Z27: CONFIDENCIAL (DATOS PERSONALES SENSIBLES) | AC27: X | AD27: ='NORMAS TRANSVERSALES'!F9 -> CONVENCIÓN AMERICANA SOBRE DERECHOS HUMANOS | AF27: ='NORMAS TRANSVERSALES'!F7 -> CONSTITUCIÓN POLÍTICA DE LOS ESTADOS UNIDOS MEXICANOS | AH27: ='NORMAS TRANSVERSALES'!F27 -> LEY GENERAL DE PROTECCIÓN DE DATOS PERSONALES EN POSESIÓN DE SUJETOS OBLIGADOS | AJ27: ='NORMAS SUSTANTIVAS'!C9 -> LEY DE ASISTENCIA SOCIAL PÚBLICA Y PRIVADA PARA EL ESTADO DE CHIHUAHUA | AL27: ='NORMAS SUSTANTIVAS'!C7 -> LEY GENERAL DE LOS DERECHOS DE NIÑAS, NIÑOS Y ADOLESCENTES | AN27: ='NORMAS SUSTANTIVAS'!C13 -> LEY PARA LA INCLUSIÓN Y DESARROLLO DE LAS PERSONAS CON DISCAPACIDAD EN EL ESTADO DE CHIHUAHUA | AP27: NO APLICA | AQ27: NO APLICA | AR27: NO APLICA | AS27: NO APLICA | AT27: NO APLICA | AU27: NO APLICA | AV27: NO APLICA | AW27: NO APLICA | AX27: ='NORMAS SUSTANTIVAS'!C36 -> NORMA OFICIAL MEXICANA NOM-015-SSA3-2012, PARA LA ATENCIÓN INTEGRAL A PERSONAS CON DISCAPACIDAD | AY27: ='NORMAS SUSTANTIVAS'!C37 -> NORMA OFICIAL MEXICANA NOM-031-SSA3-2012, ASISTENCIA SOCIAL | AZ27: ='NORMAS SUSTANTIVAS'!C27 -> REGLAMENTO DE LA LEY GENERAL DE SALUD EN MATERIA DE PRESTACIÓN DE SERVICIOS DE ATENCIÓN MÉDICA. | BA27: 3 | BB27: 1 | BC27: 4 | BD27: X | BE27: FISICO, ELECTRONICO | BF27: ORIGINAL | BG27: LIC. GUADALUPE BORRUEL BAQUERA | BH27: LIC. MONICA ARANDA BALANDRÁN | BI27: X | BK27: X
A28: ENTREVISTA | B28: 43649 | C28: DIF MUNICIPAL | D28: CS | E28: COORDINACIÓN SOCIAL | F28: 02 | G28: ASISTENCIA SOCIAL | H28: S | I28: 02 | J28: CREDENCIAL INAPAM | K28: REPORTES DE ENTREGA DE LOS EXPEDIENTES ANTE LA AUTORIDAD FEDERAL | L28: REALIZAR CREDENCIALES DE INAPAM A PERSONAS MAYORES DE 60 AÑOS QUE ACUDA AL DEPARTAMENTO | M28: COORDINACIÓN SOCIAL | N28: COORDINADA | O28: NO APLICA | P28: NO APLICA | Q28: REPORTES | R28: 43466 | S28: 43830 | T28: CALLE GLANDORF NO. 4106 SAN FELIPE V ETAPA, 31203. CHIHUAHUA, CHIHUAHUA, MÉXICO | V28: X | W28: X | Y28: CREDENCIAL INAPAM | Z28: CONFIDENCIAL (DATOS PERSONALES) | AB28: X | AD28: ='NORMAS TRANSVERSALES'!F27 -> LEY GENERAL DE PROTECCIÓN DE DATOS PERSONALES EN POSESIÓN DE SUJETOS OBLIGADOS | AF28: ='NORMAS TRANSVERSALES'!F33 -> LEY DE PROTECCIÓN DE DATOS PERSONALES DEL ESTADO DE CHIHUAHUA | AH28: ='NORMAS SUSTANTIVAS'!C11 -> LEY DE LOS DERECHOS DE LAS PERSONAS MAYORES DEL ESTADO DE CHIHUAHUA | AJ28: NO APLICA | AK28: NO APLICA | AL28: NO APLICA | AM28: NO APLICA | AN28: NO APLICA | AO28: NO APLICA | AP28: NO APLICA | AQ28: NO APLICA | AR28: NO APLICA | AS28: NO APLICA | AT28: NO APLICA | AU28: NO APLICA | AV28: NO APLICA | AW28: NO APLICA | AX28: ='NORMAS SUSTANTIVAS'!C44 -> NORMA OFICIAL MEXICANA NOM-031-SSA3-2012, ASISTENCIA SOCIAL. PRESTACIÓN DE SERVICIOS DE ASISTENCIA SOCIAL A ADULTOS Y ADULTOS MAYORES EN SITUACIÓN DE RIESGO Y VULNERABILIDAD. | AY28: NO APLICA | AZ28: NO APLICA | BA28: 1 | BB28: 0 | BC28: 1 | BD28: NO APLICA | BE28: FISICO | BF28: ORIGINAL | BG28: LIC. GUADALUPE BORRUEL BAQUERA | BH28: LIC. MONICA ARANDA BALANDRÁN | BI28: X | BK28: X
A29: ENTREVISTA | B29: 43649 | C29: DIF MUNICIPAL | D29: CS | E29: COORDINACIÓN SOCIAL | F29: 02 | G29: ASISTENCIA SOCIAL | H29: C | I29: 03 | J29: CONTROL VEHICULAR ASISTENCIA SOCIAL | K29: BITÁCORAS DIARIAS ENTRADAS Y SALIDAS DE LOS VEHÍCULOS, SOLICITUDES DE MANTENIMIENTO VEHICULAR | L29: APOYAR CON TRASLADO A CITAS MÉDICAS A PERSONAS CON DISCAPACIDAD | M29: NO APLICA | N29: NO APLICA | O29: ADMINISTRACIÓN (COMPROBACIÓN Y APOYO A LAS OSC) | P29: COORDINADA | Q29: PRESENTAR LOS INFORMES DEL USO DE VEHICULOS PARA QUE SE INCORPORE AL REPORTE GENERAL DE LA FLOTILLA VEHICULAR | R29: 43466 | S29: 43830 | T29: CALLE GLANDORF NO. 4106 SAN FELIPE V ETAPA, 31203. CHIHUAHUA, CHIHUAHUA, MÉXICO | W29: X | Y29: SOLICITUDES, CONTROL VEHICULAR, BITACORAS | Z29: PÚBLICA | AD29: ='NORMAS TRANSVERSALES'!F36 -> LEY DE VIALIDAD Y TRANSITO DEL ESTADO DE CHIHUAHUA | AF29: NO APLICA | AG29: NO APLICA | AH29: NO APLICA | AI29: NO APLICA | AJ29: NO APLICA | AK29: NO APLICA | AL29: NO APLICA | AM29: NO APLICA | AN29: NO APLICA | AO29: NO APLICA | AP29: NO APLICA | AQ29: NO APLICA | AR29: NO APLICA | AS29: NO APLICA | AT29: NO APLICA | AU29: NO APLICA | AV29: NO APLICA | AW29: NO APLICA | AX29: NO APLICA | AY29: NO APLICA | AZ29: NO APLICA | BA29: 1 | BB29: 1 | BC29: 2 | BD29: NO APLICA | BE29: FISICO | BF29: ORIGINAL | BG29: LIC. GUADALUPE BORRUEL BAQUERA | BH29: LIC. MONICA ARANDA BALANDRÁN | BI29: X | BK29: X
A30: ENTREVISTA | B30: 43649 | C30: DIF MUNICIPAL | D30: CS | E30: COORDINACIÓN SOCIAL | F30: 02 | G30: ASISTENCIA SOCIAL | H30: S | I30: 04 | J30: INFORMES DEL ÁREA DE ASISTENCIA SOCIAL | K30: INFORMES, REPORTES, INDICADORES Y DATOS ESTADÍSTICOS MENSUALES, TRIMESTRALES Y ANUALES QUE LE SON REQUERIDAS POR LAS DIVERSAS ÁREAS DEL DIF MUNICIPAL, ASÍ COMO POR OTRAS DEPENDENCIAS PÚBLICAS | L30: BENEFICIAR A PERSONAS EN SITUACIÓN DE VULNERABILIDAD DEL MUNICIPIO DE CHIHUAHUA | M30: COORDINACIÓN SOCIAL | N30: COORDINADA | O30: PLANEACIÓN Y PROYECTOS | P30: SUPRAORDINADA | Q30: INFORMES Y DATOS DEL DIF | R30: 43466 | S30: 43830 | T30: CALLE GLANDORF NO. 4106 SAN FELIPE V ETAPA, 31203. CHIHUAHUA, CHIHUAHUA, MÉXICO | W30: X | Y30: INFORMES, INDICADORES, ASISTENCIA SOCIAL | Z30: PÚBLICA | AD30: ='NORMAS TRANSVERSALES'!F32 -> LEY DE TRANSPARENCIA Y ACCESO A LA INFORMACIÓN PÚBLICA DEL ESTADO DE CHIHUAHUA | AF30: ='NORMAS SUSTANTIVAS'!C9 -> LEY DE ASISTENCIA SOCIAL PÚBLICA Y PRIVADA PARA EL ESTADO DE CHIHUAHUA | AH30: NO APLICA | AI30: NO APLICA | AJ30: NO APLICA | AK30: NO APLICA | AL30: NO APLICA | AM30: NO APLICA | AN30: NO APLICA | AO30: NO APLICA | AP30: NO APLICA | AQ30: NO APLICA | AR30: NO APLICA | AS30: NO APLICA | AT30: NO APLICA | AU30: NO APLICA | AV30: NO APLICA | AW30: NO APLICA | AX30: ='NORMAS SUSTANTIVAS'!C37 -> NORMA OFICIAL MEXICANA NOM-031-SSA3-2012, ASISTENCIA SOCIAL | AY30: MANUAL DE ORGANIZACIÓN DIF | AZ30: NO APLICA | BA30: 1 | BB30: 2 | BC30: 3 | BD30: X | BE30: FISICO, ELECTRONICO | BF30: ORIGINAL | BG30: LIC. GUADALUPE BORRUEL BAQUERA | BH30: LIC. MONICA ARANDA BALANDRÁN | BI30: X | BK30: X
A31: ENTREVISTA | B31: 43649 | C31: DIF MUNICIPAL | D31: CS | E31: COORDINACIÓN SOCIAL | F31: 02 | G31: ASISTENCIA SOCIAL | H31: S | I31: 05 | J31: APOYO CASOS ESPECIALES | K31: NO INGRESAN DIRECTAMENTE A PROGRAMAS ESTABLECIDOS, INCLUYE ESTUDIOS, COTIZACIONES, CORREOS ELECTRÓNICOS, CONCENTRADOS DE DATOS, DICTAMEN DE COMITÉ INTERNO DEL DIF CON PROPUESTA DE SOLUCIÓN, CANALIZACIONES O INTEGRACIÓN DE EXPEDIENTE DE BENEFICIARIO | L31: CONTRIBUIR CON UN PORCENTAJE, PARA APOYO MÉDICO A PERSONAS QUE TIENE SEGURO POPULAR O QUE SU SERVICIO, NO CUBRA LO QUE LES ESTÉN SOLICITANDO. | M31: COORDINACIÓN SOCIAL | N31: COORDINADA | O31: COORDINACIÓN ADMINISTRATIVA | P31: SUPRAORDINADA | Q31: DATOS EXPEDIENTES A BENEFICIARIOS | R31: 43466 | S31: 43830 | T31: CALLE GLANDORF NO. 4106 SAN FELIPE V ETAPA, 31203. CHIHUAHUA, CHIHUAHUA, MÉXICO | U31: X | V31: X | W31: X | Y31: APOYOS ESPECIALES, COTIZACIONES, DICTAMENES | Z31: CONFIDENCIAL (DATOS PERSONALES SENSIBLES) | AC31: X | AD31: ='NORMAS TRANSVERSALES'!F9 -> CONVENCIÓN AMERICANA SOBRE DERECHOS HUMANOS | AF31: ='NORMAS TRANSVERSALES'!F7 -> CONSTITUCIÓN POLÍTICA DE LOS ESTADOS UNIDOS MEXICANOS | AH31: ='NORMAS SUSTANTIVAS'!C9 -> LEY DE ASISTENCIA SOCIAL PÚBLICA Y PRIVADA PARA EL ESTADO DE CHIHUAHUA | AJ31: ='NORMAS TRANSVERSALES'!F33 -> LEY DE PROTECCIÓN DE DATOS PERSONALES DEL ESTADO DE CHIHUAHUA | AL31: NO APLICA | AM31: NO APLICA | AN31: NO APLICA | AO31: NO APLICA | AP31: NO APLICA | AQ31: NO APLICA | AR31: NO APLICA | AS31: NO APLICA | AT31: NO APLICA | AU31: NO APLICA | AV31: NO APLICA | AW31: NO APLICA | AX31: ='NORMAS SUSTANTIVAS'!C37 -> NORMA OFICIAL MEXICANA NOM-031-SSA3-2012, ASISTENCIA SOCIAL | AY31: ='NORMAS SUSTANTIVAS'!C38 -> NORMA OFICIAL MEXICANA NOM-004-SSA3-2012, DEL EXPEDIENTE CLÍNICO. | AZ31: NO APLICA | BA31: 3 | BB31: 2 | BC31: 5 | BD31: X | BE31: FISICO | BF31: ORIGINAL | BG31: LIC. GUADALUPE BORRUEL BAQUERA | BH31: LIC. MONICA ARANDA BALANDRÁN | BI31: X | BK31: X
A32: ENTREVISTA | B32: 43649 | C32: DIF MUNICIPAL | D32: CS | E32: COORDINACIÓN SOCIAL | F32: 02 | G32: ASISTENCIA SOCIAL | H32: S | I32: 06 | J32: ESTUDIO PARA ASIGNACIÓN DE COMODATOS | K32: ESTUDIOS Y VALORACIONES MÉDICAS PARA EL OTORGAMIENTO DE BIENES EN COMODATO CON PLAZO MAXIMO DE SEIS MESES Y CON POSIBLIDAD DE AMPLIACIÓN, EN CASO NECESARIO, INCLUYE LA COPIA DEL CONTRATO DE COMODATO | L32: OTORGAR APOYOS ORTOPÉDICOS (SILLAS DE RUEDAS, ANDADORES, ETC.) A PERSONAS IDENTIFICADAS EN EL DEPARTAMENTO O EN CAMPO | M32: NO APLICA | N32: NO APLICA | O32: JURÍDICO ADMINISTRATIVO | P32: SUPRAORDINADA | Q32: EL DEPARTAMENTO JURIDICO ELABORA LOS CONTRATOS | R32: 43466 | S32: 43830 | T32: CALLE GLANDORF NO. 4106 SAN FELIPE V ETAPA, 31203. CHIHUAHUA, CHIHUAHUA, MÉXICO | V32: X | W32: X | Y32: ESTUDIOS MÉDICOS, COMODATOS | Z32: CONFIDENCIAL (DATOS PERSONALES SENSIBLES) | AC32: X | AD32: ='NORMAS SUSTANTIVAS'!C7 -> LEY GENERAL DE LOS DERECHOS DE NIÑAS, NIÑOS Y ADOLESCENTES | AF32: ='NORMAS SUSTANTIVAS'!C10 -> LEY DE LOS DERECHOS DE LA NIÑAS, NIÑOS Y ADOLESCENTES DEL ESTADO DE CHIHUAHUA | AH32: ='NORMAS SUSTANTIVAS'!C9 -> LEY DE ASISTENCIA SOCIAL PÚBLICA Y PRIVADA PARA EL ESTADO DE CHIHUAHUA | AJ32: ='NORMAS TRANSVERSALES'!F33 -> LEY DE PROTECCIÓN DE DATOS PERSONALES DEL ESTADO DE CHIHUAHUA | AK32: NO APLICA | AL32: NO APLICA | AM32: NO APLICA | AN32: NO APLICA | AO32: NO APLICA | AP32: NO APLICA | AQ32: NO APLICA | AR32: NO APLICA | AS32: NO APLICA | AT32: NO APLICA | AU32: NO APLICA | AV32: NO APLICA | AW32: NO APLICA | AX32: ='NORMAS SUSTANTIVAS'!C37 -> NORMA OFICIAL MEXICANA NOM-031-SSA3-2012, ASISTENCIA SOCIAL | AY32: ='NORMAS SUSTANTIVAS'!C27 -> REGLAMENTO DE LA LEY GENERAL DE SALUD EN MATERIA DE PRESTACIÓN DE SERVICIOS DE ATENCIÓN MÉDICA. | AZ32: NO APLICA | BA32: 1 | BB32: 1 | BC32: 2 | BD32: X | BE32: FISICO | BF32: ORIGINAL | BG32: LIC. CYNTHIA CARRILLO ESPINOZA | BH32: LIC. MONICA ARANDA BALANDRÁN
A33: ENTREVISTA | B33: 43649 | C33: DIF MUNICIPAL | D33: CS | E33: COORDINACIÓN SOCIAL | F33: 03 | G33: FORMACIÓN HUMANA | H33: S | I33: 01 | J33: PLÁTICAS INFORMATIVAS | K33: MATERIALES DIDÁCTICOS, APOYOS VISUALES Y EXPEDIENTES DE CADA UNA DE LAS PLATICAS QUE SE IMPARTEN PARA EDUCADORES, PADRES DE FAMILIA Y ALUMNOS EN TEMAS QUE FAVORECEN LA INTEGRACIÓN FAMILIAR | L33: CAPACITACIÓN, PLÁTICAS INFORMATIVAS Y TALLERES | M33: COORDINACIÓN SOCIAL | N33: COORDINADA | O33: NO APLICA | P33: NO APLICA | Q33: MATERIAL DIDACTICO | R33: 43466 | S33: 43830 | T33: CALLE GLANDORF NO. 4106 SAN FELIPE V ETAPA, 31203. CHIHUAHUA, CHIHUAHUA, MÉXICO | V33: X | W33: X | Y33: MATERIAL DIDÁCTICO, EXPEDIENTES, INTEGRACIÓN FAMILIAR | Z33: PÚBLICA | AD33: ='NORMAS SUSTANTIVAS'!C7 -> LEY GENERAL DE LOS DERECHOS DE NIÑAS, NIÑOS Y ADOLESCENTES | AF33: ='NORMAS SUSTANTIVAS'!C5 -> LEY DE ASISTENCIA Y PREVENCIÓN DE LA VIOLENCIA FAMILIAR | AH33: ='NORMAS SUSTANTIVAS'!C9 -> LEY DE ASISTENCIA SOCIAL PÚBLICA Y PRIVADA PARA EL ESTADO DE CHIHUAHUA | AJ33: ='NORMAS SUSTANTIVAS'!C10 -> LEY DE LOS DERECHOS DE LA NIÑAS, NIÑOS Y ADOLESCENTES DEL ESTADO DE CHIHUAHUA | AL33: NO APLICA | AM33: NO APLICA | AN33: NO APLICA | AO33: NO APLICA | AP33: NO APLICA | AQ33: NO APLICA | AR33: NO APLICA | AS33: NO APLICA | AT33: NO APLICA | AU33: NO APLICA | AV33: NO APLICA | AW33: NO APLICA | AX33: ='NORMAS SUSTANTIVAS'!C37 -> NORMA OFICIAL MEXICANA NOM-031-SSA3-2012, ASISTENCIA SOCIAL | AY33: MANUAL DE ORGANIZACIÓN DIF | AZ33: NO APLICA | BA33: 1 | BB33: 2 | BC33: 3 | BD33: NO APLICA | BE33: FISICO, ELECTRONICO | BF33: ORIGINAL | BG33: LIC. LILANA ELIZABETH HERRERA MEDINA | BH33: LIC. MONICA ARANDA BALANDRÁN | BI33: X | BK33: X
A34: ENTREVISTA | B34: 43649 | C34: DIF MUNICIPAL | D34: CS | E34: COORDINACIÓN SOCIAL | F34: 03 | G34: FORMACIÓN HUMANA | H34: S | I34: 02 | J34: ESCENIFICACIÓN LÚDICA | K34: GUIONES, APOYOS VISUALES Y DIDÁCTICOS, FOTOGRAFÍAS Y EXPEDIENTES DE INTERVENCIONES LUDICAS Y ARTÍSTICAS TENDIENTES A CONCIENTIZAR SOBRE TEMAS SENSIBLES A MENORES DE EDAD Y BIRNDAR CONOCIMIENTOS SOBRE FORMAS DE PREVENCIÓN, ATENCIÓN Y DENUNCIA. | L34: CAPACITACIÓN, PLÁTICAS INFORMATIVAS Y TALLERES | M34: COORDINACION SOCIAL | N34: COORDINADA | O34: NO APLICA | P34: NO APLICA | Q34: MATERIAL DIDACTICO | R34: 43466 | S34: 43830 | T34: CALLE GLANDORF NO. 4106 SAN FELIPE V ETAPA, 31203. CHIHUAHUA, CHIHUAHUA, MÉXICO | W34: X | Y34: GUIONES, MATERIAL DIDACTICO, EXPEDIENTES, ATENCION Y DENUNCIA | Z34: PÚBLICA | AD34: ='NORMAS SUSTANTIVAS'!C7 -> LEY GENERAL DE LOS DERECHOS DE NIÑAS, NIÑOS Y ADOLESCENTES | AF34: ='NORMAS SUSTANTIVAS'!C9 -> LEY DE ASISTENCIA SOCIAL PÚBLICA Y PRIVADA PARA EL ESTADO DE CHIHUAHUA | AH34: ='NORMAS SUSTANTIVAS'!C10 -> LEY DE LOS DERECHOS DE LA NIÑAS, NIÑOS Y ADOLESCENTES DEL ESTADO DE CHIHUAHUA | AJ34: ='NORMAS SUSTANTIVAS'!C21 -> REGLAMENTO DE LA LEY DE LOS DERECHOS DE LAS NIÑAS, NIÑOS Y ADOLESCENTES DEL ESTADO DE CHIHUAHUA | AL34: NO APLICA | AM34: NO APLICA | AN34: NO APLICA | AO34: NO APLICA | AP34: NO APLICA | AQ34: NO APLICA | AR34: NO APLICA | AS34: NO APLICA | AT34: NO APLICA | AU34: NO APLICA | AV34: NO APLICA | AW34: NO APLICA | AX34: ='NORMAS SUSTANTIVAS'!C37 -> NORMA OFICIAL MEXICANA NOM-031-SSA3-2012, ASISTENCIA SOCIAL | AY34: MANUAL DE ORGANIZACIÓN DIF | AZ34: NO APLICA | BA34: 1 | BB34: 3 | BC34: 4 | BD34: NO APLICA | BE34: FISICO, ELECTRONICO | BF34: ORIGINAL | BG34: LIC. LILANA ELIZABETH HERRERA MEDINA | BH34: LIC. MONICA ARANDA BALANDRÁN | BI34: X | BK34: X
A35: ENTREVISTA | B35: 43649 | C35: DIF MUNICIPAL | D35: CS | E35: COORDINACIÓN SOCIAL | F35: 03 | G35: FORMACIÓN HUMANA | H35: S | I35: 03 | J35: INFORMES DE PROGRAMAS | K35: DATOS ESTADÍSTICOS, INFORMES DE LA CANTIDAD DE EVENTOS Y LISTAS DE ASISTENTES A LAS PLÁTICAS INFORMATIVAS Y ESCENIFICACIONES LÚDICAS, PROGRAMAS DE PREVENCIÓN, ATENCIÓN A LA DENUNCIA, INDICADORES DE GESTIÓN (INFORMES DE CUMPLIMIENTO DE INDICADORES, METAS Y GESTIÓN PÚBLICA) | L35: CONTRIBUIR Y COOPERAR EN LOS OBJETIVOS INSTITUCIONALES BAJO LAS INDICACIONES DE SU JEFE INMEDIATO. | M35: NO APLICA | N35: NO APLICA | O35: PLANEACIÓN Y PROYECTOS | P35: SUPRAORDINADA | Q35: RECABA LA INFORMACION PARA C | R35: 42370 | S35: 44561 | T35: CALLE GLANDORF NO. 4106 SAN FELIPE V ETAPA, 31203. CHIHUAHUA, CHIHUAHUA, MÉXICO | V35: X | W35: X | Y35: INFORMES, CUMPLIMIENTO, PROGRAMAS | Z35: PÚBLICA | AD35: ='NORMAS SUSTANTIVAS'!C7 -> LEY GENERAL DE LOS DERECHOS DE NIÑAS, NIÑOS Y ADOLESCENTES | AF35: ='NORMAS TRANSVERSALES'!F32 -> LEY DE TRANSPARENCIA Y ACCESO A LA INFORMACIÓN PÚBLICA DEL ESTADO DE CHIHUAHUA | AH35: ='NORMAS SUSTANTIVAS'!C9 -> LEY DE ASISTENCIA SOCIAL PÚBLICA Y PRIVADA PARA EL ESTADO DE CHIHUAHUA | AJ35: NO APLICA | AK35: NO APLICA | AL35: NO APLICA | AM35: NO APLICA | AN35: NO APLICA | AO35: NO APLICA | AP35: NO APLICA | AQ35: NO APLICA | AR35: NO APLICA | AS35: NO APLICA | AT35: NO APLICA | AU35: NO APLICA | AV35: NO APLICA | AW35: NO APLICA | AX35: ='NORMAS SUSTANTIVAS'!C37 -> NORMA OFICIAL MEXICANA NOM-031-SSA3-2012, ASISTENCIA SOCIAL | AY35: MANUAL DE ORGANIZACIÓN DIF | AZ35: NO APLICA | BA35: 3 | BB35: 2 | BC35: 5 | BD35: X | BE35: ELECTRONICO | BF35: ORIGINAL | BG35: LIC. LILANA ELIZABETH HERRERA MEDINA | BH35: LIC. MONICA ARANDA BALANDRÁN | BI35: X | BK35: X
A36: ENTREVISTA | B36: 43649 | C36: DIF MUNICIPAL | D36: CS | E36: COORDINACIÓN SOCIAL | F36: 03 | G36: FORMACIÓN HUMANA | H36: S | I36: 04 | J36: CANALIZACIÓN EXTERNA DE FORMACION HUMANA | K36: REÚNE LOS CASOS DETECTADOS EN LAS ETAPAS PREVENTIVAS Y SON TURNADOS A LAS DIVERSAS ÁREAS DE ATENCIÓN EXTERNAS | L36: BRINDAR ATENCIÓN INTEGRAL DESDE EL ÁREA SOCIAL, EMOCIONAL Y LEGAL A TODAS AQUELLAS PERSONAS EN SITUACIÓN DE VULNERABILIDAD VÍCTIMAS DE VIOLENCIA FAMILIAR. | M36: COORDINACIÓN SOCIAL | N36: COORDINADA | O36: NO APLICA | P36: NO APLICA | Q36: ATENDER AL CIUDADANO RAPIDA Y EFICIENTE EN EL AMBITOS FUERA DE LA COMPETENCIA DEL DIF | R36: 43466 | S36: 43830 | T36: CALLE GLANDORF NO. 4106 SAN FELIPE V ETAPA, 31203. CHIHUAHUA, CHIHUAHUA, MÉXICO | V36: X | W36: X | Y36: CANALIZACIÓN, ATENCIÓN EXTERNA | Z36: CONFIDENCIAL (DATOS PERSONALES SENSIBLES) | AC36: X | AD36: ='NORMAS SUSTANTIVAS'!C7 -> LEY GENERAL DE LOS DERECHOS DE NIÑAS, NIÑOS Y ADOLESCENTES | AF36: ='NORMAS TRANSVERSALES'!F33 -> LEY DE PROTECCIÓN DE DATOS PERSONALES DEL ESTADO DE CHIHUAHUA | AH36: ='NORMAS SUSTANTIVAS'!C10 -> LEY DE LOS DERECHOS DE LA NIÑAS, NIÑOS Y ADOLESCENTES DEL ESTADO DE CHIHUAHUA | AJ36: ='NORMAS SUSTANTIVAS'!C21 -> REGLAMENTO DE LA LEY DE LOS DERECHOS DE LAS NIÑAS, NIÑOS Y ADOLESCENTES DEL ESTADO DE CHIHUAHUA | AL36: NO APLICA | AM36: NO APLICA | AN36: NO APLICA | AO36: NO APLICA | AP36: NO APLICA | AQ36: NO APLICA | AR36: NO APLICA | AS36: NO APLICA | AT36: NO APLICA | AU36: NO APLICA | AV36: NO APLICA | AW36: NO APLICA | AX36: ='NORMAS SUSTANTIVAS'!C37 -> NORMA OFICIAL MEXICANA NOM-031-SSA3-2012, ASISTENCIA SOCIAL | AY36: ='NORMAS SUSTANTIVAS'!C40 -> NORMA OFICIAL MEXICANA NOM-032-SSA3-2010, PRESTACIÓN DE SERVICIOS DE ASISTENCIA SOCIAL PARA NIÑOS, NIÑAS Y ADOLESCENTES EN SITUACIÓN DE RIESGO Y VULNERABILIDAD. | AZ36: ='NORMAS SUSTANTIVAS'!C27 -> REGLAMENTO DE LA LEY GENERAL DE SALUD EN MATERIA DE PRESTACIÓN DE SERVICIOS DE ATENCIÓN MÉDICA. | BA36: 1 | BB36: 3 | BC36: 4 | BD36: X | BE36: FISICO, ELECTRONICO | BF36: ORIGINAL | BG36: LIC. LILANA ELIZABETH HERRERA MEDINA | BH36: LIC. MONICA ARANDA BALANDRÁN | BI36: X | BK36: X
A37: ENTREVISTA | B37: 43649 | C37: DIF MUNICIPAL | D37: CS | E37: COORDINACIÓN SOCIAL | F37: 03 | G37: FORMACIÓN HUMANA | H37: S | I37: 05 | J37: TRABAJO INTERINSTITUCIONAL DE FORMACION HUMANA | K37: SEGUIMIENTO A BITÁCORA DE CASOS Y ACUERDOS TOMADOS EN LAS REUNIONES PARA PROTECCIÓN DE LA FAMILIA | L37: BRINDAR ATENCIÓN INTEGRAL DESDE EL ÁREA SOCIAL, EMOCIONAL Y LEGAL A TODAS AQUELLAS PERSONAS EN SITUACIÓN DE VULNERABILIDAD VÍCTIMAS DE VIOLENCIA FAMILIAR. | M37: COORDINACIÓN SOCIAL | N37: COORDINADA | O37: NO APLICA | P37: NO APLICA | Q37: ATENDER AL CIUDADANO DE FORMA EFICIENTE Y COORDINADA ENTRE INSTITUCIONES | R37: 43466 | S37: 43830 | T37: CALLE GLANDORF NO. 4106 SAN FELIPE V ETAPA, 31203. CHIHUAHUA, CHIHUAHUA, MÉXICO | V37: X | W37: X | Y37: TRABAJO INTERINSTITUCIONAL | Z37: CONFIDENCIAL (DATOS PERSONALES SENSIBLES) | AC37: X | AD37: ='NORMAS SUSTANTIVAS'!C7 -> LEY GENERAL DE LOS DERECHOS DE NIÑAS, NIÑOS Y ADOLESCENTES | AF37: ='NORMAS TRANSVERSALES'!F33 -> LEY DE PROTECCIÓN DE DATOS PERSONALES DEL ESTADO DE CHIHUAHUA | AH37: ='NORMAS SUSTANTIVAS'!C10 -> LEY DE LOS DERECHOS DE LA NIÑAS, NIÑOS Y ADOLESCENTES DEL ESTADO DE CHIHUAHUA | AJ37: ='NORMAS SUSTANTIVAS'!C9 -> LEY DE ASISTENCIA SOCIAL PÚBLICA Y PRIVADA PARA EL ESTADO DE CHIHUAHUA | AL37: NO APLICA | AM37: NO APLICA | AN37: NO APLICA | AO37: NO APLICA | AP37: NO APLICA | AQ37: NO APLICA | AR37: NO APLICA | AS37: NO APLICA | AT37: NO APLICA | AU37: NO APLICA | AV37: NO APLICA | AW37: NO APLICA | AX37: ='NORMAS SUSTANTIVAS'!C37 -> NORMA OFICIAL MEXICANA NOM-031-SSA3-2012, ASISTENCIA SOCIAL | AY37: ='NORMAS SUSTANTIVAS'!C40 -> NORMA OFICIAL MEXICANA NOM-032-SSA3-2010, PRESTACIÓN DE SERVICIOS DE ASISTENCIA SOCIAL PARA NIÑOS, NIÑAS Y ADOLESCENTES EN SITUACIÓN DE RIESGO Y VULNERABILIDAD. | AZ37: ='NORMAS SUSTANTIVAS'!C27 -> REGLAMENTO DE LA LEY GENERAL DE SALUD EN MATERIA DE PRESTACIÓN DE SERVICIOS DE ATENCIÓN MÉDICA. | BA37: 3 | BB37: 3 | BC37: 4 | BD37: X | BE37: FISICO, ELECTRONICO | BF37: ORIGINAL | BG37: LIC. LILANA ELIZABETH HERRERA MEDINA | BH37: LIC. MONICA ARANDA BALANDRÁN | BI37: X | BK37: X
A38: ENTREVISTA | B38: 43649 | C38: DIF MUNICIPAL | D38: CS | E38: COORDINACIÓN SOCIAL | F38: 03 | G38: FORMACIÓN HUMANA | H38: C | I38: 06 | J38: ADMINISTRACIÓN ACTIVOS DEL ÁREA | K38: INVENTARIOS DE BEBES VIRTUALES, ASIGNACIÓN Y RESGUARDO | L38: LOS SUBSIDIOS SUBVENCIONES, APORTACIONES, BIENES Y DEMÁS INGRESOS QUE LOS GOBIERNOS FEDERAL, ESTATAL, MUNICIPAL Y OTRAS ENTIDADES PÚBLICAS LE OTORGUEN O DESTINEN | M38: NO APLICA | N38: NO APLICA | O38: JURÍDICO ADMINISTRATIVO | P38: SUPRAORDINADA | Q38: ACTIVOS | R38: 43466 | S38: 43830 | T38: CALLE GLANDORF NO. 4106 SAN FELIPE V ETAPA, 31203. CHIHUAHUA, CHIHUAHUA, MÉXICO | V38: X | Y38: ACTIVOS | Z38: PÚBLICA | AD38: ='NORMAS TRANSVERSALES'!F17 -> LEY ORGÁNICA DE LA ADMINISTRACIÓN PÚBLICA FEDERAL | AF38: NO APLICA | AG38: NO APLICA | AH38: NO APLICA | AI38: NO APLICA | AJ38: NO APLICA | AK38: NO APLICA | AL38: NO APLICA | AM38: NO APLICA | AN38: NO APLICA | AO38: NO APLICA | AP38: ='NORMAS TRANSVERSALES'!F18 -> LEY DEL IMPUESTO SOBRE LA RENTA | AR38: ='NORMAS TRANSVERSALES'!F26 -> LEY GENERAL DE CONTABILIDAD GUBERNAMENTAL | AT38: NO APLICA | AU38: NO APLICA | AV38: NO APLICA | AW38: NO APLICA | AX38: MANUAL DE ORGANIZACIÓN DIF | AY38: NO APLICA | AZ38: NO APLICA | BA38: 3 | BB38: 9 | BC38: 12 | BD38: NO APLICA | BE38: FISICO, ELECTRONICO | BF38: ORIGINAL | BG38: LIC. LILANA ELIZABETH HERRERA MEDINA | BH38: LIC. MONICA ARANDA BALANDRÁN | BJ38: X | BK38: X
A39: ENTREVISTA | B39: 43649 | C39: DIF MUNICIPAL | D39: CS | E39: COORDINACIÓN SOCIAL | F39: 03 | G39: FORMACIÓN HUMANA | H39: S | I39: 07 | J39: PLANEACIÓN DEL ÁREA | K39: AGENDA DE EVENTOS, NOMBRE DE PERSONAL QUE ATIENDE EL EVENTO, FECHAS Y EVIDENCIA DEL EVENTO | L39: CONTRIBUIR Y COOPERAR EN LOS OBJETIVOS INSTITUCIONALES BAJO LAS INDICACIONES DE SU JEFE INMEDIATO. | M39: NO APLICA | N39: NO APLICA | O39: PLANEACIÓN Y PROYECTOS | P39: SUPRAORDINADA | Q39: AGENDAS | R39: 43466 | S39: 43830 | T39: CALLE GLANDORF NO. 4106 SAN FELIPE V ETAPA, 31203. CHIHUAHUA, CHIHUAHUA, MÉXICO | W39: X | Y39: PLANEACIÓN, FORMACIÓN HUMANA | Z39: PÚBLICA | AD39: ='NORMAS TRANSVERSALES'!F30 -> LEY DE PLANEACION DEL ESTADO DE CHIHUAHUA | AF39: NO APLICA | AG39: NO APLICA | AH39: NO APLICA | AI39: NO APLICA | AJ39: NO APLICA | AK39: NO APLICA | AL39: NO APLICA | AM39: NO APLICA | AN39: NO APLICA | AO39: NO APLICA | AP39: NO APLICA | AQ39: NO APLICA | AR39: NO APLICA | AS39: NO APLICA | AT39: NO APLICA | AU39: NO APLICA | AV39: NO APLICA | AW39: NO APLICA | AX39: NO APLICA | AY39: NO APLICA | AZ39: NO APLICA | BA39: 2 | BB39: 1 | BC39: 3 | BD39: NO APLICA | BE39: FISICO, ELECTRONICO | BF39: ORIGINAL | BG39: LIC. LILANA ELIZABETH HERRERA MEDINA | BH39: LIC. MONICA ARANDA BALANDRÁN | BI39: X | BK39: X
A40: ENTREVISTA | B40: 43649 | C40: DIF MUNICIPAL | D40: CS | E40: COORDINACIÓN SOCIAL | F40: 03 | G40: FORMACIÓN HUMANA | H40: S | I40: 08 | J40: ATENCIÓN A LA DENUNCIA | K40: REÚNE LOS CASOS DENUNCIADOS POR LA CIUDADANÍA | L40: BRINDAR LA ASESORÍA LEGAL QUE LOS USUARIOS SOLICITEN CORRESPONDIENTE A CADA CASO EN LO PARTICULAR PARA ASÍ PODER CANALIZAR A LA INSTITUCIÓN CORRESPONDIENTE. | M40: COORDINACIÓN SOCIAL | N40: SUPRAORDINADA | O40: NO APLICA | P40: NO APLICA | Q40: ATENCION AL CIUDADANO | R40: 43466 | S40: 43830 | T40: CALLE GLANDORF NO. 4106 SAN FELIPE V ETAPA, 31203. CHIHUAHUA, CHIHUAHUA, MÉXICO | V40: X | W40: X | Y40: ATENCION, CIUDADANIA, DENUNCIAS | Z40: CONFIDENCIAL (DATOS PERSONALES) | AB40: X | AD40: ='NORMAS TRANSVERSALES'!F7 -> CONSTITUCIÓN POLÍTICA DE LOS ESTADOS UNIDOS MEXICANOS | AF40: ='NORMAS SUSTANTIVAS'!C7 -> LEY GENERAL DE LOS DERECHOS DE NIÑAS, NIÑOS Y ADOLESCENTES | AH40: ='NORMAS TRANSVERSALES'!F33 -> LEY DE PROTECCIÓN DE DATOS PERSONALES DEL ESTADO DE CHIHUAHUA | AJ40: ='NORMAS SUSTANTIVAS'!C9 -> LEY DE ASISTENCIA SOCIAL PÚBLICA Y PRIVADA PARA EL ESTADO DE CHIHUAHUA | AL40: NO APLICA | AM40: NO APLICA | AN40: NO APLICA | AO40: NO APLICA | AP40: NO APLICA | AQ40: NO APLICA | AR40: NO APLICA | AS40: NO APLICA | AT40: NO APLICA | AU40: NO APLICA | AV40: NO APLICA | AW40: NO APLICA | AX40: ='NORMAS SUSTANTIVAS'!C37 -> NORMA OFICIAL MEXICANA NOM-031-SSA3-2012, ASISTENCIA SOCIAL | AY40: NO APLICA | AZ40: NO APLICA | BA40: 3 | BB40: 3 | BC40: 6 | BD40: X | BE40: FISICO, ELECTRONICO | BF40: ORIGINAL | BG40: LIC. LILANA ELIZABETH HERRERA MEDINA | BH40: LIC. MONICA ARANDA BALANDRÁN | BI40: X | BK40: X
A41: ENTREVISTA | B41: 43649 | C41: DIF MUNICIPAL | D41: CS | E41: COORDINACIÓN SOCIAL | F41: 04 | G41: VINCULACIÓN Y TEJIDO SOCIAL | H41: S | I41: 01 | J41: SUBSIDIOS PARA OSC | K41: CONVOCATORIA, ACTAS DE COMITÉ DE VALIDACIÓN, PUBLICACIONES DE LA CONVOCATORIA, TESTIGOS EN REDES SOCIALES, PROCEDIMIENTO DE REVISIÓN, PUBLICACIÓN DE RESULTADOS. | L41: ASESORAR Y CONTRIBUIR AL FORTALECIMIENTO DE LAS ASOCIACIONES CIVILES QUE DESEMPEÑEN SUS LABORES EN EL MUNICIPIO DE CHIHUAHUA A TRAVÉS DEL OTORGAMIENTO DE UN SUBSIDIO PARA GASTO OPERATIVO. | M41: NO APLICA | N41: NO APLICA | O41: ADMINISTRACIÓN (COMPROBACIÓN Y APOYO A LAS OSC) | P41: COORDINADA | Q41: ELABORA LOS CONVENIOS; COMPROBACIÓN Y CONTROL DE PAGOS | R41: 43466 | S41: 43830 | T41: CALLE GLANDORF NO. 4106 SAN FELIPE V ETAPA, 31203. CHIHUAHUA, CHIHUAHUA, MÉXICO | V41: X | Y41: CONVOCATORIAS, OSC, RESULTADOS, PUBLICACIONES | Z41: PÚBLICA | AD41: ='NORMAS TRANSVERSALES'!F15 -> LEY FEDERAL DE FOMENTO A LAS ACTIVIDADES REALIZADAS POR ORGANIZACIONES DE LA SOCIEDAD CIVIL | AF41: ='NORMAS TRANSVERSALES'!F46 -> REGLAMENTO DE LA LEY FEDERAL DE FOMENTO A LAS ACTIVIDADES REALIZADAS POR ORGANIZACIONES DE LA SOCIEDAD CIVIL | AH41: NO APLICA | AI41: NO APLICA | AJ41: NO APLICA | AK41: NO APLICA | AL41: NO APLICA | AM41: NO APLICA | AN41: NO APLICA | AO41: NO APLICA | AP41: NO APLICA | AQ41: NO APLICA | AR41: NO APLICA | AS41: NO APLICA | AT41: NO APLICA | AU41: NO APLICA | AV41: NO APLICA | AW41: NO APLICA | AX41: MANUAL DE ORGANIZACIÓN DIF | AY41: NO APLICA | AZ41: NO APLICA | BA41: 3 | BB41: 0 | BC41: 3 | BD41: NO APLICA | BE41: FISICO, ELECTRONICO | BF41: ORIGINAL | BG41: LIC. FERNANDO GARCÍA CASAS | BH41: LIC. MONICA ARANDA BALANDRÁN | BK41: X
A42: ENTREVISTA | B42: 43649 | C42: DIF MUNICIPAL | D42: CS | E42: COORDINACIÓN SOCIAL | F42: 04 | G42: VINCULACIÓN Y TEJIDO SOCIAL | H42: S | I42: 02 | J42: CONVENIOS EXTRAORDINARIOS | K42: COPIAS DIGITALES DE LOS EXPEDIENTES DE PROYECTOS ESPECIALES CON ORGANIZACIONES DE LA SOCIEDAD CIVIL, INCLUYE EL DISEÑO DEL PROYECTO, CALENDARIZACIÓN Y SEGUIMIENTO, VERIFICACIÓN Y CUMPLIMIENTO DE METAS, METODOLOGÍA DE EVALUACION POR DESEMPEÑO. | L42: ESTABLECER CONVENIOS DE COLABORACIÓN CON ASOCIACIONES CIVILES QUE DESEMPEÑEN SUS LABORES EN EL MUNICIPIO DE CHIHUAHUA A TRAVÉS DE LOS CUALES SE FORTALEZCAN LOS PROYECTOS Y PROGRAMAS TANTO DE DIF MUNICIPAL COMO DE DICHAS ORGANIZACIONES. | M42: NO APLICA | N42: NO APLICA | O42: ADMINISTRACIÓN (COMPROBACIÓN Y APOYO A LAS OSC) | P42: COORDINADA | Q42: ELABORA LOS CONVENIOS; COMPROBACIÓN Y CONTROL DE PAGOS | R42: 42370 | S42: 43830 | T42: CALLE GLANDORF NO. 4106 SAN FELIPE V ETAPA, 31203. CHIHUAHUA, CHIHUAHUA, MÉXICO | V42: X | Y42: CONVENIOS EXTRAORDINARIOS | Z42: PÚBLICA | AD42: ='NORMAS TRANSVERSALES'!F15 -> LEY FEDERAL DE FOMENTO A LAS ACTIVIDADES REALIZADAS POR ORGANIZACIONES DE LA SOCIEDAD CIVIL | AF42: ='NORMAS TRANSVERSALES'!F46 -> REGLAMENTO DE LA LEY FEDERAL DE FOMENTO A LAS ACTIVIDADES REALIZADAS POR ORGANIZACIONES DE LA SOCIEDAD CIVIL | AH42: NO APLICA | AI42: NO APLICA | AJ42: NO APLICA | AK42: NO APLICA | AL42: NO APLICA | AM42: NO APLICA | AN42: NO APLICA | AO42: NO APLICA | AP42: NO APLICA | AQ42: NO APLICA | AR42: NO APLICA | AS42: NO APLICA | AT42: NO APLICA | AU42: NO APLICA | AV42: NO APLICA | AW42: NO APLICA | AX42: NO APLICA | AY42: NO APLICA | AZ42: NO APLICA | BA42: * | BB42: * | BC42: * | BD42: NO APLICA | BE42: FISICO, ELECTRONICO | BF42: ORIGINALES | BG42: LIC. FERNANDO GARCÍA CASAS | BH42: LIC. MONICA ARANDA BALANDRÁN | BK42: X
A43: ENTREVISTA | B43: 43649 | C43: DIF MUNICIPAL | D43: CS | E43: COORDINACIÓN SOCIAL | F43: 04 | G43: VINCULACIÓN Y TEJIDO SOCIAL | H43: S | I43: 03 | J43: DIRECTORIO DE ORGANIZACIONES DE LA SOCIEDAD CIVIL | K43: DATOS GENERALES SOBRE LAS ORGANIZACIONES DE LA SOCIEDAD CIVIL DEL MUNICIPIO | L43: SER ENLACE Y/O REPRESENTANTE CON DISTINTOS CONSEJOS QUE OPEREN A TRAVÉS DE ORGANIZACIONES DE LA SOCIEDAD CIVIL | M43: NO APLICA | N43: NO APLICA | O43: ADMINISTRACIÓN (COMPROBACIÓN Y APOYO A LAS OSC) | P43: COORDINADA | Q43: DIRECTORIO TELEFONICO | R43: 43466 | S43: 43830 | T43: CALLE GLANDORF NO. 4106 SAN FELIPE V ETAPA, 31203. CHIHUAHUA, CHIHUAHUA, MÉXICO | V43: X | Y43: DIRECTORIO, OSC | Z43: PÚBLICA | AD43: ='NORMAS TRANSVERSALES'!F15 -> LEY FEDERAL DE FOMENTO A LAS ACTIVIDADES REALIZADAS POR ORGANIZACIONES DE LA SOCIEDAD CIVIL | AF43: ='NORMAS TRANSVERSALES'!F46 -> REGLAMENTO DE LA LEY FEDERAL DE FOMENTO A LAS ACTIVIDADES REALIZADAS POR ORGANIZACIONES DE LA SOCIEDAD CIVIL | AH43: NO APLICA | AI43: NO APLICA | AJ43: NO APLICA | AK43: NO APLICA | AL43: NO APLICA | AM43: NO APLICA | AN43: NO APLICA | AO43: NO APLICA | AP43: NO APLICA | AQ43: NO APLICA | AR43: NO APLICA | AS43: NO APLICA | AT43: NO APLICA | AU43: NO APLICA | AV43: NO APLICA | AW43: NO APLICA | AX43: NO APLICA | AY43: NO APLICA | AZ43: NO APLICA | BA43: 3 | BB43: 0 | BC43: 3 | BD43: NO APLICA | BE43: FISICO, ELECTRONICO | BF43: COPIA | BG43: LIC. FERNANDO GARCÍA CASAS | BH43: LIC. MONICA ARANDA BALANDRÁN | BK43: X
A44: ENTREVISTA | B44: 43649 | C44: DIF MUNICIPAL | D44: CS | E44: COORDINACIÓN SOCIAL | F44: 04 | G44: VINCULACIÓN Y TEJIDO SOCIAL | H44: S | I44: 04 | J44: SOLICITUDES DE APOYO, OSC, NO CONSTITUIDAS Y AR | K44: REGISTRO DE SOLICITUDES Y SEGUIMIENTO DE LAS MISMAS | L44: CANALIZAR RECURSOS A ASOCIACIONES CIVILES QUE DESEMPEÑEN SUS LABORES EN EL MUNICIPIO DE CHIHUAHUA Y QUE SE ENCUENTREN INSTRUMENTANDO PROYECTOS DE IMPACTO | M44: NO APLICA | N44: NO APLICA | O44: ADMINISTRACIÓN (COMPROBACIÓN Y APOYO A LAS OSC) | P44: COORDINADA | Q44: ATENCION A LAS SOLICITUDES | R44: 43466 | S44: 43830 | T44: CALLE GLANDORF NO. 4106 SAN FELIPE V ETAPA, 31203. CHIHUAHUA, CHIHUAHUA, MÉXICO | V44: X | Y44: SOLICITUDES, SEGUIMIENTO,OSC | Z44: PÚBLICA | AD44: ='NORMAS TRANSVERSALES'!F15 -> LEY FEDERAL DE FOMENTO A LAS ACTIVIDADES REALIZADAS POR ORGANIZACIONES DE LA SOCIEDAD CIVIL | AF44: ='NORMAS TRANSVERSALES'!F46 -> REGLAMENTO DE LA LEY FEDERAL DE FOMENTO A LAS ACTIVIDADES REALIZADAS POR ORGANIZACIONES DE LA SOCIEDAD CIVIL | AH44: NO APLICA | AI44: NO APLICA | AJ44: NO APLICA | AK44: NO APLICA | AL44: NO APLICA | AM44: NO APLICA | AN44: NO APLICA | AO44: NO APLICA | AP44: NO APLICA | AQ44: NO APLICA | AR44: NO APLICA | AS44: NO APLICA | AT44: NO APLICA | AU44: NO APLICA | AV44: NO APLICA | AW44: NO APLICA | AX44: NO APLICA | AY44: NO APLICA | AZ44: NO APLICA | BA44: 3 | BB44: 0 | BC44: 3 | BD44: NO APLICA | BE44: FISICO, ELECTRONICO | BF44: COPIA | BG44: LIC. FERNANDO GARCÍA CASAS | BH44: LIC. MONICA ARANDA BALANDRÁN | BK44: X
A45: ENTREVISTA | B45: 43649 | C45: DIF MUNICIPAL | D45: CS | E45: COORDINACIÓN SOCIAL | F45: 04 | G45: VINCULACIÓN Y TEJIDO SOCIAL | H45: S | I45: 05 | J45: ORGANIZACIÓN DE EVENTOS | K45: ORGANIZACIÓN DE EVENTOS COMO FESTEJOS DE NAVIDAD Y DEL DÍA DEL NIÑO, INCLUYE TODO EL PROCEDIMIENTO DESDE LA PLANEACIÓN HASTA LA REALIZACIÓN DE CADA EVENTO | L45: CONTRIBUIR Y COOPERAR EN LOS OBJETIVOS INSTITUCIONALES BAJO LAS INDICACIONES DE SU JEFE INMEDIATO. | M45: NO APLICA | N45: NO APLICA | O45: DIF MUNICIPAL | P45: COORDINADA | Q45: FESTEJOS | R45: 43466 | S45: 43830 | T45: CALLE GLANDORF NO. 4106 SAN FELIPE V ETAPA, 31203. CHIHUAHUA, CHIHUAHUA, MÉXICO | Y45: EVENTOS FESTIVOS | Z45: PÚBLICA | AD45: NO APLICA | AE45: NO APLICA | AF45: NO APLICA | AG45: NO APLICA | AH45: NO APLICA | AI45: NO APLICA | AJ45: NO APLICA | AK45: NO APLICA | AL45: NO APLICA | AM45: NO APLICA | AN45: NO APLICA | AO45: NO APLICA | AP45: NO APLICA | AQ45: NO APLICA | AR45: NO APLICA | AS45: NO APLICA | AT45: NO APLICA | AU45: NO APLICA | AV45: NO APLICA | AW45: NO APLICA | AX45: NO APLICA | AY45: NO APLICA | AZ45: NO APLICA | BA45: 1 | BB45: 1 | BC45: 2 | BD45: NO APLICA | BE45: FISICO, ELECTRONICO | BF45: ORIGINAL | BG45: LIC. FERNANDO GARCÍA CASAS | BH45: LIC. MONICA ARANDA BALANDRÁN | BJ45: SUGERENCIA PARA LOCALIZAR EL CONTACTO, PORQUE EL ORIGINAL ESTA EN JURIDICO
A46: ENTREVISTA | B46: 43649 | C46: DIF MUNICIPAL | D46: CS | E46: COORDINACIÓN SOCIAL | F46: 05 | G46: CENTROS COMUNITARIOS | H46: S | I46: 01 | J46: EXPEDIENTES CENTROS COMUNITARIOS | K46: EXPEDIENTES POR CADA UNO DE LOS CENTROS COMUNITARIOS CON REPORTE DE INCIDENCIAS, LISTAS DE ASISTENCIAS, REPORTES DE EVENTOS Y ENCUESTAS DE SATISFACCIÓN DEL SERVICOS | L46: REALIZAR VISITAS DE SUPERVISIÓN DE ACTIVIDADES Y VALORACIÓN DE SERVICIO DE COORDINADORAS. | M46: COORDINACIÓN SOCIAL | N46: COORDINADA | O46: DIF MUNICIPAL | P46: COORDINADA | Q46: SUPERVISION Y CONTROL ADMINISTRATIVO | R46: 43466 | S46: 43830 | T46: CALLE GLANDORF NO. 4106 SAN FELIPE V ETAPA, 31203. CHIHUAHUA, CHIHUAHUA, MÉXICO | V46: X | W46: X | Y46: EXPEDIENTES, CENTROS COMUNITARIOS | Z46: PÚBLICA | AD46: ='NORMAS SUSTANTIVAS'!C9 -> LEY DE ASISTENCIA SOCIAL PÚBLICA Y PRIVADA PARA EL ESTADO DE CHIHUAHUA | AF46: NO APLICA | AG46: NO APLICA | AH46: NO APLICA | AI46: NO APLICA | AJ46: NO APLICA | AK46: NO APLICA | AL46: NO APLICA | AM46: NO APLICA | AN46: NO APLICA | AO46: NO APLICA | AP46: NO APLICA | AQ46: NO APLICA | AR46: NO APLICA | AS46: NO APLICA | AT46: NO APLICA | AU46: NO APLICA | AV46: NO APLICA | AW46: NO APLICA | AX46: MANUAL DE ORGANIZACIÓN DIF | AY46: NO APLICA | AZ46: NO APLICA | BA46: 1 | BB46: 3 | BC46: 4 | BD46: NO APLICA | BE46: FISICO | BF46: ORIGINAL | BG46: LIC. VIVIANA CECILIA GONZALEZ | BH46: LIC. MONICA ARANDA BALANDRÁN | BK46: X
A47: ENTREVISTA | B47: 43649 | C47: DIF MUNICIPAL | D47: CS | E47: COORDINACIÓN SOCIAL | F47: 05 | G47: CENTROS COMUNITARIOS | H47: S | I47: 02 | J47: INSTRUCTORES INTERNOS | K47: CURRICULUM DEL DOCENTE, EXPEDIENTE DE HABILIDADES, MATERIAS QUE IMPARTE Y CONTRATOS DE PRESTACIÓN DE SERVICIOS PROFESIONALES | L47: COORDINAR LAS TAREAS DE SUBIR INFORMACIÓN DE NÓMINA, LISTAS DE ASISTENCIA REPORTES OPERATIVOS Y ADMINISTRATIVOS. | M47: NO APLICA | N47: NO APLICA | O47: PERSONAL | P47: SUPRAORDINADA | Q47: SUPERVISION Y CONTROL ADMINISTRATIVO; ADMINISTRACION DE RECURSOS HUMANOS | R47: 43466 | S47: 43830 | T47: CALLE GLANDORF NO. 4106 SAN FELIPE V ETAPA, 31203. CHIHUAHUA, CHIHUAHUA, MÉXICO | V47: X | W47: X | Y47: INSTRUCTORES, CENTROS COMUNITARIOS | Z47: CONFIDENCIAL (DATOS PERSONALES) | AB47: X | AD47: ='NORMAS TRANSVERSALES'!F19 -> LEY FEDERAL DEL TRABAJO | AF47: ='NORMAS TRANSVERSALES'!F27 -> LEY GENERAL DE PROTECCIÓN DE DATOS PERSONALES EN POSESIÓN DE SUJETOS OBLIGADOS | AH47: ='NORMAS TRANSVERSALES'!F33 -> LEY DE PROTECCIÓN DE DATOS PERSONALES DEL ESTADO DE CHIHUAHUA | AJ47: ='NORMAS SUSTANTIVAS'!C9 -> LEY DE ASISTENCIA SOCIAL PÚBLICA Y PRIVADA PARA EL ESTADO DE CHIHUAHUA | AL47: NO APLICA | AM47: NO APLICA | AN47: NO APLICA | AO47: NO APLICA | AP47: NO APLICA | AQ47: NO APLICA | AR47: NO APLICA | AS47: NO APLICA | AT47: NO APLICA | AU47: NO APLICA | AV47: NO APLICA | AW47: NO APLICA | AX47: ='NORMAS SUSTANTIVAS'!C42 -> NORMA OFICIAL MEXICANA NOM-035-STPS-2018, FACTORES DE RIESGO PSICOSOCIAL EN EL TRABAJO-IDENTIFICACIÓN, ANALISIS Y PREVENCION | AY47: ='NORMAS SUSTANTIVAS'!C37 -> NORMA OFICIAL MEXICANA NOM-031-SSA3-2012, ASISTENCIA SOCIAL | AZ47: NO APLICA | BA47: * | BB47: 3 | BC47: * | BD47: NO APLICA | BE47: FISICO | BF47: ORIGINAL | BG47: LIC. VIVIANA CECILIA GONZALEZ | BH47: LIC. MONICA ARANDA BALANDRÁN | BI47: X | BK47: X | BL47: CONSERVAR
A48: ENTREVISTA | B48: 43649 | C48: DIF MUNICIPAL | D48: CS | E48: COORDINACIÓN SOCIAL | F48: 05 | G48: CENTROS COMUNITARIOS | H48: S | I48: 03 | J48: INSTRUCTORES EXTERNOS | K48: CONVENIOS Y OFICIOS CON LAS INSTITUCIONES QUE SOLICITAN LAS INSTALACIONES PARA REALIZAR ACTIVIDADES EDUCATIVAS, COMO ICHEA E ICATECH, ENTRE OTROS | L48: IMPULSAR LA PARTICIPACIÓN COMUNITARIA EN EL USO, MANTENIMIENTO Y DISFRUTE DE CENTROS COMUNITARIOS, INVOLUCRANDO PROGRAMAS DE OTRAS DEPENDENCIAS, INSTITUCIONES Y ORGANIZACIONES. | M48: NO APLICA | N48: NO APLICA | O48: NO APLICA | P48: NO APLICA | Q48: SUPERVISION Y CONTROL ADMINISTRATIVO | R48: 43466 | S48: 43830 | T48: CALLE GLANDORF NO. 4106 SAN FELIPE V ETAPA, 31203. CHIHUAHUA, CHIHUAHUA, MÉXICO | W48: X | Y48: CONVENIOS, INSTRUCTORES EXTERNOS, CENTROS COMUNITARIOS | Z48: PÚBLICA | AD48: ='NORMAS SUSTANTIVAS'!C9 -> LEY DE ASISTENCIA SOCIAL PÚBLICA Y PRIVADA PARA EL ESTADO DE CHIHUAHUA | AF48: ='NORMAS SUSTANTIVAS'!C10 -> LEY DE LOS DERECHOS DE LA NIÑAS, NIÑOS Y ADOLESCENTES DEL ESTADO DE CHIHUAHUA | AH48: ='NORMAS SUSTANTIVAS'!C11 -> LEY DE LOS DERECHOS DE LAS PERSONAS MAYORES DEL ESTADO DE CHIHUAHUA | AJ48: ='NORMAS SUSTANTIVAS'!C8 -> LEY DE DESARROLLO SOCIAL Y HUMANO DEL ESTADO DE CHIHUAHUA | AL48: NO APLICA | AM48: NO APLICA | AN48: NO APLICA | AO48: NO APLICA | AP48: NO APLICA | AQ48: NO APLICA | AR48: NO APLICA | AS48: NO APLICA | AT48: NO APLICA | AU48: NO APLICA | AV48: NO APLICA | AW48: NO APLICA | AX48: ='NORMAS SUSTANTIVAS'!C37 -> NORMA OFICIAL MEXICANA NOM-031-SSA3-2012, ASISTENCIA SOCIAL | AY48: NO APLICA | AZ48: NO APLICA | BA48: 1 | BB48: 0 | BC48: 1 | BD48: NO APLICA | BE48: FISICO | BF48: ORIGINAL | BG48: LIC. VIVIANA CECILIA GONZALEZ | BH48: LIC. MONICA ARANDA BALANDRÁN | BI48: X | BK48: X
A49: ENTREVISTA | B49: 43649 | C49: DIF MUNICIPAL | D49: CS | E49: COORDINACIÓN SOCIAL | F49: 05 | G49: CENTROS COMUNITARIOS | H49: S | I49: 04 | J49: INFORMES CENTROS COMUNITARIOS | K49: INFORMES, REPORTES, INDICADORES Y DATOS ESTADÍSTICOS MENSUALES, GRAFICAS, TRIMESTRALES Y ANUALES QUE LE SON REQUERIDAS POR LAS DIVERSAS ÁREAS DEL DIF MUNICIPAL, ASÍ COMO POR OTRAS DEPENDENCIAS PÚBLICAS | L49: REALIZAR LOS REPORTES ADMINISTRATIVOS Y OPERATIVOS PERTINENTES. | M49: NO APLICA | N49: NO APLICA | O49: PLANEACIÓN Y PROYECTOS | P49: SUPRAORDINADA | Q49: SUPERVISION Y CONTROL ADMINISTRATIVO | R49: 43466 | S49: 43830 | T49: CALLE GLANDORF NO. 4106 SAN FELIPE V ETAPA, 31203. CHIHUAHUA, CHIHUAHUA, MÉXICO | W49: X | Y49: INFORMES, CENTROS COMUNITARIOS, DATOS ESTADÍSTICOS | Z49: PÚBLICA | AD49: ='NORMAS TRANSVERSALES'!F32 -> LEY DE TRANSPARENCIA Y ACCESO A LA INFORMACIÓN PÚBLICA DEL ESTADO DE CHIHUAHUA | AF49: ='NORMAS SUSTANTIVAS'!C9 -> LEY DE ASISTENCIA SOCIAL PÚBLICA Y PRIVADA PARA EL ESTADO DE CHIHUAHUA | AH49: ='NORMAS SUSTANTIVAS'!C8 -> LEY DE DESARROLLO SOCIAL Y HUMANO DEL ESTADO DE CHIHUAHUA | AJ49: NO APLICA | AK49: NO APLICA | AL49: NO APLICA | AM49: NO APLICA | AN49: NO APLICA | AO49: NO APLICA | AP49: NO APLICA | AQ49: NO APLICA | AR49: NO APLICA | AS49: NO APLICA | AT49: NO APLICA | AU49: NO APLICA | AV49: NO APLICA | AW49: NO APLICA | AX49: ='NORMAS SUSTANTIVAS'!C37 -> NORMA OFICIAL MEXICANA NOM-031-SSA3-2012, ASISTENCIA SOCIAL | AY49: NO APLICA | AZ49: NO APLICA | BA49: 1 | BB49: 1 | BC49: 2 | BD49: X | BE49: FISICO, ELECTRONICO | BF49: ORIGINAL | BG49: LIC. VIVIANA CECILIA GONZALEZ | BH49: LIC. MONICA ARANDA BALANDRÁN | BI49: X | BK49: X
A50: ENTREVISTA | B50: 43649 | C50: DIF MUNICIPAL | D50: CS | E50: COORDINACIÓN SOCIAL | F50: 05 | G50: CENTROS COMUNITARIOS | H50: C | I50: 05 | J50: SUPERVISIÓN PERSONAL | K50: EVALUACIONES DE PERSONAL, AGENDAS DE COORDINACIÓN DE ZONA, CONTROLES DE ASISTENCIA DE PERSONAL ADMINISTRATIVO, BASES DE DATOS DE INFORMACIÓN DE MAESTROS, BITÁCORA DE MAESTROS | L50: GENERAR LA INFORMACIÓN DE TRABAJO DE MAESTROS EN LISTAS DE RAYA A LA JEFATURA DE PERSONAL. | M50: NO APLICA | N50: NO APLICA | O50: PERSONAL | P50: SUPRAORDINADA | Q50: SUPERVISION Y CONTROL ADMINISTRATIVO | R50: 43466 | S50: 43830 | T50: CALLE GLANDORF NO. 4106 SAN FELIPE V ETAPA, 31203. CHIHUAHUA, CHIHUAHUA, MÉXICO | V50: X | Y50: SUPERVISIÓN, PERSONAL, ASISTENCIA, CENTROS COMUNITARIOS | Z50: CONFIDENCIAL (DATOS PERSONALES) | AB50: X | AD50: ='NORMAS TRANSVERSALES'!F19 -> LEY FEDERAL DEL TRABAJO | AF50: ='NORMAS TRANSVERSALES'!F33 -> LEY DE PROTECCIÓN DE DATOS PERSONALES DEL ESTADO DE CHIHUAHUA | AG50: NO APLICA | AH50: NO APLICA | AI50: NO APLICA | AJ50: NO APLICA | AK50: NO APLICA | AL50: NO APLICA | AM50: NO APLICA | AN50: NO APLICA | AO50: NO APLICA | AP50: NO APLICA | AQ50: NO APLICA | AR50: NO APLICA | AS50: NO APLICA | AT50: NO APLICA | AU50: NO APLICA | AV50: NO APLICA | AW50: NO APLICA | AX50: ='NORMAS SUSTANTIVAS'!C42 -> NORMA OFICIAL MEXICANA NOM-035-STPS-2018, FACTORES DE RIESGO PSICOSOCIAL EN EL TRABAJO-IDENTIFICACIÓN, ANALISIS Y PREVENCION | AY50: NO APLICA | AZ50: NO APLICA | BA50: 1 | BB50: 1 | BC50: 2 | BD50: NO APLICA | BE50: FISICO, ELECTRONICO | BF50: ORIGINAL | BG50: LIC. VIVIANA CECILIA GONZALEZ | BH50: LIC. MONICA ARANDA BALANDRÁN | BI50: X | BK50: X
A51: ENTREVISTA | B51: 43649 | C51: DIF MUNICIPAL | D51: CS | E51: COORDINACIÓN SOCIAL | F51: 05 | G51: CENTROS COMUNITARIOS | H51: S | I51: 06 | J51: EXPEDIENTES USUARIOS | K51: FICHAS CON DATOS PERSONALES, DESLINES DE RESPONSABILIDADES, SOLICITUDES DE INSCRIPCIÓN | L51: PROMOVER EL BIENESTAR SOCIAL Y PRESTAR SERVICIOS DE ASISTENCIA SOCIAL, CONFORME A LAS NORMAS DE LA SECRETARÍA DE SALUBRIDAD Y ASISTENCIA | M51: NO APLICA | N51: NO APLICA | O51: NO APLICA | P51: NO APLICA | Q51: EXPEDIENTES | R51: 43466 | S51: 43830 | T51: CALLE GLANDORF NO. 4106 SAN FELIPE V ETAPA, 31203. CHIHUAHUA, CHIHUAHUA, MÉXICO | V51: X | W51: X | Y51: EXPEDIENTES USUARIOS, CENTROS COMUNITARIOS | Z51: CONFIDENCIAL (DATOS PERSONALES) | AB51: X | AD51: ='NORMAS TRANSVERSALES'!F27 -> LEY GENERAL DE PROTECCIÓN DE DATOS PERSONALES EN POSESIÓN DE SUJETOS OBLIGADOS | AF51: ='NORMAS TRANSVERSALES'!F33 -> LEY DE PROTECCIÓN DE DATOS PERSONALES DEL ESTADO DE CHIHUAHUA | AH51: ='NORMAS SUSTANTIVAS'!C9 -> LEY DE ASISTENCIA SOCIAL PÚBLICA Y PRIVADA PARA EL ESTADO DE CHIHUAHUA | AJ51: NO APLICA | AK51: NO APLICA | AL51: NO APLICA | AM51: NO APLICA | AN51: NO APLICA | AO51: NO APLICA | AP51: NO APLICA | AQ51: NO APLICA | AR51: NO APLICA | AS51: NO APLICA | AT51: NO APLICA | AU51: NO APLICA | AV51: NO APLICA | AW51: NO APLICA | AX51: ='NORMAS SUSTANTIVAS'!C37 -> NORMA OFICIAL MEXICANA NOM-031-SSA3-2012, ASISTENCIA SOCIAL | AY51: NO APLICA | AZ51: NO APLICA | BA51: 1 | BB51: 3 | BC51: 4 | BD51: X | BE51: FISICO | BF51: ORIGINAL | BG51: LIC. VIVIANA CECILIA GONZALEZ | BH51: LIC. MONICA ARANDA BALANDRÁN | BI51: X | BK51: X
A52: ENTREVISTA | B52: 43649 | C52: DIF MUNICIPAL | D52: CS | E52: COORDINACIÓN SOCIAL | F52: 05 | G52: CENTROS COMUNITARIOS | H52: S | I52: 07 | J52: COMUNICACIÓN EXTERNA | K52: SOLICITUDES DE PRÉSTAMO DE INSTALACIONES PARA EVENTOS DIVERSOS DE APOYO A LA COMUNIDAD | L52: IMPULSAR LA PARTICIPACIÓN COMUNITARIA EN EL USO, MANTENIMIENTO Y DISFRUTE DE CENTROS COMUNITARIOS, INVOLUCRANDO PROGRAMAS DE OTRAS DEPENDENCIAS, INSTITUCIONES Y ORGANIZACIONES. | M52: NO APLICA | N52: NO APLICA | O52: NO APLICA | P52: NO APLICA | Q52: PROVEE LOS RECURSOS NECESARIOS PARA LA OPERACIÓN DE LOS CENTROS COMUNITARIOS | R52: 43466 | S52: 43830 | T52: CALLE GLANDORF NO. 4106 SAN FELIPE V ETAPA, 31203. CHIHUAHUA, CHIHUAHUA, MÉXICO | W52: X | Y52: SOLICITUDES, PRÉSTAMO DE INSTALACIONES | Z52: PÚBLICA | AD52: ='NORMAS SUSTANTIVAS'!C9 -> LEY DE ASISTENCIA SOCIAL PÚBLICA Y PRIVADA PARA EL ESTADO DE CHIHUAHUA | AF52: NO APLICA | AG52: NO APLICA | AH52: NO APLICA | AI52: NO APLICA | AJ52: NO APLICA | AK52: NO APLICA | AL52: NO APLICA | AM52: NO APLICA | AN52: NO APLICA | AO52: NO APLICA | AP52: NO APLICA | AQ52: NO APLICA | AR52: NO APLICA | AS52: NO APLICA | AT52: NO APLICA | AU52: NO APLICA | AV52: NO APLICA | AW52: NO APLICA | AX52: ='NORMAS SUSTANTIVAS'!C37 -> NORMA OFICIAL MEXICANA NOM-031-SSA3-2012, ASISTENCIA SOCIAL | AY52: NO APLICA | AZ52: NO APLICA | BA52: 1 | BB52: 0 | BC52: 1 | BD52: NO APLICA | BE52: FISICO | BF52: ORIGINAL | BG52: LIC. VIVIANA CECILIA GONZALEZ | BH52: LIC. MONICA ARANDA BALANDRÁN | BI52: X | BK52: X
A53: ENTREVISTA | B53: 43649 | C53: DIF MUNICIPAL | D53: CS | E53: COORDINACIÓN SOCIAL | F53: 05 | G53: CENTROS COMUNITARIOS | H53: S | I53: 08 | J53: EVENTOS EN CENTROS COMUNITARIOS | K53: ORGANIZACIÓN DE EVENTOS COMO FESTEJOS DE NAVIDAD, DEL DÍA DEL NIÑO, DIA DE LA MADRE, VERANEADAS, FESTIVAL DE LA PRIMAVERA, ETC., INCLUYE TODO EL PROCEDIMIENTO DESDE LA PLANEACIÓN HASTA LA REALIZACIÓN DE CADA EVENTO | L53: CONTRIBUIR Y COOPERAR EN LOS OBJETIVOS INSTITUCIONALES BAJO LAS INDICACIONES DE SU JEFE INMEDIATO. | M53: NO APLICA | N53: NO APLICA | O53: NO APLICA | P53: NO APLICA | Q53: PROVEE LOS RECURSOS NECESARIOS PARA LA OPERACIÓN DE LOS CENTROS COMUNITARIOS | R53: 43466 | S53: 43830 | T53: CALLE GLANDORF NO. 4106 SAN FELIPE V ETAPA, 31203. CHIHUAHUA, CHIHUAHUA, MÉXICO | Y53: EVENTOS FESTIVOS | Z53: PÚBLICA | AD53: NO APLICA | AE53: NO APLICA | AF53: NO APLICA | AG53: NO APLICA | AH53: NO APLICA | AI53: NO APLICA | AJ53: NO APLICA | AK53: NO APLICA | AL53: NO APLICA | AM53: NO APLICA | AN53: NO APLICA | AO53: NO APLICA | AP53: NO APLICA | AQ53: NO APLICA | AR53: NO APLICA | AS53: NO APLICA | AT53: NO APLICA | AU53: NO APLICA | AV53: NO APLICA | AW53: NO APLICA | AX53: NO APLICA | AY53: NO APLICA | AZ53: NO APLICA | BA53: 1 | BB53: 1 | BC53: 2 | BD53: NO APLICA | BE53: FISICO | BF53: ORIGINAL | BG53: LIC. VIVIANA CECILIA GONZALEZ | BH53: LIC. MONICA ARANDA BALANDRÁN
A54: ENTREVISTA | B54: 43661 | C54: DIF MUNICIPAL | D54: DI | E54: DIRECCIÓN | F54: 01 | G54: FORTALECIMIENTO FAMILIAR Y RESPONSABILIDAD SOCIAL | H54: S | I54: 01 | J54: VOLUNTARIADO | K54: COLECTA CHAMARRAS, COLECTA RECLUSAS, COLECTA CRUZ ROJA INCLUYE TODO EL PROCEDIMIENTO DE CADA UNO DE LOS PROGRAMAS DESDE LA PLANEACIÓN HASTA LA ENTREGA DE LOS BIENES, INCLUYE DIRECTORIO DE VOLUNTARIOS, REUNIONES Y PARTICIPACIÓN DE CADA UNO DE LOS MIEMBROS | L54: PROMOVER EL SENTIDO DE RESPONSABILIDAD SOCIAL EN EL SECTOR PÚBLICO Y PRIVADO | M54: NO APLICA | N54: NO APLICA | O54: NO APLICA | P54: NO APLICA | Q54: COLABORAN EN EL PROCESO DE COLECTA, ARMADO DE PAQUETES, ENTREGA Y DISTRIBUCION DE LOS BIENES RECOLECTADO | R54: 43466 | S54: 43466 | T54: CALLE GLANDORF NO. 4106 SAN FELIPE V ETAPA, 31203. CHIHUAHUA, CHIHUAHUA, MÉXICO | V54: X | W54: X | Y54: VOLUNTARIADO, COLECTAS | Z54: CONFIDENCIAL (DATOS PERSONALES) | AB54: X | AD54: ='NORMAS SUSTANTIVAS'!C9 -> LEY DE ASISTENCIA SOCIAL PÚBLICA Y PRIVADA PARA EL ESTADO DE CHIHUAHUA | AF54: NO APLICA | AG54: NO APLICA | AH54: NO APLICA | AI54: NO APLICA | AJ54: NO APLICA | AK54: NO APLICA | AL54: NO APLICA | AM54: NO APLICA | AP54: NO APLICA | AQ54: NO APLICA | AR54: NO APLICA | AS54: NO APLICA | AT54: NO APLICA | AU54: NO APLICA | AV54: NO APLICA | AW54: NO APLICA | AX54: ='NORMAS SUSTANTIVAS'!C45 -> GUÍA PARA VOLUNTARIOS DE LA CRUZ ROJA | AY54: MANUAL DE ORGANIZACIÓN DIF | AZ54: NO APLICA | BA54: 1 | BB54: 2 | BC54: 3 | BD54: NO APLICA | BE54: FISICO, ELECTRONICO | BF54: ORIGINAL | BG54: LIC. CLAUDIA ALEJANDRINA BARRAZA RAMOS | BH54: LIC THELMA RIVERO ESPINOZA | BI54: X | BK54: X
A55: ENTREVISTA | B55: 43661 | C55: DIF MUNICIPAL | D55: DI | E55: DIRECCIÓN | F55: 01 | G55: FORTALECIMIENTO FAMILIAR Y RESPONSABILIDAD SOCIAL | H55: S | I55: 02 | J55: ATENCIÓN EVENTUALIDADES | K55: VOLANTES DE TURNO SOBRE CIRCUNSTANCIAS APREMIANTES QUE PONEN EN RIESGO LA VIDA O LA INTEGRIDAD DE UNA PERSONA O FAMILIA QUE DEBEN SER ATENDIDAS CON CARÁCTER DE URGENTE, INCLUYE EL PROCEDIMIENTO DE ATENCIÓN, VINCULACIÓN, CANALIZACIÓN ETC. | L55: PROMOVER POLÍTICAS PÚBLICAS QUE INCENTIVEN EL DESARROLLO EN LAS FAMILIAS. | M55: SIPINNA | N55: COORDINADA | O55: COORDINACIÓN SOCIAL | P55: COORDINADA | Q55: ASIGNACION DIRECTA, VOLANTE DE TURNO | R55: 43466 | S55: 43830 | T55: CALLE GLANDORF NO. 4106 SAN FELIPE V ETAPA, 31203. CHIHUAHUA, CHIHUAHUA, MÉXICO | V55: X | W55: X | Y55: ATENCIÓN, VOLANTES, CANALIZACIÓN | Z55: CONFIDENCIAL (DATOS PERSONALES SENSIBLES) | AC55: X | AD55: ='NORMAS SUSTANTIVAS'!C7 -> LEY GENERAL DE LOS DERECHOS DE NIÑAS, NIÑOS Y ADOLESCENTES | AF55: ='NORMAS SUSTANTIVAS'!C5 -> LEY DE ASISTENCIA Y PREVENCIÓN DE LA VIOLENCIA FAMILIAR | AH55: ='NORMAS TRANSVERSALES'!F33 -> LEY DE PROTECCIÓN DE DATOS PERSONALES DEL ESTADO DE CHIHUAHUA | AJ55: ='NORMAS SUSTANTIVAS'!C3 -> CÓDIGO DE PROCEDIMIENTOS FAMILIARES PARA EL ESTADO DE CHIHUAHUA | AL55: NO APLICA | AM55: NO APLICA | AP55: NO APLICA | AQ55: NO APLICA | AR55: NO APLICA | AS55: NO APLICA | AT55: NO APLICA | AU55: NO APLICA | AV55: NO APLICA | AW55: NO APLICA | AX55: ='NORMAS SUSTANTIVAS'!C40 -> NORMA OFICIAL MEXICANA NOM-032-SSA3-2010, PRESTACIÓN DE SERVICIOS DE ASISTENCIA SOCIAL PARA NIÑOS, NIÑAS Y ADOLESCENTES EN SITUACIÓN DE RIESGO Y VULNERABILIDAD. | AY55: MANUAL DE ORGANIZACIÓN DIF | AZ55: NO APLICA | BA55: 1 | BB55: 3 | BC55: 4 | BD55: X | BE55: FISICO, ELECTRONICO | BF55: ORIGINAL | BG55: LIC. CLAUDIA ALEJANDRINA BARRAZA RAMOS | BH55: LIC THELMA RIVERO ESPINOZA | BI55: X | BK55: X
A56: ENTREVISTA | B56: 43661 | C56: DIF MUNICIPAL | D56: DI | E56: DIRECCIÓN | F56: 01 | G56: FORTALECIMIENTO FAMILIAR Y RESPONSABILIDAD SOCIAL | H56: S | I56: 03 | J56: PROGRAMAS DE FORTALECIMIENTO FAMILIAR | K56: INCLUYE LA PLANEACIÓN Y PUESTA EN OPERACIÓN DE PROGRAMAS DIVERSOS, DE ASISTENCIA SOCIAL, PREVENCIÓN DE SUICIDIO, BALANCE TRABAJO FAMILIA, ENTRE OTROS | L56: PROMOVER POLÍTICAS PÚBLICAS QUE INCENTIVEN EL DESARROLLO EN LAS FAMILIAS. | M56: NO APLICA | N56: NO APLICA | O56: COORDINACIÓN SOCIAL | P56: COORDINADA | Q56: COLABORACION PARA PROGRAMAS ASISTENCIALES | R56: 43466 | S56: 43830 | T56: CALLE GLANDORF NO. 4106 SAN FELIPE V ETAPA, 31203. CHIHUAHUA, CHIHUAHUA, MÉXICO | V56: X | W56: X | Y56: PROGRAMA, FORTALECIMIENTO FAMILIAR | Z56: PÚBLICA | AD56: ='NORMAS SUSTANTIVAS'!C7 -> LEY GENERAL DE LOS DERECHOS DE NIÑAS, NIÑOS Y ADOLESCENTES | AF56: ='NORMAS SUSTANTIVAS'!C5 -> LEY DE ASISTENCIA Y PREVENCIÓN DE LA VIOLENCIA FAMILIAR | AH56: ='NORMAS SUSTANTIVAS'!C9 -> LEY DE ASISTENCIA SOCIAL PÚBLICA Y PRIVADA PARA EL ESTADO DE CHIHUAHUA | AJ56: ='NORMAS TRANSVERSALES'!F30 -> LEY DE PLANEACION DEL ESTADO DE CHIHUAHUA | AL56: NO APLICA | AM56: NO APLICA | AP56: NO APLICA | AQ56: NO APLICA | AR56: NO APLICA | AS56: NO APLICA | AT56: NO APLICA | AU56: NO APLICA | AV56: NO APLICA | AW56: NO APLICA | AX56: ='NORMAS SUSTANTIVAS'!C40 -> NORMA OFICIAL MEXICANA NOM-032-SSA3-2010, PRESTACIÓN DE SERVICIOS DE ASISTENCIA SOCIAL PARA NIÑOS, NIÑAS Y ADOLESCENTES EN SITUACIÓN DE RIESGO Y VULNERABILIDAD. | AY56: ='NORMAS SUSTANTIVAS'!C42 -> NORMA OFICIAL MEXICANA NOM-035-STPS-2018, FACTORES DE RIESGO PSICOSOCIAL EN EL TRABAJO-IDENTIFICACIÓN, ANALISIS Y PREVENCION | AZ56: MANUAL DE ORGANIZACIÓN DIF | BA56: 1 | BB56: 2 | BC56: 3 | BD56: NO APLICA | BE56: FISICO, ELECTRONICO | BF56: ORIGINAL | BG56: LIC. CLAUDIA ALEJANDRINA BARRAZA RAMOS | BH56: LIC THELMA RIVERO ESPINOZA | BI56: X | BK56: X
A57: ENTREVISTA | B57: 43661 | C57: DIF MUNICIPAL | D57: DI | E57: DIRECCIÓN | F57: 01 | G57: FORTALECIMIENTO FAMILIAR Y RESPONSABILIDAD SOCIAL | H57: S | I57: 04 | J57: TALLERES DE FORTALECIMIENTO FAMILIAR | K57: DISEÑO E IMPARTICIÓN DE CURSOS Y TALLERES PARA MEJORAR LA CALIDAD DE VIDA DE PERSONAS Y FAMILIAS; FOMENTAR LA COHESIÓN SOCIAL, INCLUYE LOS MATERIALES DIDÁCTICOS, LISTAS DE ASISTENCIA Y BENEFICIARIOS DE LOS TALLERES, REPORTES DE EVALUACIÓN, BASES DE DATOS DE BUENAS PRÁCTICAS, SEGUIMIENTO DE CASOS DE ÉXITO, REPRESENTACIÓN OFICIAL DEL DIF MUNICIPAL EN EVENTOS, CONGRESOS, FERIAS, VERBENAS, ETC | L57: PROMOVER POLÍTICAS PÚBLICAS QUE INCENTIVEN EL DESARROLLO EN LAS FAMILIAS. | M57: NO APLICA | N57: NO APLICA | O57: COORDINACIÓN SOCIAL, PLANEACIÓN Y PROYECTOS | P57: COORDINADA | Q57: COLABORACION EN LA UNIFICACION SOCIAL | R57: 43466 | S57: 43830 | T57: CALLE GLANDORF NO. 4106 SAN FELIPE V ETAPA, 31203. CHIHUAHUA, CHIHUAHUA, MÉXICO | V57: X | W57: X | Y57: TALLERES, CURSOS, FORTALECIMIENTO FAMILIAR | Z57: CONFIDENCIAL (DATOS PERSONALES SENSIBLES) | AC57: X | AD57: ='NORMAS SUSTANTIVAS'!C7 -> LEY GENERAL DE LOS DERECHOS DE NIÑAS, NIÑOS Y ADOLESCENTES | AF57: ='NORMAS SUSTANTIVAS'!C5 -> LEY DE ASISTENCIA Y PREVENCIÓN DE LA VIOLENCIA FAMILIAR | AH57: ='NORMAS TRANSVERSALES'!F33 -> LEY DE PROTECCIÓN DE DATOS PERSONALES DEL ESTADO DE CHIHUAHUA | AJ57: ='NORMAS TRANSVERSALES'!F30 -> LEY DE PLANEACION DEL ESTADO DE CHIHUAHUA | AL57: ='NORMAS SUSTANTIVAS'!C9 -> LEY DE ASISTENCIA SOCIAL PÚBLICA Y PRIVADA PARA EL ESTADO DE CHIHUAHUA | AP57: NO APLICA | AQ57: NO APLICA | AR57: NO APLICA | AS57: NO APLICA | AT57: NO APLICA | AU57: NO APLICA | AV57: NO APLICA | AW57: NO APLICA | AX57: ='NORMAS SUSTANTIVAS'!C42 -> NORMA OFICIAL MEXICANA NOM-035-STPS-2018, FACTORES DE RIESGO PSICOSOCIAL EN EL TRABAJO-IDENTIFICACIÓN, ANALISIS Y PREVENCION | AY57: NO APLICA | AZ57: NO APLICA | BA57: 1 | BB57: 3 | BC57: 4 | BD57: X | BE57: FISICO, ELECTRONICO | BF57: ORIGINAL | BG57: LIC. CLAUDIA ALEJANDRINA BARRAZA RAMOS | BH57: LIC THELMA RIVERO ESPINOZA | BI57: X | BK57: X
A58: ENTREVISTA | B58: 43661 | C58: DIF MUNICIPAL | D58: DI | E58: DIRECCIÓN | F58: 01 | G58: FORTALECIMIENTO FAMILIAR Y RESPONSABILIDAD SOCIAL | H58: S | I58: 05 | J58: RELACIONES INTERINSTITUCIONALES | K58: EXPEDIENTES DE LAS INSTITUCIONES CON LAS QUE EL DIF MUNICIPAL ESTABLECE COLABORACIÓN CON LAS ORGANIZACIONES DE LA SOCIEDAD CIVIL, ORGANISMOS EMPRESARIALES, INSTITUCIONES PÚBLICAS, ASOCIACIONES RELIGIOSAS, INICIATIVA PRIVADA , DIRECTORIOS Y BASES DE DATOS DE LAS INSTITUCIONES, MESAS DE TRABAJO. | L58: VINCULARSE CON OTRAS INSTANCIAS DE GOBIERNO PARA HACER SINERGIA. | M58: NO APLICA | N58: NO APLICA | O58: DIF MUNICIPAL | P58: COORDINADA | Q58: COLABORACION INTERINSTITUCION | R58: 43466 | S58: 43830 | T58: CALLE GLANDORF NO. 4106 SAN FELIPE V ETAPA, 31203. CHIHUAHUA, CHIHUAHUA, MÉXICO | V58: X | W58: X | Y58: RELACIÓN, INSTITUCIONES EXTERNAS | Z58: CONFIDENCIAL (DATOS PERSONALES SENSIBLES) | AC58: X | AD58: ='NORMAS TRANSVERSALES'!F15 -> LEY FEDERAL DE FOMENTO A LAS ACTIVIDADES REALIZADAS POR ORGANIZACIONES DE LA SOCIEDAD CIVIL | AF58: ='NORMAS TRANSVERSALES'!F46 -> REGLAMENTO DE LA LEY FEDERAL DE FOMENTO A LAS ACTIVIDADES REALIZADAS POR ORGANIZACIONES DE LA SOCIEDAD CIVIL | AH58: ='NORMAS TRANSVERSALES'!F32 -> LEY DE TRANSPARENCIA Y ACCESO A LA INFORMACIÓN PÚBLICA DEL ESTADO DE CHIHUAHUA | AJ58: ='NORMAS TRANSVERSALES'!F43 -> REGLAMENTO DE LA LEY DE TRANSPARENCIA Y ACCESO A LA INFORMACIÓN PÚBLICA DEL ESTADO DE CHIHUAHUA | AL58: NO APLICA | AM58: NO APLICA | AP58: NO APLICA | AQ58: NO APLICA | AR58: NO APLICA | AS58: NO APLICA | AT58: NO APLICA | AU58: NO APLICA | AV58: NO APLICA | AW58: NO APLICA | AX58: ='NORMAS SUSTANTIVAS'!C42 -> NORMA OFICIAL MEXICANA NOM-035-STPS-2018, FACTORES DE RIESGO PSICOSOCIAL EN EL TRABAJO-IDENTIFICACIÓN, ANALISIS Y PREVENCION | AY58: NO APLICA | AZ58: NO APLICA | BA58: 1 | BB58: 2 | BC58: 3 | BD58: X | BE58: FISICO, ELECTRONICO | BF58: ORIGINAL | BG58: LIC. CLAUDIA ALEJANDRINA BARRAZA RAMOS | BH58: LIC THELMA RIVERO ESPINOZA | BI58: X | BK58: X
A59: ENTREVISTA | B59: 43661 | C59: DIF MUNICIPAL | D59: DI | E59: DIRECCIÓN | F59: 01 | G59: FORTALECIMIENTO FAMILIAR Y RESPONSABILIDAD SOCIAL | H59: S | I59: 06 | J59: CANALIZACIÓN EXTERNA | K59: CANALIZACIÓN DE ASUNTOS HACIA OTRAS ÁREAS DE ATENCIÓN PSICOLÓGICA, MÉDICA, PSIQUIÁTRICA, DE REHABILITACIÓN FÍSICA O CONDUCTUAL | L59: PROMOVER A LA FAMILIA Y SU SANO DESARROLLO ESTABLECIENDO CONVENIOS Y ALIANZAS QUE ASÍ LO PROMUEVAN. | M59: NO APLICA | N59: NO APLICA | O59: COORDINACIÓN SOCIAL | P59: COORDINADA | Q59: COLABORACION INFORMATIVA | R59: 43466 | S59: 43830 | T59: CALLE GLANDORF NO. 4106 SAN FELIPE V ETAPA, 31203. CHIHUAHUA, CHIHUAHUA, MÉXICO | V59: X | W59: X | Y59: CANALIZACIÓN, ATENCIÓN CIUDADANA | Z59: CONFIDENCIAL (DATOS PERSONALES SENSIBLES) | AC59: X | AD59: ='NORMAS SUSTANTIVAS'!C7 -> LEY GENERAL DE LOS DERECHOS DE NIÑAS, NIÑOS Y ADOLESCENTES | AF59: ='NORMAS SUSTANTIVAS'!C5 -> LEY DE ASISTENCIA Y PREVENCIÓN DE LA VIOLENCIA FAMILIAR | AH59: ='NORMAS SUSTANTIVAS'!C9 -> LEY DE ASISTENCIA SOCIAL PÚBLICA Y PRIVADA PARA EL ESTADO DE CHIHUAHUA | AJ59: ='NORMAS TRANSVERSALES'!F33 -> LEY DE PROTECCIÓN DE DATOS PERSONALES DEL ESTADO DE CHIHUAHUA | AL59: ='NORMAS SUSTANTIVAS'!C23 -> REGLAMENTO DE LA LEY DE JUSTICIA ESPECIAL PARA ADOLESCENTES DE CHIHUAHUA EN MATERIA DE CENTRO DE REINSERCIÓN SOCIAL PARA ADOLESCENTES INFRACTORES | AP59: NO APLICA | AQ59: NO APLICA | AR59: NO APLICA | AS59: NO APLICA | AT59: NO APLICA | AU59: NO APLICA | AV59: NO APLICA | AW59: NO APLICA | AX59: ='NORMAS SUSTANTIVAS'!C40 -> NORMA OFICIAL MEXICANA NOM-032-SSA3-2010, PRESTACIÓN DE SERVICIOS DE ASISTENCIA SOCIAL PARA NIÑOS, NIÑAS Y ADOLESCENTES EN SITUACIÓN DE RIESGO Y VULNERABILIDAD. | AY59: NO APLICA | AZ59: NO APLICA | BA59: 1 | BB59: 2 | BC59: 3 | BD59: X | BE59: FISICO, ELECTRONICO | BF59: ORIGINAL | BG59: LIC. CLAUDIA ALEJANDRINA BARRAZA RAMOS | BH59: LIC THELMA RIVERO ESPINOZA | BI59: X | BK59: X
A60: ENTREVISTA | B60: 43661 | C60: DIF MUNICIPAL | D60: DI | E60: DIRECCIÓN | F60: 01 | G60: FORTALECIMIENTO FAMILIAR Y RESPONSABILIDAD SOCIAL | H60: S | I60: 07 | J60: INFORMES DEL ÁREA DE FORTALECIMIENTO FAMILIAR Y RESPONSABLIDAD SOCIAL | K60: INFORMES, REPORTES, INDICADORES Y DATOS ESTADÍSTICOS MENSUALES, GRÁFICAS, TRIMESTRALES Y ANUALES QUE LE SON REQUERIDAS POR LAS DIVERSAS ÁREAS DEL DIF MUNICIPAL, ASÍ COMO POR OTRAS DEPENDENCIAS PÚBLICAS | L60: CONTRIBUIR Y COOPERAR EN LOS OBJETIVOS INSTITUCIONALES BAJO LAS INDICACIONES DE SU JEFE INMEDIATO | M60: NO APLICA | N60: NO APLICA | O60: PLANEACIÓN Y PROYECTOS | P60: SUPRAORDINADA | Q60: COLABORACION INFORMATIVA | R60: 43466 | S60: 43830 | T60: CALLE GLANDORF NO. 4106 SAN FELIPE V ETAPA, 31203. CHIHUAHUA, CHIHUAHUA, MÉXICO | V60: X | W60: X | Y60: INFORMES, FORTALECIMIENTO FAMILIAR | Z60: PÚBLICA | AD60: ='NORMAS SUSTANTIVAS'!C9 -> LEY DE ASISTENCIA SOCIAL PÚBLICA Y PRIVADA PARA EL ESTADO DE CHIHUAHUA | AF60: ='NORMAS TRANSVERSALES'!F32 -> LEY DE TRANSPARENCIA Y ACCESO A LA INFORMACIÓN PÚBLICA DEL ESTADO DE CHIHUAHUA | AH60: ='NORMAS SUSTANTIVAS'!C9 -> LEY DE ASISTENCIA SOCIAL PÚBLICA Y PRIVADA PARA EL ESTADO DE CHIHUAHUA | AJ60: ='NORMAS TRANSVERSALES'!F30 -> LEY DE PLANEACION DEL ESTADO DE CHIHUAHUA | AL60: ='NORMAS SUSTANTIVAS'!C23 -> REGLAMENTO DE LA LEY DE JUSTICIA ESPECIAL PARA ADOLESCENTES DE CHIHUAHUA EN MATERIA DE CENTRO DE REINSERCIÓN SOCIAL PARA ADOLESCENTES INFRACTORES | AP60: NO APLICA | AQ60: NO APLICA | AR60: NO APLICA | AS60: NO APLICA | AT60: NO APLICA | AU60: NO APLICA | AV60: NO APLICA | AW60: NO APLICA | AX60: ='NORMAS SUSTANTIVAS'!C37 -> NORMA OFICIAL MEXICANA NOM-031-SSA3-2012, ASISTENCIA SOCIAL | AY60: NO APLICA | AZ60: NO APLICA | BA60: 1 | BB60: 2 | BC60: 3 | BD60: X | BE60: FISICO, ELECTRONICO | BF60: ORIGINAL | BG60: LIC. CLAUDIA ALEJANDRINA BARRAZA RAMOS | BH60: LIC THELMA RIVERO ESPINOZA | BI60: X | BK60: X
A61: ENTREVISTA | B61: 43661 | C61: DIF MUNICIPAL | D61: DI | E61: DIRECCIÓN | F61: 01 | G61: FORTALECIMIENTO FAMILIAR Y RESPONSABILIDAD SOCIAL | H61: S | I61: 08 | J61: PLANEACIÓN DEL ÁREA | K61: PLANEACIÓN ESTRATÉGICA EN MATERIA DE FORTALECIMIENTO FAMILIAR INCLUYE PLAN DE EVALUACIÓN, ANÁLISIS DE RIESGOS, ARMONIZACIÓN CON EL CALENDARIO DE ACTIVIDADES DIF, CALENDARIO DE SESIONES, MESAS DE TRABAJO BIMENSUAL, ACTAS, MINUTAS ORDEN DEL DÍA | L61: CAPACITAR A DIRECTIVOS Y TOMADORES DE DECISIONES EN TEMAS DE FAMILIA | M61: NO APLICA | N61: NO APLICA | O61: PLANEACIÓN Y PROYECTOS | P61: SUPRAORDINADA | Q61: COLABORACION INFORMATIVA | R61: 43466 | S61: 43830 | T61: CALLE GLANDORF NO. 4106 SAN FELIPE V ETAPA, 31203. CHIHUAHUA, CHIHUAHUA, MÉXICO | W61: X | Y61: PLANEACIÓN, FORTALECIMIENTO FAMILIAR | Z61: PÚBLICA | AD61: ='NORMAS TRANSVERSALES'!F30 -> LEY DE PLANEACION DEL ESTADO DE CHIHUAHUA | AF61: ='NORMAS SUSTANTIVAS'!C5 -> LEY DE ASISTENCIA Y PREVENCIÓN DE LA VIOLENCIA FAMILIAR | AG61: NO APLICA | AH61: NO APLICA | AI61: NO APLICA | AJ61: NO APLICA | AK61: NO APLICA | AL61: NO APLICA | AM61: NO APLICA | AP61: NO APLICA | AQ61: NO APLICA | AR61: NO APLICA | AS61: NO APLICA | AT61: NO APLICA | AU61: NO APLICA | AV61: NO APLICA | AW61: NO APLICA | AX61: ='NORMAS SUSTANTIVAS'!C42 -> NORMA OFICIAL MEXICANA NOM-035-STPS-2018, FACTORES DE RIESGO PSICOSOCIAL EN EL TRABAJO-IDENTIFICACIÓN, ANALISIS Y PREVENCION | AY61: NO APLICA | AZ61: NO APLICA | BA61: 1 | BB61: 2 | BC61: 3 | BD61: NO APLICA | BE61: FISICO, ELECTRONICO | BF61: ORIGINAL | BG61: LIC. CLAUDIA ALEJANDRINA BARRAZA RAMOS | BH61: LIC THELMA RIVERO ESPINOZA | BK61: X
A62: ENTREVISTA | B62: 43661 | C62: DIF MUNICIPAL | D62: DI | E62: DIRECCIÓN | F62: 02 | G62: SIPINNA | H62: S | I62: 01 | J62: SIPINNA ESTATAL | K62: ACTAS DE REUNIÓN, SEGUIMIENTO DE CASOS, SEGUIMIENTO DE ACUERDOS, INFORMES, REPORTES, DATOS ESTADÍSTICOS, GRÁFICAS, CONGRESOS, CAPACITACIÓN, PONENCIAS, ESTUDIOS Y PROYECTOS DEL SISTEMA ESTATAL | L62: PROMOVER POLÍTICAS PÚBLICAS QUE INCENTIVEN EL DESARROLLO EN LAS FAMILIAS. | M62: NO APLICA | N62: NO APLICA | O62: COORDINACIÓN SOCIAL | P62: COORDINADA | Q62: COLABORACION PARA LA PROTECCION DE LOS MENORES | R62: 43466 | S62: 43830 | T62: CALLE GLANDORF NO. 4106 SAN FELIPE V ETAPA, 31203. CHIHUAHUA, CHIHUAHUA, MÉXICO | V62: X | W62: X | Y62: SIPINNA ESTATAL, SEGUIMIENTO, INFORMES | Z62: CONFIDENCIAL (DATOS PERSONALES SENSIBLES) | AC62: X | AD62: ='NORMAS SUSTANTIVAS'!C7 -> LEY GENERAL DE LOS DERECHOS DE NIÑAS, NIÑOS Y ADOLESCENTES | AF62: ='NORMAS TRANSVERSALES'!F33 -> LEY DE PROTECCIÓN DE DATOS PERSONALES DEL ESTADO DE CHIHUAHUA | AH62: ='NORMAS SUSTANTIVAS'!C9 -> LEY DE ASISTENCIA SOCIAL PÚBLICA Y PRIVADA PARA EL ESTADO DE CHIHUAHUA | AJ62: ='NORMAS SUSTANTIVAS'!C10 -> LEY DE LOS DERECHOS DE LA NIÑAS, NIÑOS Y ADOLESCENTES DEL ESTADO DE CHIHUAHUA | AK62: NO APLICA | AL62: NO APLICA | AM62: NO APLICA | AP62: NO APLICA | AQ62: NO APLICA | AR62: NO APLICA | AS62: NO APLICA | AT62: NO APLICA | AU62: NO APLICA | AV62: NO APLICA | AW62: NO APLICA | AX62: ='NORMAS SUSTANTIVAS'!C40 -> NORMA OFICIAL MEXICANA NOM-032-SSA3-2010, PRESTACIÓN DE SERVICIOS DE ASISTENCIA SOCIAL PARA NIÑOS, NIÑAS Y ADOLESCENTES EN SITUACIÓN DE RIESGO Y VULNERABILIDAD. | AY62: NO APLICA | AZ62: NO APLICA | BA62: 1 | BB62: 2 | BC62: 3 | BD62: X | BE62: FISICO, ELECTRONICO | BF62: ORIGINAL | BG62: LIC. CLAUDIA ALEJANDRINA BARRAZA RAMOS | BH62: LIC THELMA RIVERO ESPINOZA | BI62: X | BK62: X
A63: ENTREVISTA | B63: 43661 | C63: DIF MUNICIPAL | D63: DI | E63: DIRECCIÓN | F63: 02 | G63: SIPINNA | H63: S | I63: 02 | J63: SIPINNA MUNICIPAL | K63: ACTAS DE REUNIÓN, SEGUIMIENTO DE CASOS, SEGUIMIENTO DE ACUERDOS, INFORMES, REPORTES, DATOS ESTADÍSTICOS, GRÁFICAS, CONGRESOS, CAPACITACIÓN, PONENCIAS, ESTUDIOS Y PROYECTOS DEL SISTEMA MUNICIPAL | L63: PROMOVER POLÍTICAS PÚBLICAS QUE INCENTIVEN EL DESARROLLO EN LAS FAMILIAS. | M63: NO APLICA | N63: NO APLICA | O63: COORDINACIÓN SOCIAL | P63: COORDINADA | Q63: COLABORACION PARA LA PROTECCION DE LOS MENORES | R63: 43466 | S63: 43830 | T63: CALLE GLANDORF NO. 4106 SAN FELIPE V ETAPA, 31203. CHIHUAHUA, CHIHUAHUA, MÉXICO | V63: X | W63: X | Y63: SIPINNA MUNICIPAL, SEGUIMIENTO, INFORMES | Z63: CONFIDENCIAL (DATOS PERSONALES SENSIBLES) | AC63: X | AD63: ='NORMAS SUSTANTIVAS'!C7 -> LEY GENERAL DE LOS DERECHOS DE NIÑAS, NIÑOS Y ADOLESCENTES | AF63: ='NORMAS TRANSVERSALES'!F33 -> LEY DE PROTECCIÓN DE DATOS PERSONALES DEL ESTADO DE CHIHUAHUA | AH63: ='NORMAS SUSTANTIVAS'!C9 -> LEY DE ASISTENCIA SOCIAL PÚBLICA Y PRIVADA PARA EL ESTADO DE CHIHUAHUA | AJ63: ='NORMAS SUSTANTIVAS'!C10 -> LEY DE LOS DERECHOS DE LA NIÑAS, NIÑOS Y ADOLESCENTES DEL ESTADO DE CHIHUAHUA | AL63: NO APLICA | AM63: NO APLICA | AP63: NO APLICA | AQ63: NO APLICA | AR63: NO APLICA | AS63: NO APLICA | AT63: NO APLICA | AU63: NO APLICA | AV63: NO APLICA | AW63: NO APLICA | AX63: ='NORMAS SUSTANTIVAS'!C40 -> NORMA OFICIAL MEXICANA NOM-032-SSA3-2010, PRESTACIÓN DE SERVICIOS DE ASISTENCIA SOCIAL PARA NIÑOS, NIÑAS Y ADOLESCENTES EN SITUACIÓN DE RIESGO Y VULNERABILIDAD. | AY63: NO APLICA | AZ63: NO APLICA | BA63: 1 | BB63: 2 | BC63: 3 | BD63: X | BE63: FISICO, ELECTRONICO | BF63: ORIGINAL | BG63: LIC. CLAUDIA ALEJANDRINA BARRAZA RAMOS | BH63: LIC THELMA RIVERO ESPINOZA | BI63: X | BK63: X
A64: ENTREVISTA | B64: 43661 | C64: DIF MUNICIPAL | D64: DI | E64: DIRECCIÓN | F64: 02 | G64: SIPINNA | H64: S | I64: 03 | J64: MESAS DE TRABAJO SIPINNA | K64: PARTICIPACIÓN EN MESAS DE TRABAJO ESPECIALIZADAS DE LOS SIPINNAS, COMO MESAS DAS (DISMINUCIÓN DEL ABUSO SEXUAL) INCLUYE ACTAS, ACUERDOS, DISEÑO DE CAMPAÑAS, PLANEACIÓN ESTRATÉGICA DE LA MESA, CAPACITACIÓN, DIRECTORIO DE ENLACES, ETC | L64: PROMOVER POLÍTICAS PÚBLICAS QUE INCENTIVEN EL DESARROLLO EN LAS FAMILIAS. | M64: NO APLICA | N64: NO APLICA | O64: COORDINACIÓN SOCIAL, PLANEACIÓN Y PROYECTOS | P64: COORDINADA | Q64: INFORMES ESTADISTICOS | R64: 43466 | S64: 43830 | T64: CALLE GLANDORF NO. 4106 SAN FELIPE V ETAPA, 31203. CHIHUAHUA, CHIHUAHUA, MÉXICO | V64: X | W64: X | Y64: MESAS DE TRABAJO, SIPINNA | Z64: CONFIDENCIAL (DATOS PERSONALES SENSIBLES) | AC64: X | AD64: ='NORMAS SUSTANTIVAS'!C7 -> LEY GENERAL DE LOS DERECHOS DE NIÑAS, NIÑOS Y ADOLESCENTES | AF64: ='NORMAS SUSTANTIVAS'!C10 -> LEY DE LOS DERECHOS DE LA NIÑAS, NIÑOS Y ADOLESCENTES DEL ESTADO DE CHIHUAHUA | AH64: ='NORMAS TRANSVERSALES'!F30 -> LEY DE PLANEACION DEL ESTADO DE CHIHUAHUA | AJ64: ='NORMAS SUSTANTIVAS'!C9 -> LEY DE ASISTENCIA SOCIAL PÚBLICA Y PRIVADA PARA EL ESTADO DE CHIHUAHUA | AL64: NO APLICA | AM64: NO APLICA | AP64: NO APLICA | AQ64: NO APLICA | AR64: NO APLICA | AS64: NO APLICA | AT64: NO APLICA | AU64: NO APLICA | AV64: NO APLICA | AW64: NO APLICA | AX64: ='NORMAS SUSTANTIVAS'!C37 -> NORMA OFICIAL MEXICANA NOM-031-SSA3-2012, ASISTENCIA SOCIAL | AY64: NO APLICA | AZ64: NO APLICA | BA64: 1 | BB64: 2 | BC64: 3 | BD64: X | BE64: FISICO, ELECTRONICO | BF64: ORIGINAL | BG64: LIC. CLAUDIA ALEJANDRINA BARRAZA RAMOS | BH64: LIC THELMA RIVERO ESPINOZA | BI64: X | BK64: X
A65: ENTREVISTA | B65: 43661 | C65: DIF MUNICIPAL | D65: CG | E65: COORDINACIÓN GENERAL | F65: 01 | G65: PLANEACIÓN Y PROYECTOS | H65: C | I65: 01 | J65: ENTREGA - RECEPCIÓN | K65: FORMATOS, ACTAS Y DOCUMENTOS DEL PROCEDIMIENTO DE ENTREGA RECEPCIÓN, COORDINACIÓN CON LA FUNCIÓN PÚBLICA Y DATOS EN EL SISTEMA | L65: ADMINISTRAR EL SISTEMA DE INDICADORES DE LA DEPENDENCIA | M65: COORDINACIÓN GENERAL | N65: NO APLICA | O65: DIF MUNICIPAL | P65: COORDINADA | Q65: INFORMACION RECABADA EN RECEPCION | R65: 43466 | S65: 43830 | T65: CALLE GLANDORF NO. 4106 SAN FELIPE V ETAPA, 31203. CHIHUAHUA, CHIHUAHUA, MÉXICO | V65: X | W65: X | Y65: PROCEDIMIENTOS, ENTREGA-RECEPCIÓN | Z65: CONFIDENCIAL (DATOS PERSONALES SENSIBLES) | AC65: X | AD65: ='NORMAS TRANSVERSALES'!F25 -> LEY GENERAL DE ARCHIVOS | AF65: ='NORMAS TRANSVERSALES'!F34 -> LEY DE ENTREGA RECEPCION PARA EL ESTADO DE CHIHUAHUA | AH65: NO APLICA | AI65: NO APLICA | AJ65: NO APLICA | AK65: NO APLICA | AL65: NO APLICA | AM65: NO APLICA | AP65: NO APLICA | AQ65: NO APLICA | AR65: NO APLICA | AS65: NO APLICA | AT65: NO APLICA | AU65: NO APLICA | AV65: NO APLICA | AW65: NO APLICA | AX65: ='NORMAS TRANSVERSALES'!F61 -> ACUERDO POR EL QUE SE ESTABLECEN LOS LINEAMIENTOS GENERALES PARA LA REGULACIÓN DE LOS PROCESOS DE ENTREGA-RECEPCIÓN Y DE RENDICIÓN DE CUENTAS DE LA ADMINISTRACIÓN PÚBLICA FEDERAL | AY65: MANUAL DE ORGANIZACIÓN DIF | AZ65: NO APLICA | BA65: 1 | BB65: 2 | BC65: 3 | BD65: X | BE65: FISICO, ELECTRONICO | BF65: ORIGINAL | BG65: LIC. MARIO EDUARDO GARCÍA JIMÉNEZ | BH65: LIC. THELMA RIVERO ESPINOZA | BI65: X | BK65: X | BL65: ACTA Y ANEXOS
A66: ENTREVISTA | B66: 43661 | C66: DIF MUNICIPAL | D66: CG | E66: COORDINACIÓN GENERAL | F66: 01 | G66: PLANEACIÓN Y PROYECTOS | H66: S | I66: 02 | J66: PROYECTO O.S.C. | K66: ACTIVIDADES DE ENLACE PARA EL DESARROLLO DE PROYECTOS ESPECIALES CON ORGANIZACIONES DE LA SOCIEDAD CIVIL, INCLUYE EXPEDIENTES DE PROYECTOS | L66: CONSOLIDAR LA EVIDENCIA DE LOS AVANCES DE LOS PLANES OPERATIVOS | M66: NO APLICA | N66: NO APLICA | O66: ADMINISTRACIÓN (COMPROBACIÓN Y APOYO A LAS OSC) | P66: COORDINADA | Q66: PROYECTOS ESPECIALES, OSC | R66: 43466 | S66: 43830 | T66: CALLE GLANDORF NO. 4106 SAN FELIPE V ETAPA, 31203. CHIHUAHUA, CHIHUAHUA, MÉXICO | V66: X | W66: X | Y66: PROYECTOS ESPECIALES, OSC | Z66: PÚBLICA | AD66: ='NORMAS TRANSVERSALES'!F15 -> LEY FEDERAL DE FOMENTO A LAS ACTIVIDADES REALIZADAS POR ORGANIZACIONES DE LA SOCIEDAD CIVIL | AF66: ='NORMAS TRANSVERSALES'!F46 -> REGLAMENTO DE LA LEY FEDERAL DE FOMENTO A LAS ACTIVIDADES REALIZADAS POR ORGANIZACIONES DE LA SOCIEDAD CIVIL | AH66: ='NORMAS TRANSVERSALES'!F30 -> LEY DE PLANEACION DEL ESTADO DE CHIHUAHUA | AJ66: NO APLICA | AK66: NO APLICA | AL66: NO APLICA | AM66: NO APLICA | AP66: NO APLICA | AQ66: NO APLICA | AR66: NO APLICA | AS66: NO APLICA | AT66: NO APLICA | AU66: NO APLICA | AV66: NO APLICA | AW66: NO APLICA | AX66: NO APLICA | AY66: NO APLICA | AZ66: NO APLICA | BA66: 1 | BB66: 2 | BC66: 3 | BD66: X | BE66: FISICO, ELECTRONICO | BF66: COPIA | BG66: LIC. MARIO EDUARDO GARCÍA JIMÉNEZ | BH66: LIC THELMA RIVERO ESPINOZA | BK66: X
A67: ENTREVISTA | B67: 43661 | C67: DIF MUNICIPAL | D67: CG | E67: COORDINACIÓN GENERAL | F67: 01 | G67: PLANEACIÓN Y PROYECTOS | H67: C | I67: 03 | J67: PRESUPUESTO BASADO EN RESULTADOS (PBR) | K67: CUMPLIMIENTO DE INDICADORES DE GESTIÓN (PBR) , RECOPILACIÓN DE INFORMACIÓN DE CADA UNA DE LAS ÁREAS DEL DIF, MONITOREO DE ACCIONES Y ELABORACIÓN DE INFORMES FINALES. | L67: DAR SEGUIMIENTO AL CUMPLIMIENTO DE INDICADORES EN EL SISTEMA DEDICADO PARA ELLO. | M67: NO APLICA | N67: NO APLICA | O67: DIF MUNICIPAL | P67: COORDINADA | Q67: RESULTADOS | R67: 43466 | S67: 43830 | T67: CALLE GLANDORF NO. 4106 SAN FELIPE V ETAPA, 31203. CHIHUAHUA, CHIHUAHUA, MÉXICO | V67: X | W67: X | Y67: PBR, CUMPLIMIENTO | Z67: PÚBLICA | AD67: ='NORMAS TRANSVERSALES'!F31 -> LEY DE PRESUPUESTO DE EGRESOS, CONTABILIDAD GUBERNAMENTAL Y GASTO PÚBLICO DEL ESTADO DE CHIHUAHUA | AF67: NO APLICA | AG67: NO APLICA | AH67: NO APLICA | AI67: NO APLICA | AJ67: NO APLICA | AK67: NO APLICA | AL67: NO APLICA | AM67: NO APLICA | AP67: NO APLICA | AQ67: NO APLICA | AR67: NO APLICA | AS67: NO APLICA | AT67: NO APLICA | AU67: NO APLICA | AV67: NO APLICA | AW67: NO APLICA | AX67: ='NORMAS TRANSVERSALES'!F60 -> PRESUPUESTO BASADO EN RESULTADOS (PBR) Y SISTEMA DE EVALUACIÓN DEL DESEMPEÑO (SED) | AY67: ='NORMAS TRANSVERSALES'!F56 -> LINEAMIENTOS GENERALES PARA LA EVALUACIÓN DE POLÍTICAS PÚBLICAS, PROGRAMAS ESTATALES Y DE GASTO FEDERALIZADO DE LA ADMINISTRACIÓN PÚBLICA ESTATAL | AZ67: NO APLICA | BA67: 1 | BB67: 2 | BC67: 3 | BD67: NO APLICA | BE67: ELECTRONICO | BF67: ORIGINAL | BG67: LIC. MARIO EDUARDO GARCÍA JIMÉNEZ | BH67: LIC THELMA RIVERO ESPINOZA | BI67: X | BK67: X
A68: ENTREVISTA | B68: 43661 | C68: DIF MUNICIPAL | D68: CG | E68: COORDINACIÓN GENERAL | F68: 01 | G68: PLANEACIÓN Y PROYECTOS | H68: S | I68: 04 | J68: VINCULACIÓN | K68: ACTIVIDAES DE ENLACE CON LA DIRECCIÓN DE PLANEACIÓN MUNICIPAL, ORGANIZACIONES E INSTITUCIONES DIVERSAS | L68: DISPONER, RETROALIMENTAR Y AJUSTAR LOS PLANES A LA DIRECCIÓN DE PLANEACIÓN Y EVALUACIÓN MUNICIPAL. | M68: NO APLICA | N68: NO APLICA | O68: NO APLICA | P68: NO APLICA | Q68: ENLACES DE PLANEACION | R68: 43466 | S68: 43830 | T68: CALLE GLANDORF NO. 4106 SAN FELIPE V ETAPA, 31203. CHIHUAHUA, CHIHUAHUA, MÉXICO | W68: X | Y68: VINCULACIÓN, ACTIVIDADES DE ENLACE | Z68: PÚBLICA | AD68: ='NORMAS TRANSVERSALES'!F30 -> LEY DE PLANEACION DEL ESTADO DE CHIHUAHUA | AE68: ='NORMAS TRANSVERSALES'!G30 -> ARTICULO 11, 25, | AF68: NO APLICA | AG68: NO APLICA | AH68: NO APLICA | AI68: NO APLICA | AJ68: NO APLICA | AK68: NO APLICA | AL68: NO APLICA | AM68: NO APLICA | AP68: NO APLICA | AQ68: NO APLICA | AR68: NO APLICA | AS68: NO APLICA | AT68: NO APLICA | AU68: NO APLICA | AV68: NO APLICA | AW68: NO APLICA | AX68: NO APLICA | AY68: NO APLICA | AZ68: NO APLICA | BA68: 1 | BB68: 2 | BC68: 3 | BD68: NO APLICA | BE68: FISICO, ELECTRONICO | BF68: COPIA | BG68: LIC. MARIO EDUARDO GARCÍA JIMÉNEZ | BH68: LIC THELMA RIVERO ESPINOZA | BK68: X
A69: ENTREVISTA | B69: 43661 | C69: DIF MUNICIPAL | D69: CG | E69: COORDINACIÓN GENERAL | F69: 01 | G69: PLANEACIÓN Y PROYECTOS | H69: S | I69: 05 | J69: INFORMES CONSOLIDADOS | K69: RECOLECCIÓN DE INFORMACIÓN DE CADA UNA DE LAS ÁREAS PARA ELABORAR DIVERSOS INFORMES QUE SEAN REQUERIDOS POR INSTANCIAS PÚBLICAS O PRIVADAS SOBRE EL QUEHACER DEL DIF MUNICIPAL, INCLUYE INDICADORES, REPORTES, ESTADÍSTICAS, MATRICES DE DATOS, BASES DE DATOS, GRÁFICOS, ETC. CONTIENE INFORMES Y APORTACIONES DEL DIF MUNICIPAL PARA LA ELABORACIÓN Y REDACCIÓN DEL PLAN MUNICPAL DE DESARROLLO, ASÍ COMO SEGUIMIENTO Y CUMPLIMIENTO DE LAS LÍNEAS DE ACCIÓN | L69: CONCENTRAR LA INFORMACIÓN DE LOS AVANCES EN LOS PLANES OPERATIVOS DE LOS DIFERENTES DEPARTAMENTOS. | M69: NO APLICA | N69: NO APLICA | O69: DIF MUNICIPAL | P69: COORDINADA | Q69: INDICADORES ESTADISTICOS | R69: 43466 | S69: 43830 | T69: CALLE GLANDORF NO. 4106 SAN FELIPE V ETAPA, 31203. CHIHUAHUA, CHIHUAHUA, MÉXICO | W69: X | Y69: INFORMES CONSOLIDADOS, DIF | Z69: PÚBLICA | AD69: ='NORMAS TRANSVERSALES'!F32 -> LEY DE TRANSPARENCIA Y ACCESO A LA INFORMACIÓN PÚBLICA DEL ESTADO DE CHIHUAHUA | AF69: ='NORMAS TRANSVERSALES'!F43 -> REGLAMENTO DE LA LEY DE TRANSPARENCIA Y ACCESO A LA INFORMACIÓN PÚBLICA DEL ESTADO DE CHIHUAHUA | AH69: NO APLICA | AI69: NO APLICA | AJ69: NO APLICA | AK69: NO APLICA | AL69: NO APLICA | AM69: NO APLICA | AP69: NO APLICA | AQ69: NO APLICA | AR69: NO APLICA | AS69: NO APLICA | AT69: NO APLICA | AU69: NO APLICA | AV69: NO APLICA | AW69: NO APLICA | AX69: NO APLICA | AY69: NO APLICA | AZ69: NO APLICA | BA69: 1 | BB69: 2 | BC69: 3 | BD69: X | BE69: FISICO, ELECTRONICO | BF69: ORIGINAL | BG69: LIC. MARIO EDUARDO GARCÍA JIMÉNEZ | BH69: LIC THELMA RIVERO ESPINOZA | BK69: X
A70: ENTREVISTA | B70: 43661 | C70: DIF MUNICIPAL | D70: CG | E70: COORDINACIÓN GENERAL | F70: 01 | G70: PLANEACIÓN Y PROYECTOS | H70: C | I70: 06 | J70: MATRIZ DE CUMPLIMIENTO LEGAL | K70: MATRICES DE CUMPLIMIENTO DE DISPOSICIONES JURÍDICAS APLICABLES, SEGUIMIENTO Y MONITOREO | L70: DISPONER LA INFORMACIÓN PARA EL INFORME DE ACTIVIDADES DE PRESIDENCIA | M70: NO APLICA | N70: NO APLICA | O70: DIF MUNICIPAL | P70: COORDINADA | Q70: DISPOSICIONES JURIDICAS | R70: 43466 | S70: 43830 | T70: CALLE GLANDORF NO. 4106 SAN FELIPE V ETAPA, 31203. CHIHUAHUA, CHIHUAHUA, MÉXICO | W70: X | Y70: CUMPLIMIENTO LEGAL | Z70: PÚBLICA | AD70: ='NORMAS TRANSVERSALES'!F37 -> LEY DE AUDITORIA SUPERIOR DEL ESTADO DE CHIHUAHUA | AF70: ='NORMAS TRANSVERSALES'!F32 -> LEY DE TRANSPARENCIA Y ACCESO A LA INFORMACIÓN PÚBLICA DEL ESTADO DE CHIHUAHUA | AH70: ='NORMAS TRANSVERSALES'!F20 -> LEY FEDERAL DE RESPONSABILIDADES DE LOS SERVIDORES PÚBLICOS | AJ70: NO APLICA | AK70: NO APLICA | AL70: NO APLICA | AM70: NO APLICA | AP70: NO APLICA | AQ70: NO APLICA | AR70: NO APLICA | AS70: NO APLICA | AT70: NO APLICA | AU70: NO APLICA | AV70: NO APLICA | AW70: NO APLICA | AX70: NO APLICA | AY70: NO APLICA | AZ70: NO APLICA | BA70: 1 | BB70: 2 | BC70: 3 | BD70: NO APLICA | BE70: FISICO, ELECTRONICO | BF70: ORIGINAL | BG70: LIC. MARIO EDUARDO GARCÍA JIMÉNEZ | BH70: LIC THELMA RIVERO ESPINOZA | BK70: X
C71: DIF MUNICIPAL | D71: CA | E71: COORDINACIÓN ADMINISTRATIVA | F71: 02 | G71: JURÍDCO ADMINISTRATIVO | H71: S | I71: 12 | J71: DONATIVOS | K71: CONTRATOS POR DONATIVOS QUE RECIBE DIF MUNICIPAL | L71: ELABORACIÓN DE CONTRATOS | M71: NO APLICA | N71: NO APLICA | O71: DIF MUNICIPAL | P71: COORDINADA | Q71: ELABORACIÓN DE CONTRATOS | R71: 43466 | S71: 43830 | T71: CALLE GLANDORF NO. 4106 SAN FELIPE V ETAPA, 31203. CHIHUAHUA, CHIHUAHUA, MÉXICO | W71: X | Y71: DONATIVOS | Z71: PÚBLICA | AD71: ='NORMAS TRANSVERSALES'!F11 -> CÓDIGO CIVIL DEL ESTADO DE CHIHUAHUA | AE71: NO APLICA | AF71: NO APLICA | AG71: NO APLICA | AH71: NO APLICA | AI71: NO APLICA | AJ71: NO APLICA | AK71: NO APLICA | AL71: NO APLICA | AM71: NO APLICA | AN71: NO APLICA | AO71: NO APLICA | AP71: NO APLICA | AQ71: NO APLICA | AR71: NO APLICA | AS71: NO APLICA | AT71: NO APLICA | AU71: NO APLICA | AV71: NO APLICA | AW71: NO APLICA | AX71: NO APLICA | AY71: NO APLICA | AZ71: NO APLICA | BA71: 3 | BB71: 9 | BC71: 12 | BD71: NO APLICA | BG71: LIC. LILIANA IMELDA ARRAS BUSTAMANTE | BH71: MARIA ELENA SEYFFERT LOPEZ | BK71: X | BL71: CONTRATO
A72: ENTREVISTA | B72: 43661 | C72: DIF MUNICIPAL | D72: CA | E72: COORDINACIÓN ADMINISTRATIVA | F72: 03 | G72: ADMINISTRACIÓN (COMPROBACIÓN Y APOYO A LAS OSC) | H72: C | I72: 01 | J72: INFORME DE INGRESOS DE CENTROS COMUNITARIOS | K72: INFORME MENSUAL DE INGRESOS PROPIOS Y EJERCICIOS DEL SUBSIDIO OSC, GENERADOS EN LOS CENTROS COMUNITARIOS POR CONCEPTOS DE CUOTAS DE RECUPERACION EN LAS ACTIVIDADES EDUCATIVAS, DEPORTIVAS O DE RECREACIÓN QUE SE REALIZAN | L72: DISPONER LAS REGLAMENTACIONES DE RECAUDO EN CONCEPTOS DE INGRESO PROPIO | M72: CONTABILIDAD | N72: SUPRAORDINADA | O72: CENTROS COMUNITARIOS | P72: SUBORDINADA | Q72: GENERA LA POLIZA DE INGRESOS | R72: MENSUAL | S72: MENSUAL | T72: CALLE GLANDORF NO. 4106 SAN FELIPE V ETAPA, 31203. CHIHUAHUA, CHIHUAHUA, MÉXICO | V72: X | W72: X | Y72: INFORMES, INGRESOS, CENTROS COMUNITARIOS | Z72: PÚBLICA | AD72: ='NORMAS TRANSVERSALES'!F32 -> LEY DE TRANSPARENCIA Y ACCESO A LA INFORMACIÓN PÚBLICA DEL ESTADO DE CHIHUAHUA | AE72: NO APLICA | AF72: NO APLICA | AG72: NO APLICA | AH72: NO APLICA | AI72: NO APLICA | AJ72: NO APLICA | AK72: NO APLICA | AL72: NO APLICA | AM72: NO APLICA | AP72: ='NORMAS TRANSVERSALES'!F42 -> LEY DE INGRESOS PARA EL EJERCICIO FISCAL 2019 DEL MUNICIPIO DE CHIHUAHUA | AQ72: NO APLICA | AR72: NO APLICA | AS72: NO APLICA | AT72: NO APLICA | AU72: NO APLICA | AV72: NO APLICA | AW72: NO APLICA | AX72: MANUAL DE ORGANIZACIÓN DIF | AY72: NO APLICA | AZ72: NO APLICA | BA72: 1 | BB72: 4 | BC72: 5 | BD72: NO APLICA | BE72: ELECTRONICO | BF72: ORIGINAL | BG72: C.P. ESPIRIDION SÁNCHEZ OLIVAS | BH72: MARIA ELENA SEYFFERT LOPEZ
A73: ENTREVISTA | B73: 43661 | C73: DIF MUNICIPAL | D73: CA | E73: COORDINACIÓN ADMINISTRATIVA | F73: 03 | G73: ADMINISTRACIÓN (COMPROBACIÓN Y APOYO A LAS OSC) | H73: C | I73: 02 | J73: SEGUROS | K73: RESPONSABILIDAD CIVIL DENTRO DE LAS INSTALACIONES, PÓLIZAS DE LOS SEGUROS DE VIDA DE LOS MÉDICOS Y SEGUROS DE VEHÍCULOS PROPIEDAD DEL DIF | L73: CONTRIBUIR Y COOPERAR EN LOS OBJETIVOS INSTITUCIONALES BAJO LAS INDICACIONES DE SU JEFE INMEDIATO | M73: PERSONAL | N73: COORDINADA | O73: UBR | P73: SUBORDINADA | Q73: SEGUROS MEDICOS | R73: MENSUAL | S73: MENSUAL | T73: CALLE GLANDORF NO. 4106 SAN FELIPE V ETAPA, 31203. CHIHUAHUA, CHIHUAHUA, MÉXICO | V73: X | Y73: SEGUROS DE VIDA, MÉDICOS | Z73: PÚBLICA | AD73: ='NORMAS TRANSVERSALES'!F19 -> LEY FEDERAL DEL TRABAJO | AF73: NO APLICA | AG73: NO APLICA | AH73: NO APLICA | AI73: NO APLICA | AJ73: NO APLICA | AK73: NO APLICA | AL73: NO APLICA | AM73: NO APLICA | AP73: NO APLICA | AQ73: NO APLICA | AR73: NO APLICA | AS73: NO APLICA | AT73: NO APLICA | AU73: NO APLICA | AV73: NO APLICA | AW73: NO APLICA | AX73: MANUAL DE ORGANIZACIÓN DIF | AY73: NO APLICA | AZ73: NO APLICA | BA73: 1 | BB73: 3 | BC73: 4 | BD73: NO APLICA | BE73: ELECTRONICO | BF73: ORIGINAL | BG73: C.P. ESPIRIDION SÁNCHEZ OLIVAS | BH73: LIC. MARIA ELENA SEYFFERT LOPEZ | BK73: X
A74: ENTREVISTA | B74: 43661 | C74: DIF MUNICIPAL | D74: CA | E74: COORDINACIÓN ADMINISTRATIVA | F74: 03 | G74: ADMINISTRACIÓN (COMPROBACIÓN Y APOYO A LAS OSC) | H74: S | I74: 03 | J74: ATENCIÓN A CENTROS COMUNITARIOS | K74: SERVICIOS ADMINISTRATIVOS A CENTROS COMUNITARIOS COMO PAGO DE SERVICIOS PÚBLICOS, Y MANTENIMIENTO DE INFRAESTRUCTURA | L74: CONTRIBUIR Y COOPERAR EN LOS OBJETIVOS INSTITUCIONALES BAJO LAS INDICACIONES DE SU JEFE INMEDIATO | M74: CONTABLIDAD | N74: SUPRAORDINADA | O74: NO APLICA | P74: NO APLICA | Q74: ORDENES DE PAGO | T74: SAN FELIPE V ETAPA, 31203. CHIHUAHUA, CHIHUAHUA, MEXICO | W74: X | Y74: CENTROS COMUNITARIOS, PAGOS, MANTENIMIENTO | Z74: PÚBLICA | AF74: ='NORMAS SUSTANTIVAS'!C9 -> LEY DE ASISTENCIA SOCIAL PÚBLICA Y PRIVADA PARA EL ESTADO DE CHIHUAHUA | AG74: ARTICULO 5,14,18,25,38,43,61,65,84, | AP74: ='NORMAS TRANSVERSALES'!F31 -> LEY DE PRESUPUESTO DE EGRESOS, CONTABILIDAD GUBERNAMENTAL Y GASTO PÚBLICO DEL ESTADO DE CHIHUAHUA | AX74: MANUAL DE ORGANIZACIÓN DIF | AY74: NO APLICA | AZ74: NO APLICA | BA74: 1 | BB74: 2 | BC74: 3 | BD74: NO APLICA | BE74: ELECTRONICO | BF74: COPIA | BG74: C.P. ESPIRIDION SÁNCHEZ OLIVAS | BH74: MARIA ELENA SEYFFERT LOPEZ | BJ74: X | BK74: X
C75: DIF MUNICIPAL | D75: CA | E75: COORDINACIÓN ADMINISTRATIVA | F75: 03 | G75: ADMINISTRACIÓN (COMPROBACIÓN Y APOYO A LAS OSC) | H75: C | I75: 04 | J75: IMPUESTOS ESTATALES | K75: PAGO DE LAS CONTRIBUCIONES POR CONCEPTO DE IMPUESTO SOBRE NÓMINA | L75: RESPONSABLE DE LA ADMINISTRACIÓN DEL PERSONAL DE LA DEPENDENCIA. | M75: PERSONAL | N75: COORDINADA | O75: NO APLICA | P75: NO APLICA | Q75: IMPUESTOS | R75: 43466 | S75: 43830 | T75: CALLE GLANDORF NO. 4106 SAN FELIPE V ETAPA, 31203. CHIHUAHUA, CHIHUAHUA, MÉXICO | W75: X | Y75: IMPUESTOS ESTATALES | Z75: PÚBLICA | AD75: NO APLICA | AE75: NO APLICA | AF75: NO APLICA | AG75: NO APLICA | AH75: NO APLICA | AI75: NO APLICA | AJ75: NO APLICA | AK75: NO APLICA | AL75: NO APLICA | AM75: NO APLICA | AP75: ='NORMAS TRANSVERSALES'!F41 -> LEY DE HACIENDA DEL ESTADO DE CHIHUAHUA | AR75: NO APLICA | AS75: NO APLICA | AT75: NO APLICA | AU75: NO APLICA | AV75: NO APLICA | AW75: NO APLICA | AX75: MANUAL DE ORGANIZACIÓN DIF | AY75: NO APLICA | AZ75: NO APLICA | BA75: 1 | BB75: 2 | BC75: 3 | BD75: NO APLICA | BG75: C.P. ESPIRIDION SÁNCHEZ OLIVAS | BH75: MARIA ELENA SEYFFERT LOPEZ | BJ75: X
